 Dungeon Crawl Stone Soup version 0.30-a0-1053-gbd8d5ba0ad (webtiles) character file.

Game seed: 11294540457798601626

12271089 Turgor the Petrodigitator (level 27, 323/323 HPs)
             Began as a Demonspawn Necromancer on Apr 2, 2023.
             Was an Initiate of Gozag.
             Escaped with the Orb
             ... and 15 runes on Apr 11, 2023!
             The game lasted 1 day 08:33:25 (139134 turns).

Turgor the Petrodigitator (DsNe)              Turns: 139134, Time: 1 , 08:33:26

Health: 323/323    AC: 58    Str: 26    XL:     27
Magic:  54/54      EV: 16    Int: 40    God:    Gozag
Gold:   57337      SH: 32    Dex: 13    Spells: 0/80 levels left

rFire   + + +      SeeInvis .    u - +3 Elemental Staff {rElec rF+ rC+ AC+3}
rCold   + + .      Faith    .    Z - +8 tower shield {reflect}
rNeg    + + +      Spirit   +    M - +8 orange crystal plate armour {Archmagi, Int+3 Clar}
rPois   ∞          Reflect  +    f - +2 hat "Tothuaxt" {Harm Int+2}
rElec   +          Rampage  .    X - +1 cloak "Domor" {Drain rElec Will- Str+10}
rCorr   +          Archmagi +    (gloves unavailable)
Will    ++++.      Clarity  +    p - +0 pair of boots of the Moon {Will++ rCorr}
Stlth   +          Harm     + .  C - amulet of Vitality {RegenMP++ Regen++}
HPRegen 2.33/turn                N - ring "Qeosom" {Wiz rF+ rN+++ Str-2 Slay+3}
MPRegen 1.48/turn                S - ring "Sebbuys" {rF++ Str+3 Int+6}

@: mighty, lich-form, studying 4 skills
A: draining attack, torment immunity, no potions, claws 3, powered by pain 3,
robust 3, magic shield, magic regeneration, magic link, sharp scales 3, clarity,
clever 2
0: Orb of Zot
}: 15/15 runes: decaying, serpentine, slimy, silver, golden, iron, obsidian,
icy, bone, abyssal, demonic, glowing, magical, fiery, dark
a: End Transformation, Renounce Religion, Potion Petition, Call Merchant, Bribe
Branch


You escaped.
You worshipped Gozag.
Gozag was exalted by your worship.
You were an undead lich.
You visited 18 branches of the dungeon, and saw 88 of its levels.
You visited Pandemonium 2 times, and saw 21 of its levels.
You visited the Abyss 1 time.
You visited 2 bazaars.
You completed 7 ziggurats, and saw 189 of their levels.
You also visited: Gauntlet.

You collected 202360 gold pieces.
You spent 10412 gold pieces at shops.
You paid 134611 gold pieces to Gozag.

Inventory:

Hand Weapons
 q - the +7 sceptre of Torment {pain, torment}
   (You found it on level 21 of a ziggurat)
 t - the +2 Maxwell's thermic engine {flame, freeze, rev}
   (You found it on level 27 of a ziggurat)
 u - the +3 Elemental Staff (weapon) {rElec rF+ rC+ AC+3}
   (You found it on level 6 of a ziggurat)

   It enhances your fire, ice, earth and air magic.
   AC:        It affects your AC (+3).
   rF:        It protects you from fire.
   rC:        It protects you from cold.
   rElec:     It insulates you from electricity.
 v - the +8 mithril axe "Arga" {speed, Will+}
   (You found it on level 14 of a ziggurat)

   Will:      It increases your willpower.
 x - the +4 dagger of Optimality {freeze, *Noise +Blink Int+7}
   (You found it on level 1 of the Snake Pit)

   Int:       It affects your intelligence (+7).
   +Blink:    It lets you blink.
   *Noise:    It may make noises in combat.
 F - the +7 lajatang of Order {silver, rMut}
   (You found it on level 20 of a ziggurat)

   rMut:      It protects you from mutation.
 K - the +8 demon trident "Rift" {distort, reach+}
   (You found it on level 20 of a ziggurat)
 U - the +6 Majin-Bo {spellvamp, MP+6 Int+6}
   (You found it on level 20 of a ziggurat)

   Int:       It affects your intelligence (+6).
   MP:        It affects your magic capacity (+6).
 Y - the +8 Wrath of Trog {antimagic, *Rage Rampage}
   (You found it on level 24 of a ziggurat)

   It causes slowness and exhaustion when equipped.
   It extends the wielder's berserk rage when killing foes.
   *Rage:     It berserks you when you make melee attacks (+50% chance).
   Rampage:   It bestows one free step when moving towards enemies.
Missiles
 r - 111 silver javelins (quivered)
Armour
 f - the +2 hat "Tothuaxt" (worn) {Harm Int+2}
   (You acquired it on level 1 of the Depths)

   Int:       It affects your intelligence (+2).
   Harm:      It increases damage dealt and taken.
 h - the +2 shield of Resistance {rF++ rC++ Will++}
   (You found it on level 22 of a ziggurat)

   rF:        It greatly protects you from fire.
   rC:        It greatly protects you from cold.
   Will:      It greatly increases your willpower.
 k - the +3 robe of Clouds {*Thunder rCloud rElec}
   (You found it on level 7 of a ziggurat)

   *Thunder:  It occasionally creates storm clouds above nearby enemies.
   rCloud:    It grants its wearer immunity to clouds.
   rElec:     It insulates you from electricity.
 p - the +0 pair of boots of the Moon (worn) {Will++ rCorr}
   (You bought it in a shop in a bazaar)

   rCorr:     It protects you from acid and corrosion.
   Will:      It greatly increases your willpower.
 A - the +3 hat of Pondering {ponderous, Will+ MP+10 Int+5}
   (You found it on level 23 of a ziggurat)

   Int:       It affects your intelligence (+5).
   MP:        It affects your magic capacity (+10).
   Will:      It increases your willpower.
 M - the +8 orange crystal plate armour (worn) {Archmagi, Int+3 Clar}
   (You acquired it on level 1 of the Realm of Zot)

   Int:       It affects your intelligence (+3).
   Clar:      It protects you against confusion.
 P - the +18 shield of the Gong {Loud rN+ Will+ rCorr EV-5}
   (You found it on level 23 of a ziggurat)

   Loud:      It is deafeningly noisy when blocking attacks.
   EV:        It affects your evasion (-5).
   rN:        It protects you from negative energy.
   rCorr:     It protects you from acid and corrosion.
   Will:      It increases your willpower.
 W - the crystal ball of Wucad Mu {*channel}
   (You found it on level 20 of a ziggurat)

   *Channel:  It often returns the magic spent to cast spells, but lowers their
   success rate.
   It always returns the magic spent on miscasts.
 X - the +1 cloak "Domor" (worn) {Drain rElec Will- Str+10}
   (You found it on level 2 of the Lair of Beasts)

   Str:       It affects your strength (+10).
   rElec:     It insulates you from electricity.
   Drain:     It drains your maximum health when unequipped.
   Will:      It decreases your willpower.
 Z - a +8 tower shield of reflection (worn)
Jewellery
 C - the amulet of Vitality (around neck) {RegenMP++ Regen++}
   (You bought it in a shop on level 1 of the Lair of Beasts)

   [amulet of magic regeneration]

   It increases your rate of magic regeneration.
   Regen:     It increases your rate of health regeneration.
 N - the ring "Qeosom" (left claw) {Wiz rF+ rN+++ Str-2 Slay+3}
   (You bought it in a shop on level 2 of the Elven Halls)

   [ring of wizardry]

   It improves your spell success rate.
   Str:       It affects your strength (-2).
   Slay:      It affects your accuracy & damage with ranged weapons and melee
   (+3).
   rF:        It protects you from fire.
   rN:        It renders you almost immune to negative energy.
 S - the ring "Sebbuys" (right claw) {rF++ Str+3 Int+6}
   (You found it on level 24 of a ziggurat)

   [ring of intelligence]

   Str:       It affects your strength (+3).
   Int:       It affects your intelligence (+6).
   rF:        It greatly protects you from fire.
 T - the ring of Altruism {rN+ Dex+3 SInv}
   (You found it on level 5 of the Pits of Slime)

   [ring of positive energy]

   Dex:       It affects your dexterity (+3).
   rN:        It protects you from negative energy.
   SInv:      It lets you see invisible.
Wands
 L - a wand of light (2)
 R - a wand of digging (5)
Scrolls
 i - 46 scrolls of magic mapping
 m - 55 scrolls of amnesia
 n - 47 scrolls of blinking
 z - 13 scrolls of butterflies
 B - 19 scrolls of fear
 E - 9 scrolls of torment
 G - 172 scrolls of teleportation
 H - 114 scrolls of fog
 O - a scroll of acquirement
Potions
 a - 39 potions of haste
 b - 42 potions of magic
 e - 63 potions of heal wounds
 g - 26 potions of cancellation
 j - 11 potions of resistance
 l - 147 potions of mutation
 o - 40 potions of curing
 s - 4 potions of invisibility
 y - 11 potions of brilliance
 D - 17 potions of attraction
 I - 22 potions of might
 Q - 25 potions of flight
 V - 9 potions of ambrosia
Miscellaneous
 c - 2 +7 figurines of a ziggurat
 d - a box of beasts
 w - a condenser vane
 J - a phantom mirror


   Skills:
 O Level 27 Fighting
 O Level 27 Short Blades
 O Level 27 Long Blades
 O Level 27 Axes
 O Level 27 Maces & Flails
 O Level 27 Polearms
 O Level 27 Staves
 O Level 27 Ranged Weapons
 O Level 27 Throwing
 O Level 27 Armour
 O Level 27 Dodging
 O Level 27 Stealth
 O Level 27 Shields
 O Level 27 Unarmed Combat
 O Level 27 Spellcasting
 O Level 27 Conjurations
 O Level 27 Hexes
 O Level 27 Summonings
 O Level 27 Necromancy
 O Level 27 Translocations
 O Level 27 Transmutations
 O Level 27 Fire Magic
 O Level 27 Ice Magic
 O Level 27 Air Magic
 O Level 27 Earth Magic
 O Level 27 Poison Magic
 O Level 27 Invocations
 O Level 27 Evocations


You couldn't memorise any spells.
You knew the following spells:

 Your Spells              Type           Power      Damage    Failure   Level
a - Polar Vortex          Ice            92%        N/A       1%          9
b - Spellforged Servitor  Conj/Summ      79%        N/A       1%          7
c - Ignition              Fire           92%        3d23      1%          8
d - Iron Shot             Conj/Erth      92%        9d17      0%          6
e - Infestation           Necr           92%        N/A       1%          8
f - Borgnjor's Revivific  Necr           92%        N/A       1%          8
h - Passage of Golubria   Tloc           100%       N/A       0%          4
i - Shatter               Erth           92%        3d66*     1%          9
k - Necromutation         Tmut/Necr      92%        N/A       1%          8
v - Borgnjor's Vile Clut  Necr/Erth      100%       N/A       0%          5
x - Lehudib's Crystal Sp  Conj/Erth      92%        10d20     1%          8

Your spell library contained the following spells:

 Spells                   Type           Power      Damage    Failure   Level
 Apportation              Tloc           100%       N/A       0%          1
 Beastly Appendage        Tmut           100%       N/A       0%          1
 Foxfire                  Conj/Fire      100%       2x1d9     0%          1
 Freeze                   Ice            100%       1d10      0%          1
 Kiss of Death            Conj/Necr      100%       2d13      0%          1
 Magic Dart               Conj           100%       1d8       0%          1
 Necrotise                Necr           100%       1d9       0%          1
 Sandblast                Erth           100%       2d20      0%          1
 Shock                    Conj/Air       100%       1d9       0%          1
 Slow                     Hex            100%       N/A       0%          1
 Sting                    Tmut/Pois      100%       1d8       0%          1
 Summon Small Mammal      Summ           100%       N/A       0%          1
 Blink                    Tloc           100%       N/A       0%          2
 Call Imp                 Summ           100%       N/A       0%          2
 Cigotuvi's Dreadful Rot  Necr/Pois/Air  100%       N/A       0%          2
 Ensorcelled Hibernation  Hex/Ice        100%       N/A       0%          2
 Lesser Beckoning         Tloc           100%       N/A       0%          2
 Momentum Strike          Conj/Tloc      100%       3d10      0%          2
 Passwall                 Tmut/Erth      100%       N/A       0%          2
 Poisonous Vapours        Pois/Air       100%       N/A       0%          2
 Scorch                   Fire           100%       2d9       0%          2
 Searing Ray              Conj           100%       2d8       0%          2
 Static Discharge         Conj/Air       100%       2-7/arc   0%          2
 Sublimation of Blood     Necr           100%       N/A       0%          2
 Wereblood                Tmut           100%       N/A       0%          2
 Call Canine Familiar     Summ           100%       N/A       0%          3
 Confusing Touch          Hex            100%       N/A       0%          3
 Dazzling Flash           Conj/Hex       100%       N/A       0%          3
 Frozen Ramparts          Ice            100%       1d16      0%          3
 Gell's Gravitas          Tloc           100%       N/A       0%          3
 Hailstorm                Conj/Ice       100%       3d20      0%          3
 Ignite Poison            Fire/Tmut/Pois 100%       N/A       0%          3
 Inner Flame              Hex/Fire       100%       N/A       0%          3
 Mephitic Cloud           Conj/Pois/Air  100%       N/A       0%          3
 Ozocubu's Armour         Ice            100%       N/A       0%          3
 Portal Projectile        Hex/Tloc       100%       N/A       0%          3
 Spider Form              Tmut/Pois      100%       N/A       0%          3
 Stone Arrow              Conj/Erth      100%       3d13      0%          3
 Summon Guardian Golem    Hex/Summ       100%       N/A       0%          3
 Swiftness                Air            100%       N/A       0%          3
 Teleport Other           Tloc           100%       N/A       0%          3
 Tukima's Dance           Hex            100%       N/A       0%          3
 Vampiric Draining        Necr           100%       2d13      0%          3
 Vhi's Electric Charge    Tloc/Air       100%       N/A       0%          3
 Volatile Blastmotes      Fire/Tloc      100%       2d18      0%          3
 Airstrike                Air            92%        2d(14-30) 0%          4
 Anguish                  Hex/Necr       92%        N/A       0%          4
 Animate Armour           Summ/Erth      100%       N/A       0%          4
 Cause Fear               Hex            79%        N/A       0%          4
 Dispel Undead            Necr           100%       3d31      0%          4
 Flame Wave               Conj/Fire      100%       2d21      0%          4
 Fulminant Prism          Conj/Hex       79%        3d31      0%          4
 Ice Form                 Ice/Tmut       100%       N/A       0%          4
 Iskenderun's Mystic Bla  Conj/Tloc      100%       2d19      0%          4
 Leda's Liquefaction      Hex/Erth       92%        N/A       0%          4
 Manifold Assault         Tloc           100%       N/A       0%          4
 Olgreb's Toxic Radiance  Pois           100%       N/A       0%          4
 Petrify                  Tmut/Erth      100%       N/A       0%          4
 Sticky Flame             Conj/Fire      100%       2d11      0%          4
 Summon Ice Beast         Ice/Summ       100%       N/A       0%          4
 Summon Lightning Spire   Summ/Air       100%       N/A       0%          4
 Agony                    Necr           100%       N/A       0%          5
 Alistair's Intoxication  Tmut/Pois      100%       N/A       0%          5
 Arcjolt                  Conj/Air       92%        1d102     0%          5
 Blade Hands              Tmut           79%        N/A       0%          5
 Fireball                 Conj/Fire      92%        3d34      0%          5
 Freezing Cloud           Conj/Ice/Air   100%       6-21      0%          5
 Irradiate                Conj/Tmut      79%        3d38      0%          5
 Iskenderun's Battlesphe  Conj           100%       2d15      0%          5
 Lee's Rapid Deconstruct  Erth           92%        3d41*     0%          5
 Metabolic Englaciation   Hex/Ice        92%        N/A       0%          5
 Silence                  Hex/Air        92%        N/A       0%          5
 Summon Forest            Summ/Tloc      79%        N/A       0%          5
 Summon Mana Viper        Hex/Summ       100%       N/A       0%          5
 Yara's Violent Unravell  Hex/Tmut       79%        3d29      0%          5
 Conjure Ball Lightning   Conj/Air       92%        3x3d35    0%          6
 Death Channel            Necr           92%        N/A       0%          6
 Dispersal                Tloc           79%        N/A       0%          6
 Eringya's Noxious Bog    Tmut/Pois      79%        N/A       0%          6
 Plasma Beam              Fire/Air       100%       2x1d131   0%          6
 Starburst                Conj/Fire      92%        6d23      0%          6
 Statue Form              Tmut/Erth      100%       N/A       0%          6
 Summon Cactus Giant      Summ           79%        N/A       0%          6
 Dragon Form              Tmut           79%        N/A       1%          7
 Enfeeble                 Hex            79%        N/A       1%          7
 Haunt                    Necr/Summ      92%        N/A       1%          7
 Malign Gateway           Summ/Tloc      79%        N/A       1%          7
 Monstrous Menagerie      Summ           79%        N/A       1%          7
 Orb of Destruction       Conj           79%        9d18      1%          7
 Ozocubu's Refrigeration  Ice            92%        4d28      1%          7
 Storm Form               Tmut/Air       92%        N/A       1%          7
 Summon Hydra             Summ           79%        N/A       1%          7
 Discord                  Hex            79%        N/A       1%          8
 Disjunction              Tloc           79%        N/A       1%          8
 Maxwell's Capacitive Co  Air            92%        ∞         1%          8
 Summon Horrible Things   Summ           79%        N/A       1%          8
 Chain Lightning          Conj/Air       92%        3d123     1%          9
 Death's Door             Necr           92%        N/A       1%          9
 Dragon's Call            Summ           79%        N/A       1%          9
 Fire Storm               Conj/Fire      92%        8d23      1%          9
 Animate Dead             Necr           Unusable   N/A       N/A         4
 Simulacrum               Ice/Necr       Unusable   N/A       N/A         6

Dungeon Overview and Level Annotations

Branches:
Dungeon (15/15)            Temple (1/1) D:6            Lair (5/5) D:9
  Swamp (4/4) Lair:2        Snake (4/4) Lair:2        Slime (5/5) Lair:4
    Orc (2/2) D:9             Elf (3/3) Orc:2        Vaults (5/5) D:14
  Crypt (3/3) Vaults:2       Tomb (3/3) Crypt:3      Depths (4/4) D:15
   Hell (visited)             Dis (7/7) Hell            Geh (7/7) Hell
    Coc (7/7) Hell            Tar (7/7) Hell            Zot (5/5) Depths:4
Gauntlet (visited)

Altars:
Ashenzari
Cheibriados
Dithmenos
Fedhas
Gozag
Hepliaklqana
Kikubaaqudgha
Makhleb
Nemelex Xobeh
Okawaru
Qazlal
Ru
Sif Muna
Trog
Uskayaw
Vehumet
Wu Jian
Xom
Yredelemnul
Jiyva

Shops:
D:5 (   D:6 *   Orc:2 [*:([   Elf:1 [   Elf:2 ?*?=(   Lair:1 =:*=(   Snake:3 *
Snake:4 ([   Vaults:4 :   Vaults:5 =

Portals:
Hell: Depths:1 Depths:2 Depths:3 Depths:4
Abyss: Depths:3
Pandemonium: Depths:2


Innate Abilities, Weirdness & Mutations

You are an undead lich.
Your unarmed attacks are suffused with negative energy.
You are immune to unholy pain and torment.
Your necromantic spells are more powerful.
You cannot drink.
You are immune to poison.
You have claws for hands.
You are powered by pain.
You are extremely robust. (+30% HP)
When hurt, damage is shared between your health and your magic reserves.
You regenerate magic rapidly.
When low on magic, you restore magic in place of health.
You are completely covered in razor-sharp scales. (AC +3, Slay +3)
You possess an exceptional clarity of mind.
Your mind is very acute. (Int +8, Str/Dex -2)


Message History

Your body is suffused with negative energy!
Casting: Necromutation (mildly dangerous; 1% risk of failure)
Confirm with . or Enter, or press ? or * to list all spells.
Aiming: Lehudib's Crystal Spear (mildly dangerous; 1% risk of failure)
Press: ? - help, Shift-Dir - straight line, f - you
Okay, then.
Unknown command.
The Hell Sentinel gestures at you.
The sphere of damnation explodes!
The damnation engulfs you!!
You focus on the pain.
You feel very mighty all of a sudden.
Casting: Lehudib's Crystal Spear (mildly dangerous; 1% risk of failure)
Confirm with . or Enter, or press ? or * to list all spells.
Aiming: Lehudib's Crystal Spear (mildly dangerous; 1% risk of failure)
Press: ? - help, Shift-Dir - straight line, f - Hell Sentinel
Aim: a Hell Sentinel (99% to hit)
You feel a strong surge of power!
The crystal spear hits the Hell Sentinel!!!!
You kill the Hell Sentinel!
(D) Dungeon (T) Temple (L) Lair (S) Swamp (P) Snake Pit (M) Slime Pits (O) Orcish Mines (E) Elven Halls (V) Vaults (C) Crypt (W) Tomb (U) Depths (H) Hell (I) Dis (G) Gehenna (X) Cocytus (Y) Tartarus (Z) Zot
Where to? (Enter - D:1, ? - help) HP restored.
Magic restored.
There is an escape hatch in the ceiling here.
A mysterious force pulls you upwards. The hatch slams shut behind you.
There is a stone staircase leading up here.
You climb upwards.
There is a stone staircase leading down here.
There is a stone staircase leading up here.
You climb upwards.
There is a stone staircase leading down here.
There is a stone staircase leading up here.
You climb upwards.
There is a stone staircase leading down here.
There is an open door here.
There is a staircase leading out of the dungeon here.
You have escaped!

#.#...###.#.##.####(.#####
#'#######+####.# ##.#
##.........## #.#####.#
##...#####...###....##.#
##.#.#.###.#.#.#####.##.#
##.##.##.#.##.##.## #....#
##.###.###.###.###.###.########
###.####.##.#.##.####.##.####...#
.+.........###..L......'.##......
.#..####.### ###.####..#.##.#....
.#.#.###.# #.###.#.####.##.#.
##.##.#.## ##.#.##.# #.##.#.
##.###.## ##.###.# #.##.#.
.#.##.#.## ##.#.##.# #.##.#.
.#.#.###.# #.###.#.####......
.#..####.### ###.####..#.....#.##
.'.........###.........'...#.#...


There were no monsters in sight!

Vanquished Creatures
  Cerebov (Pan)
  Asmodeus (Geh:7)
  Antaeus (Coc:7)
  the Royal Jelly (Slime:5)
  Ignacio (Pan)
  4 seraphim
  Gloorx Vloq (Pan)
  the Serpent of Hell (Geh:7)
  Mnoleg (Pan)
  Lom Lobon (Pan)
  The ghost of Jiheses the Archmage, a legendary DEAE of Vehumet (Zig:13)
  The ghost of Fafaadel the Archmage, a legendary DECj of Vehumet (Zig:13)
  The ghost of Fafaadel the Archmage, a legendary DECj of Vehumet (Zig:13)
  The ghost of Betuluewk the Archmage, a legendary DESu of Vehumet (Zig:13)
  Dispater (Dis:7)
  66 dread liches
  23 orbs of fire
  79 ancient liches
  60 juggernauts
  A juggernaut (shapeshifter) (Zig:23)
  6 royal mummies
  91 shard shrikes
  140 Killer Klowns
  Margery (Crypt:3)
  Saint Roka (Orc:2)
  149 caustic shrikes
  427 pandemonium lords
  The ghost of Hiz Mun the Phalangite, a veteran MfGl of Yredelemnul (Zig:13)
  Geryon (Hell)
  6 curse toes
  228 golden dragons
  2 golden dragons (shapeshifter) (Zig:26)
  41 profane servitors
  77 bone dragons
  40 pearl dragons
  92 Brimstone Fiends
  15 doom hounds
  121 hellephants
  2 iron giants (shapeshifter)
  54 iron giants
  A walking crystal tome (Zig:25)
  137 tentacled monstrosities
  58 Tzitzimimeh
  209 Ice Fiends
  40 electric golems
  101 Hell Sentinels
  48 Orb Guardians
  38 quicksilver dragons
  12 tainted leviathans
  Grunn (Zot:1)
  71 liches
  Jorgrun (D:14)
  An acid blob (shapeshifter) (Zig:17)
  65 deep elf blademasters
  170 titans
  69 deep elf master archers
  2 walking divine tomes (Zig:25)
  177 acid blobs
  70 searing wretches
  Murray (Hell)
  9 quicksilver dragons (shapeshifter)
  60 tentacled starspawn
  106 Executioners
  Gastronok (Lair:1)
  4 death cobs
  8 sphinxes (shapeshifter)
  86 ancient champions
  9 shadow dragons (shapeshifter)
  2 thorn hunters
  Kirke (Swamp:4)
  2 eldritch tentacles
  32 shadow dragons
  60 sphinxes
  77 storm dragons
  The ghost of Femo Sell the Carver, an adept BaCj of Sif Muna (Snake:2)
  Frances (Swamp:2)
  Donald (Swamp:3)
  29 tengu reavers
  A storm dragon (shapeshifter) (Zig:26)
  79 fire giants
  Roxanne (D:15)
  80 revenants
  53 rockslimes
  124 narguns
  62 azure jellies
  32 daevas
  8 fenstrider witches
  15 fenstrider witches (shapeshifter)
  9 frost giants (shapeshifter)
  122 nagarajas
  68 demonspawn warmongers
  6 fire giants (shapeshifter)
  6 azure jellies (shapeshifter)
  113 draconian knights
  131 balrugs
  2 ghost moths (shapeshifter)
  50 vault wardens
  30 deep elf sorcerers
  A caustic shrike zombie (Depths:3)
  57 draconian monks
  69 draconian scorchers
  76 emperor scorpions
  76 frost giants
  129 ghost moths
  43 angels
  2 iron dragons (shapeshifter)
  3 emperor scorpions (shapeshifter)
  44 iron dragons
  7 deep elf elementalists
  69 draconian shifters
  29 quicksilver elementals
  46 curse skulls
  4 spectral caustic shrikes
  83 draconian stormcallers
  83 orc warlords
  14 ghouls
  A caustic shrike skeleton (Crypt:3)
  4 shard shrike simulacra
  98 stone giants
  47 quicksilver oozes
  2 quicksilver oozes (shapeshifter)
  29 ophanim
  79 reapers
  36 ironbound preservers
  67 war gargoyles
  119 very ugly things
  88 demonspawn corrupters
  73 draconian annihilators
  76 demonspawn blood saints
  A broodmother (shapeshifter) (Zig:7)
  66 demonspawn black suns
  54 vampire knights
  8 ironbound thunderhulks
  90 cacodemons
  9 stone giants (shapeshifter)
  20 broodmothers
  62 lorocyprocas
  Nessos (D:13)
  16 elemental wellsprings
  11 eleionomae (shapeshifter)
  8 putrid mouths
  The ghost of 2tousent the Unseen, a journeyman KoBr of Uskayaw (Lair:5)
  6 bennus (Tomb:1)
  80 deep elf demonologists
  10 dire elephants (shapeshifter)
  25 eleionomae
  70 dire elephants
  35 white draconians
  49 yellow draconians
  40 apis
  The ghost of steamdo11 the Spry, a journeyman FeSu of Gozag (Snake:1)
  37 red draconians
  A bunyip (shapeshifter) (Zig:27)
  Azrael (D:12)
  37 green draconians
  A yellow draconian (shapeshifter) (Zig:22)
  44 spark wasps
  95 deep elf annihilators
  38 purple draconians
  23 bunyips
  48 black draconians
  A minotaur (Gauntlet)
  104 wendigos
  The ghost of Wulextidd the Cleaver, a journeyman HOCA of Ignis (D:13)
  A minotaur (shapeshifter) (Zig:7)
  10 crystal guardians
  36 iron golems
  186 green deaths
  3 spark wasps (shapeshifter)
  Josephine (D:10)
  49 ettins
  65 eidola
  43 merfolk javelineers
  46 deep elf death magi
  39 great orbs of eyes
  A spectral iron giant (Tar:5)
  137 blizzard demons
  25 fire dragons
  19 jiangshi
  23 mummy priests
  104 shambling mangroves
  125 entropy weavers
  A great orb of eyes (shapeshifter) (Zig:22)
  2 quicksilver dragon zombies
  3 entropy weavers (shapeshifter)
  3 spectral spriggans
  53 yaktaur captains
  28 merfolk impalers
  2 spriggan zombies
  53 ice dragons
  39 vault guards
  5 ice dragons (shapeshifter)
  2 quicksilver dragon skeletons (Pan)
  Erolcha (Elf:3)
  12 juggernaut simulacra
  181 hydras
  60 catoblepae
  13 caustic shrike simulacra
  71 deep elf high priests
  4 hydras (shapeshifter)
  8 rakshasas
  52 hell beasts
  2 peacekeepers (Vaults:4)
  11 anacondas (shapeshifter)
  17 centaur warriors
  72 salamander tyrants
  47 spriggan air magi
  A two-headed ogre (shapeshifter) (Zig:27)
  3 catoblepae (shapeshifter)
  15 ghost crabs
  56 merfolk aquamancers
  A fenstrider witch skeleton (Pan)
  13 alligator snapping turtles (shapeshifter)
  30 anacondas
  2 spriggan skeletons (Crypt:3)
  A boulder beetle (shapeshifter) (Zig:22)
  33 boulder beetles
  14 jorogumos
  30 alligators
  A radroach (shapeshifter) (Zig:13)
  24 radroaches
  27 ogre magi
  4 ironbound frosthearts
  3 merfolk avatars (Zig:25)
  23 death yaks
  12 stokers
  28 two-headed ogres
  8 tengu warriors
  133 dancing weapons
  13 satyrs
  18 alligator snapping turtles
  43 naga warriors
  4 deep troll earth magi
  A bennu skeleton (Crypt:3)
  53 hell hogs
  68 shock serpents
  92 death scarabs
  2 deep troll shamans (Depths:3)
  74 orc high priests
  3 death yaks (shapeshifter)
  2 satyrs (shapeshifter)
  78 vampire magi
  Urug (D:11)
  44 thrashing horrors
  A spectral dire elephant (Tar:4)
  4 holy swine (Pan)
  3 shock serpents (shapeshifter)
  62 soul eaters
  73 sun demons
  Nergalle (Lair:1)
  A titan zombie (Hell)
  109 deep elf knights
  20 skysharks
  7 spriggan berserkers
  69 naga sharpshooters
  70 wretched stars
  14 hell knights
  26 iron trolls
  48 shadow wraiths
  3 fire crabs (shapeshifter)
  9 iron trolls (shapeshifter)
  26 crystal echidnas
  61 sixfirhies
  5 death drakes (shapeshifter)
  2 golden dragon zombies (Depths:3)
  22 skeletal warriors
  3 goliath frogs (shapeshifter)
  46 pharaoh ants
  2 titan skeletons (Crypt:3)
  41 flayed ghosts
  9 nameless horrors
  8 fire crabs
  A skyshark (shapeshifter) (Zig:11)
  116 death drakes
  4 quicksilver dragon simulacra
  63 spriggan druids
  A storm dragon skeleton (Crypt:3)
  16 salamander mystics
  57 shadow demons
  17 sun moths
  41 cherubim
  2 deep trolls (shapeshifter)
  148 large abominations
  7 sea snakes (shapeshifter)
  18 spatial maelstroms
  2 orb spiders (shapeshifter) (Zig:23)
  21 glowing orange brains
  9 glowing orange brains (shapeshifter)
  32 sea snakes
  15 obsidian statues
  10 bog bodies
  7 swamp dragons (shapeshifter)
  52 deep trolls
  2 spectral iron dragons
  11 orange crystal statues
  27 naga ritualists
  127 swamp dragons
  14 goliath frogs
  71 orb spiders
  7 steelbarb worms (shapeshifter)
  100 deep elf archers
  6 lindwurms (shapeshifter)
  A shadow dragon zombie (Depths:3)
  17 wizards
  41 steelbarb worms
  6 harpies (shapeshifter)
  A fenstrider witch simulacrum (Coc:1)
  A spectral hydra (Tar:4)
  A golden dragon skeleton (Zig:13)
  A bunyip skeleton (Crypt:3)
  41 orc knights
  12 lindwurms
  A tengu zombie (Depths:3)
  38 ironbound convokers
  51 phantasmal warriors
  9 wolf spiders (shapeshifter)
  A glowing shapeshifter (Zig:13)
  8 mana vipers (shapeshifter)
  58 harpies
  3 iron dragon zombies
  5 shining eyes (shapeshifter)
  145 deep elf pyromancers
  51 shining eyes
  35 mana vipers
  22 necromancers
  69 orc sorcerers
  42 wolf spiders
  8 cyclopes (shapeshifter)
  23 will-o-the-wisps
  10 worldbinders
  130 deep elf zephyrmancers
  21 oklob plants
  4 fauns (Zig:12)
  29 manticores
  7 manticores (shapeshifter)
  2 spectral ettins
  9 fauns (shapeshifter)
  19 salamanders
  80 ugly things
  89 moths of wrath
  37 cyclopes
  A dire elephant zombie (Crypt:1)
  3 elephants (shapeshifter)
  4 moths of wrath (shapeshifter)
  A stone giant skeleton (Tomb:1)
  3 toenail golems
  2 salamanders (shapeshifter)
  21 rust devils
  12 merfolk sirens
  46 vault sentinels
  142 black mambas
  65 naga magi
  26 elephants
  24 ice statues
  95 smoke demons
  76 apocalypse crabs
  6 water nymphs (shapeshifter)
  50 orange demons
  20 eyes of devastation
  57 guardian serpents
  2 guardian serpents (shapeshifter)
  47 water nymphs
  4 molten gargoyles (Geh:7)
  10 titan simulacra
  130 torpor snails
  57 demonic crawlers
  2 storm dragon simulacra
  4 gargoyles
  4 eyes of devastation (shapeshifter)
  A rime drake (shapeshifter) (Zig:27)
  2 centaur skeletons
  A cane toad (shapeshifter) (Zig:11)
  68 cane toads
  2 dire elephant skeletons
  5 unseen horrors
  7 torpor snails (shapeshifter)
  An unseen horror zombie (Crypt:1)
  17 freezing wraiths
  A black draconian zombie (Crypt:1)
  13 efreet
  4 komodo dragons (shapeshifter)
  47 komodo dragons
  34 yaktaurs
  4 yaktaurs (shapeshifter)
  82 hellions
  2 tengu conjurers
  2 iron giant simulacra
  A bunyip simulacrum (Crypt:1)
  A white draconian skeleton (Crypt:3)
  48 rime drakes
  106 tormentors
  7 golden dragon simulacra
  2 anaconda simulacra
  37 guardian mummies
  33 ice devils
  3 meliai (shapeshifter)
  2 queen bees (shapeshifter) (Zig:27)
  A spectral naga (Tar:1)
  47 hellwings
  62 ancient zymes
  A sea snake skeleton (Crypt:1)
  3 wind drakes (shapeshifter)
  4 silent spectres
  46 trolls
  153 hornets
  14 polar bears
  23 wind drakes
  27 red devils
  5 bloated husks
  2 polar bears (shapeshifter)
  11 meliai
  A shadow dragon simulacrum (Zig:22)
  4 harpy skeletons
  5 merfolk (shapeshifter)
  14 tyrant leeches
  2 hornets (shapeshifter) (Zig:26)
  116 merfolk
  A queen bee (Lair:1)
  6 tengu simulacra
  6 tarantellas (shapeshifter)
  2 sphinx simulacra
  20 snapping turtles
  39 tarantellas
  4 dream sheep (shapeshifter)
  45 blink frogs
  5 iron dragon simulacra
  50 raiju
  A spectral swamp dragon (Tar:1)
  A raiju (shapeshifter) (Zig:18)
  13 snapping turtles (shapeshifter)
  5 dream sheep
  3 hydra skeletons
  2 stone giant simulacra (Coc:7)
  A radroach zombie (Crypt:1)
  34 jumping spiders
  54 air elementals
  A jumping spider (shapeshifter) (Zig:27)
  Sigmund (D:2)
  A centaur simulacrum (Gauntlet)
  19 flying skulls
  209 slime creatures
  5 slime creatures (shapeshifter)
  27 wyverns
  4 spriggans (shapeshifter)
  19 spriggans
  45 water elementals
  2 shadows
  An ice dragon skeleton (Crypt:3)
  26 culicivoras
  4 culicivoras (shapeshifter)
  5 wraiths
  4 dire elephant simulacra
  A satyr skeleton (Crypt:2)
  14 ushabtiu
  4 vampires
  A hog (shapeshifter) (Zig:13)
  A fire bat (shapeshifter) (Zig:22)
  137 starcursed masses
  64 ynoxinuls
  4 yaks (shapeshifter)
  84 yaks
  2 hogs (Swamp:4)
  34 golden eyes
  46 fire elementals
  55 redbacks
  47 neqoxecs
  19 steam dragons
  10 swamp worms (shapeshifter)
  A redback simulacrum (Gauntlet)
  13 basilisks
  48 wargs
  5 redbacks (shapeshifter)
  12 vampire mosquitoes
  84 chaos spawn
  Menkaure (D:5)
  3 glowing shapeshifter zombies (Depths:3)
  6 small abominations
  8 spatial vortices
  A fire bat zombie (Crypt:3)
  10 harpy simulacra
  78 nagas
  17 acid dragons
  A naga zombie (Tomb:2)
  A human simulacrum (Vaults:4)
  96 water moccasins
  A human zombie (Depths:3)
  15 swamp worms
  18 hell hounds
  A water moccasin (shapeshifter) (Zig:26)
  Duvessa (D:7)
  7 floating eyes (shapeshifter)
  2 naga skeletons
  11 floating eyes
  25 swamp drakes
  3 ettin simulacra
  18 ice beasts
  An ice beast (shapeshifter) (Zig:26)
  252 orc warriors
  An ice dragon simulacrum (Gauntlet)
  3 black bears
  A black bear (shapeshifter) (Zig:21)
  100 ogres
  A sky beast (D:6)
  4 wolves (shapeshifter)
  6 spriggan simulacra
  9 boggarts
  9 centaurs
  A centaur (shapeshifter) (Zig:22)
  18 wolves
  3 kobold brigands
  12 bullfrogs
  2 elf zombies (Elf:1)
  A yaktaur zombie (Crypt:2)
  A necrophage (Crypt:2)
  4 gnoll sergeants
  6 scorpions
  18 wights
  28 earth elementals
  7 glowing shapeshifter simulacra
  A hornet simulacrum (Gauntlet)
  Dowan (D:7)
  A killer bee (shapeshifter) (Zig:22)
  23 killer bees
  5 electric eels
  12 howler monkeys
  A crimson imp (Zig:26)
  A quasit (Zig:18)
  2 lava snakes (Lair:2)
  A hound (D:4)
  39 orc priests
  Crazy Yiuf (D:4)
  4 gnoll boudas
  2 sleepcaps
  Ijyb (D:4)
  17 hell rats
  33 orc wizards
  Natasha (twice) (D:4)
  3 iguanas
  8 lightning spires
  A killer bee zombie (Crypt:1)
  2 boggart simulacra (Gauntlet)
  35 mummies
  Robin (D:3)
  16 gnolls
  22 adders
  A shadow imp (Zig:22)
  A swamp drake skeleton (Crypt:3)
  2 white imps
  4 ufetubi
  4 worms
  5 dart slugs
  34 orcs
  4 endoplasms
  3 giant cockroaches
  13 goblins
  10 hobgoblins
  18 kobolds
  2 quokkas (D:2)
  8 ball pythons
  2 bats
  4 frilled lizards
  An orc zombie (Crypt:2)
  4 rats
  2 ball lightnings (Zig:20)
  4 blocks of ice (Zig:11)
  A creeping inferno (Zot:4)
  10 fire vortices
  2 fulminant prisms (Pan)
  27 starspawn tentacles
17185 creatures vanquished.

Vanquished Creatures (collateral kills)
  Ereshkigal (Tar:7)
  A seraph (Pan)
  6 dread liches
  6 ancient liches
  An orb of fire (Zot:2)
  A juggernaut (Zig:19)
  Sojobo (Crypt:3)
  14 royal mummies
  6 Killer Klowns
  A shard shrike (Zig:19)
  Vv (Zot:4)
  Frederick (Depths:1)
  2 caustic shrikes (Dis:4)
  33 pandemonium lords
  8 golden dragons
  2 pearl dragons
  19 bone dragons
  2 hellephants
  An electric golem (Zot:5)
  5 Brimstone Fiends
  4 doom hounds (Tar:7)
  2 liches
  6 tentacled monstrosities
  A shard shrike skeleton (Crypt:3)
  6 Hell Sentinels
  7 Orb Guardians
  3 searing wretches
  6 tainted leviathans
  A walking earthen tome (Zig:26)
  An Ice Fiend (Pan)
  2 deep elf master archers
  A deep elf blademaster (Zig:24)
  6 titans
  5 ancient champions
  A quicksilver dragon (Zig:24)
  A sphinx (Zig:18)
  A walking frostbound tome (Zig:21)
  6 Executioners
  22 acid blobs
  6 tentacled starspawn
  A thorn hunter (Abyss:3)
  An eldritch tentacle (Zig:22)
  3 tengu reavers
  2 daevas
  2 storm dragons
  2 shadow dragons
  4 nagarajas
  A draconian knight (Zig:22)
  A draconian monk (Zig:22)
  4 narguns
  4 emperor scorpions
  5 revenants
  5 azure jellies
  14 rockslimes
  3 demonspawn warmongers (Pan)
  4 fire giants
  A deep elf sorcerer (Depths:1)
  6 frost giants
  4 quicksilver elementals
  A ghost moth (Zot:1)
  2 vault wardens (Vaults:5)
  An emperor scorpion (shapeshifter) (Zig:22)
  2 draconian scorchers
  18 balrugs
  A spectral caustic shrike (Tar:4)
  2 orc warlords
  9 curse skulls
  3 juggernaut zombies (Depths:3)
  2 draconian shifters
  11 iron dragons
  8 demonspawn blood saints
  3 draconian annihilators
  8 very ugly things
  A ghoul (Crypt:2)
  4 cacodemons (Pan)
  7 stone giants
  2 draconian stormcallers
  8 angels
  7 ophanim
  2 demonspawn corrupters (Pan)
  4 war gargoyles
  2 quicksilver oozes
  A juggernaut skeleton (Crypt:3)
  7 reapers
  4 vampire knights
  2 caustic shrike skeletons (Crypt:3)
  6 demonspawn black suns (Pan)
  2 putrid mouths
  3 green draconians
  A deep elf demonologist (Zig:24)
  14 apis
  9 red draconians
  A lorocyproca (Zig:18)
  3 deep elf annihilators
  A black draconian (Zig:10)
  2 purple draconians
  12 bennus
  A minotaur (D:13)
  2 spark wasps (Depths:3)
  A spectral titan (Tar:4)
  4 white draconians
  A yellow draconian (Zot:4)
  8 crystal guardians (Depths:2)
  8 ettins
  7 green deaths
  15 mummy priests
  3 deep elf death magi
  3 eidola
  5 jiangshi
  5 iron golems
  15 blizzard demons
  A merfolk impaler (Zig:25)
  A yaktaur captain (Vaults:5)
  15 fire dragons
  2 nameless horrors
  5 entropy weavers
  2 great orbs of eyes
  3 spriggan zombies
  A merfolk javelineer (Zig:25)
  3 hydras
  3 deep elf high priests
  A spriggan air mage (Depths:1)
  19 salamander tyrants
  5 ice dragons
  A rakshasa (Depths:3)
  A hell beast (Pan)
  2 ogre magi (Depths:1)
  2 spriggan skeletons
  3 jorogumos
  A fenstrider witch skeleton (Pan)
  2 merfolk aquamancers (Zig:25)
  A stoker (Geh:7)
  An alligator snapping turtle (shapeshifter) (Zig:8)
  An alligator snapping turtle (Zig:25)
  A death knight (Crypt:1)
  A tengu warrior (Depths:1)
  A radroach (Zig:20)
  A titan zombie (Tomb:2)
  3 deep troll earth magi
  8 hell hogs
  3 vampire magi
  An azure jelly zombie (Crypt:2)
  19 death scarabs
  2 holy swine (Pan)
  4 spriggan berserkers
  8 thrashing horrors
  A spectral naga (Tar:1)
  A shock serpent (Pan)
  2 naga sharpshooters
  26 sun demons
  13 dancing weapons
  3 orc high priests
  22 soul eaters
  5 hell knights
  7 wretched stars
  3 crystal echidnas (Dis:6)
  2 deep elf knights (Zig:24)
  2 spriggans
  7 sixfirhies (Pan)
  16 skeletal warriors
  2 storm dragon zombies
  2 iron trolls
  3 sun moths
  2 titan skeletons (Crypt:3)
  A golden dragon zombie (Depths:3)
  An elf simulacrum (Tomb:3)
  An anaconda zombie (Crypt:1)
  6 cherubim
  3 glowing orange brains
  A sea snake (Zig:2)
  4 spatial maelstroms
  A shadow demon (Pan)
  3 flayed ghosts
  2 swamp dragons
  An orb spider (Zig:16)
  4 deep trolls
  A shadow dragon zombie (Depths:3)
  A spriggan simulacrum (Crypt:1)
  4 tengu zombies
  4 phantasmal warriors
  3 steelbarb worms
  A lindwurm (shapeshifter) (Zig:18)
  A deep elf pyromancer (Zig:4)
  4 deep elf zephyrmancers
  2 sphinx zombies (Depths:3)
  2 orc knights
  2 necromancers (Crypt:1)
  9 orc sorcerers
  An iron dragon zombie (Depths:3)
  A wolf spider (Zig:20)
  A manticore (Zig:25)
  A manticore (shapeshifter) (Zig:18)
  A fire giant zombie (Depths:3)
  2 shining eyes
  10 ugly things
  A spectral ettin (Tar:4)
  A merfolk siren (Zig:25)
  5 rust devils
  2 ice statues (Pan)
  3 centaur zombies
  2 moths of wrath
  A vault sentinel (Vaults:5)
  A molten gargoyle (Geh:7)
  A naga mage (Snake:4)
  A water nymph (Zig:25)
  15 apocalypse crabs
  2 torpor snails
  27 smoke demons
  2 black mambas
  6 demonic crawlers (Pan)
  4 eyes of devastation
  6 orange demons (Pan)
  2 torpor snails (shapeshifter)
  5 hellions
  A pale draconian zombie (Crypt:1)
  A freezing wraith (Crypt:1)
  An alligator snapping turtle skeleton (Crypt:3)
  A centaur skeleton (Pan)
  5 tormentors
  2 efreet (Pan)
  A rime drake (Zig:5)
  4 yaktaurs (Vaults:5)
  24 guardian mummies
  6 ancient zymes (Zig:26)
  4 red devils
  A harpy zombie (Tomb:3)
  2 ice devils
  3 trolls
  A tyrant leech (Zot:5)
  13 hellwings (Pan)
  2 hornets
  7 merfolk (Zig:25)
  A wind drake (Zig:2)
  3 raiju
  A tarantella (Zig:16)
  3 harpy skeletons (Crypt:3)
  38 slime creatures
  An air elemental (Zig:24)
  14 ushabtiu
  24 flying skulls
  A spriggan (shapeshifter) (Zig:22)
  5 water elementals
  17 ynoxinuls
  An ettin skeleton (Pan)
  An ice dragon skeleton (Pan)
  A yak (Lair:4)
  A wraith (Crypt:1)
  A starcursed mass (Zig:21)
  11 chaos spawn
  9 neqoxecs
  4 golden eyes
  3 fire elementals
  A redback (Zig:16)
  3 wargs
  2 nagas
  37 large abominations
  A floating eye (Slime:2)
  2 hell hounds
  A naga skeleton (Crypt:3)
  A glowing shapeshifter zombie (Depths:3)
  14 orc warriors
  An ettin simulacrum (Tomb:2)
  A dream sheep zombie (Crypt:3)
  12 ogres
  A snapping turtle zombie (Crypt:1)
  A draconian zombie (Crypt:2)
  A rime drake zombie (Crypt:1)
  2 earth elementals (Zig:24)
  A scorpion (D:4)
  6 wights (Crypt:3)
  A warg skeleton (Crypt:1)
  3 killer bees (Lair:1)
  3 orc priests
  A basilisk zombie (Crypt:2)
  An orc wizard (Zig:19)
  A hell rat (Hell)
  An ogre skeleton (Crypt:3)
  39 mummies
  A gnoll (Zig:19)
  An adder skeleton (Crypt:3)
  An orc (Vaults:5)
  3 goblins
  A hobgoblin (D:1)
  A goblin skeleton (Crypt:2)
  A quokka zombie (Crypt:2)
  A rat (D:1)
  5 ball lightnings
  5 blocks of ice
  2 creeping infernos (Geh:2)
  12 fire vortices
  4 starspawn tentacles (Zig:26)
1329 creatures vanquished.

Vanquished Creatures (others)
  The ghost of Minism the Axe Maniac, a legendary MiFi of the Shining One (Zig:13)
  8 Killer Klowns
  19 pandemonium lords
  4 Orb Guardians (Zot:5)
  A sphinx (Tomb:1)
  3 eldritch tentacles
  2 demonspawn warmongers
  An azure jelly (shapeshifter) (Zig:22)
  A frost giant (Zig:22)
  A draconian knight (Zig:22)
  A draconian scorcher (Zig:16)
  A balrug (Zig:26)
  A cacodemon (Zig:17)
  A demonspawn corrupter (Zig:24)
  A demonspawn blood saint (Pan)
  3 very ugly things
  A lorocyproca (Zig:24)
  A vampire knight (Depths:1)
  An eleionoma (Swamp:4)
  2 demonspawn black suns (Zig:24)
  An eleionoma (shapeshifter) (Zig:26)
  An ettin (Depths:4)
  A fire dragon (Zig:20)
  A deep elf high priest (Zig:25)
  A green death (Zig:24)
  A shambling mangrove (Zig:21)
  5 caustic shrike simulacra
  2 juggernaut simulacra
  A hell knight (Depths:4)
  A deep elf knight (Elf:1)
  A wretched star (Zig:21)
  2 spriggan simulacra
  A lindwurm (Vaults:2)
  A necromancer (Depths:1)
  2 ugly things
  2 deep elf zephyrmancers
  A cyclops (shapeshifter) (Zig:26)
  A smoke demon (Pan)
  4 black mambas
  A cane toad (shapeshifter) (Zig:22)
  3 apocalypse crabs
  A komodo dragon (shapeshifter) (Zig:26)
  A spark wasp simulacrum (Zig:11)
  2 tormentors
  A rime drake (Zig:22)
  An anaconda simulacrum (Coc:7)
  2 hornets
  2 hellwings
  2 tarantellas (shapeshifter) (Zig:26)
  A tengu simulacrum (Zig:11)
  A shadow dragon simulacrum (Zig:21)
  2 dream sheep (shapeshifter) (Zig:26)
  A snapping turtle (shapeshifter) (Zig:26)
  2 spriggans (shapeshifter)
  3 water elementals
  A ynoxinul (Pan)
  2 golden eyes (Zig:19)
  6 chaos spawn
  A fire elemental (Zig:11)
  2 water moccasins
  A floating eye (shapeshifter) (Zig:23)
  A swamp drake (Zig:24)
  A killer bee (Lair:1)
  A lava snake (Lair:2)
  An orc wizard (D:5)
  A goblin (shapeshifter) (Zig:22)
  20 ball lightnings
  7 blocks of ice (Zig:13)
  A creeping inferno (Geh:2)
  A demonic plant (Pan)
  7 fire vortices
  6 foxfires
  7 fulminant prisms
  61 fungi
  A lurking horror (Abyss:3)
  97 plants
  25 starspawn tentacles
  A withered plant (Gauntlet)
362 creatures vanquished.

Grand Total: 18876 creatures vanquished

Notes
Turn   | Place    | Note
-------+----------+-------------------------------------------
     0 | D:1      | Turgor the Demonspawn Necromancer began the quest for the
                  | Orb.
     0 | D:1      | Reached XP level 1. HP: 13/13 MP: 3/3
   271 | D:1      | Gained mutation: You are partially covered in razor-sharp
                  | scales. (AC +1, Slay +1) [demonic ancestry]
   271 | D:1      | Reached XP level 2. HP: 20/20 MP: 1/5
   594 | D:1      | Found a faded altar of an unknown god.
   783 | D:1      | Reached skill level 1 in Fighting
  1296 | D:2      | Reached XP level 3. HP: 26/26 MP: 4/6
  1802 | D:2      | Noticed Sigmund
  1916 | D:2      | Found a sparkling altar of Nemelex Xobeh.
  2388 | D:3      | Reached skill level 5 in Necromancy
  2475 | D:3      | Reached XP level 4. HP: 33/33 MP: 5/8
  2741 | D:3      | Noticed Robin
  2955 | D:3      | Killed Robin
  3480 | D:4      | Noticed a black bear
  3481 | D:4      | Noticed a scorpion
  3482 | D:4      | Noticed Ijyb
  3640 | D:4      | Found an iron altar of Okawaru.
  3648 | D:4      | Noticed a scorpion
  3656 | D:4      | Reached XP level 5. HP: 39/39 MP: 4/9
  3660 | D:4      | Learned a level 3 spell: Vampiric Draining
  3664 | D:4      | Learned a level 3 spell: Stone Arrow
  3842 | D:4      | Noticed an ogre
  3954 | D:4      | Killed Ijyb
  3955 | D:4      | Gained mutation: You have sharp fingernails. [demonic
                  | ancestry]
  3955 | D:4      | Reached XP level 6. HP: 46/47 MP: 4/11
  4013 | D:4      | Identified the +3 hat of the Hanged Man {rC- Dex+7 Slay+3}
  4267 | D:4      | Noticed Natasha
  4370 | D:5      | Entered Level 5 of the Dungeon
  4418 | D:5      | Noticed Menkaure
  4424 | D:5      | Killed Menkaure
  4425 | D:5      | Reached skill level 1 in Conjurations
  4425 | D:5      | Reached skill level 1 in Earth Magic
  4473 | D:5      | Found Gueson's Antique Weapon Emporium.
  4488 | D:5      | Bought a translucent sling for 143 gold pieces
  4488 | D:5      | Identified the +8 sling of Discretion {flame, rCorr Str-4
                  | Dex+5 Stlth+} (You bought it in a shop on level 5 of the
                  | Dungeon)
  4717 | D:5      | Gained mutation: You sometimes gain a little power by
                  | taking damage. [demonic ancestry]
  4717 | D:5      | Reached XP level 7. HP: 38/53 MP: 13/13
  5200 | D:4      | Killed Natasha
  5201 | D:4      | Gained mutation: You regenerate magic rapidly. [demonic
                  | ancestry]
  5201 | D:4      | Reached XP level 8. HP: 56/60 MP: 14/14
  5231 | D:4      | Found a runed translucent door.
  5232 | D:4      | Noticed Crazy Yiuf
  5236 | D:4      | Killed Crazy Yiuf
  5340 | D:2      | Killed Sigmund
  5371 | D:4      | Noticed Natasha
  5373 | D:4      | Killed Natasha
  6119 | D:6      | Found a staircase to the Ecumenical Temple.
  6129 | D:6      | Reached skill level 5 in Spellcasting
  6148 | Temple   | Entered the Ecumenical Temple
  6271 | Temple   | Became a worshipper of Gozag Ym Sagoz the Greedy
  6370 | D:6      | Reached skill level 5 in Conjurations
  6735 | D:6      | Found Jeofiw's General Store.
  6747 | D:6      | Bought a scroll of identify for 28 gold pieces
  7072 | D:7      | Reached skill level 5 in Fighting
  7089 | D:7      | Reached skill level 5 in Earth Magic
  7127 | D:7      | Gained mutation: You have very sharp fingernails. [demonic
                  | ancestry]
  7127 | D:7      | Reached XP level 9. HP: 68/68 MP: 16/16
  7338 | D:7      | Noticed Dowan
  7339 | D:7      | Killed Dowan
  7340 | D:7      | Noticed Duvessa
  7344 | D:7      | Killed Duvessa
  7397 | D:7      | Noticed a two-headed ogre
  7402 | D:7      | Killed a two-headed ogre
  7410 | D:7      | Learned a level 6 spell: Iron Shot
  7766 | D:8      | Found a sacrificial altar of Ru.
  7849 | D:8      | Reached skill level 1 in Armour
  8092 | D:8      | Reached XP level 10. HP: 77/77 MP: 12/20
  8377 | D:8      | Learned a level 3 spell: Mephitic Cloud
  8780 | D:9      | Found a staircase to the Orcish Mines.
  8977 | D:9      | Reached skill level 1 in Air Magic
  8977 | D:9      | Reached skill level 1 in Poison Magic
  9046 | D:9      | Found a staircase to the Lair.
  9091 | D:9      | Found a burning altar of Makhleb.
  9138 | D:9      | Found an ancient bone altar of Kikubaaqudgha.
  9624 | D:10     | Entered Level 10 of the Dungeon
  9624 | D:10     | Noticed Josephine
  9688 | D:10     | Noticed a two-headed ogre
  9692 | D:10     | Killed a two-headed ogre
  9693 | D:10     | Reached XP level 11. HP: 84/84 MP: 15/22
 10054 | D:10     | Killed Josephine
 10364 | D:10     | Learned a level 2 spell: Poisonous Vapours
 10366 | D:10     | Learned a level 1 spell: Apportation
 10673 | D:11     | Noticed a two-headed ogre
 10704 | D:11     | Killed a two-headed ogre
 10768 | D:11     | Noticed a two-headed ogre
 10773 | D:11     | Killed a two-headed ogre
 11008 | D:11     | Noticed Urug
 11281 | D:11     | Noticed a two-headed ogre
 11288 | D:11     | Killed a two-headed ogre
 11301 | D:11     | Noticed an obsidian statue
 11670 | Lair:1   | Entered Level 1 of the Lair of Beasts
 12116 | Lair:1   | Noticed an oklob plant
 12123 | Lair:1   | Killed an oklob plant
 12166 | Lair:1   | Noticed Nergalle
 12267 | Lair:1   | Gained mutation: You sometimes gain power by taking damage.
                  | [demonic ancestry]
 12267 | Lair:1   | Reached XP level 12. HP: 73/91 MP: 14/24
 12267 | Lair:1   | Noticed Gastronok
 12374 | Lair:1   | Killed Nergalle
 12560 | Lair:1   | Killed Gastronok
 13318 | Lair:2   | Noticed a boulder beetle
 13324 | Lair:2   | Killed a boulder beetle
 13363 | Lair:2   | Reached skill level 5 in Dodging
 13573 | Lair:2   | Reached skill level 5 in Armour
 13582 | Lair:2   | Reached skill level 10 in Conjurations
 13840 | Lair:2   | Found a staircase to the Swamp.
 13954 | Lair:2   | Identified the +1 cloak "Domor" {Drain rElec Will- Str+10}
 14249 | Lair:2   | Found a staircase to the Snake Pit.
 15177 | Lair:3   | Gained mutation: You have claws for hands. [demonic
                  | ancestry]
 15177 | Lair:3   | Reached XP level 13. HP: 100/100 MP: 15/25
 15281 | Lair:3   | Reached skill level 10 in Earth Magic
 16664 | Lair:4   | Found a staircase to the Slime Pits.
 16672 | Lair:4   | Found a gate leading to a gauntlet.
 16686 | Gauntlet | Entered a Gauntlet
 16686 | Gauntlet | Found a transporter.
 16689 | Gauntlet | Found a transporter.
 16693 | Gauntlet | Found a transporter.
 16698 | Gauntlet | Found a transporter.
 16705 | Gauntlet | Found a transporter.
 16709 | Gauntlet | Found a transporter.
 16715 | Gauntlet | Found a transporter.
 16720 | Gauntlet | Noticed a blizzard demon
 16723 | Gauntlet | Found a transporter.
 16726 | Gauntlet | Found a transporter.
 16731 | Gauntlet | Found a transporter.
 16738 | Gauntlet | Found a transporter.
 16742 | Gauntlet | Found a transporter.
 16749 | Gauntlet | Found a transporter.
 16755 | Gauntlet | Found a transporter.
 16915 | Gauntlet | Killed a blizzard demon
 17096 | Gauntlet | Identified the +6 bardiche of the Bouncing Artists {holy,
                  | Fly Dex+2}
 17096 | Gauntlet | Noticed a minotaur
 17125 | Gauntlet | Killed a minotaur
 17144 | Gauntlet | Identified the staff of fire "Jujos" {rF+ rN+ Dex+2}
 17396 | Lair:4   | Found a radiant altar of Vehumet.
 18569 | Lair:5   | Entered Level 5 of the Lair of Beasts
 18938 | Lair:5   | Found a runed translucent door.
 19188 | Lair:5   | Reached XP level 14. HP: 64/109 MP: 6/27
 19543 | Lair:5   | Found a shimmering altar of Xom.
 19543 | Lair:5   | Noticed 2tousent's ghost (journeyman KoBr)
 19624 | Lair:5   | Reached skill level 10 in Fighting
 22341 | D:11     | Killed Urug
 22419 | D:12     | Reached skill level 10 in Spellcasting
 22437 | D:12     | Noticed Azrael
 22457 | D:12     | Killed Azrael
 23330 | D:13     | Noticed Nessos
 23498 | Orc:1    | Entered Level 1 of the Orcish Mines
 24082 | Orc:2    | Entered Level 2 of the Orcish Mines
 24177 | Orc:2    | Reached XP level 15. HP: 118/118 MP: 25/29
 24619 | Orc:2    | Found Axexzop's Armour Shoppe.
 24653 | Orc:2    | Found a staircase to the Elven Halls.
 24659 | Orc:2    | Bought a +3 leather armour of willpower for 360 gold pieces
 24874 | Orc:2    | Noticed Saint Roka
 25550 | Orc:2    | Killed Saint Roka
 25904 | Orc:2    | Found Kamyqerr's Antique Armour Shoppe.
 25914 | Orc:2    | Found Weigih's General Store.
 25920 | Orc:2    | Found Cesejuuno's Antique Weapon Shoppe.
 25998 | Orc:2    | Bought 4 curare-tipped darts for 81 gold pieces
 26014 | Orc:2    | Bought a faintly glowing ring mail for 288 gold pieces
 26014 | Orc:2    | Identified the +3 ring mail of Pudwuuj {*Slow Will+ Dex+5}
                  | (You bought it in a shop on level 2 of the Orcish Mines)
 26097 | Orc:2    | Found Buir's Book Shoppe.
 26104 | Orc:2    | Bought an Inescapable Atlas for 416 gold pieces
 26107 | Orc:2    | Learned a level 2 spell: Blink
 26185 | Orc:2    | Bought a scroll of fog for 68 gold pieces
 26185 | Orc:2    | Bought a scroll of identify for 34 gold pieces
 26262 | Lair:1   | Bought the ring of Ysom {rElec rPois rC- rCorr Int+3 SInv}
                  | for 647 gold pieces
 26310 | Snake:1  | Entered Level 1 of the Snake Pit
 26375 | Snake:1  | Found a transporter.
 26376 | Snake:1  | Noticed steamdo11's ghost (journeyman FeSu)
 26401 | Snake:1  | Found a transporter.
 27150 | Snake:1  | Identified the +4 dagger of Optimality {freeze, *Noise
                  | +Blink Int+7}
 29292 | Snake:2  | Reached XP level 16. HP: 107/127 MP: 13/30
 30209 | Snake:2  | Learned a level 8 spell: Lehudib's Crystal Spear
 30209 | Snake:2  | Upgraded the game from 0.30-a0-989-g0d87f670db to
                  | 0.30-a0-996-ga6910c8ee8
 30296 | Snake:2  | Found a runed translucent door.
 30297 | Snake:2  | Found a shimmering altar of Xom.
 30297 | Snake:2  | Noticed Femo Sell's ghost (adept BaCj)
 30315 | Snake:2  | Killed Femo Sell's ghost
 30318 | Snake:2  | Identified the +5 hand axe of the Living Dead {drain, rElec
                  | Will- Str+3 Int+2}
 30839 | Snake:2  | Reached skill level 1 in Shields
 31205 | Snake:3  | Reached skill level 1 in Translocations
 31327 | Snake:3  | Found Zoobrixa's Neck Hole.
 32482 | Snake:4  | Entered Level 4 of the Snake Pit
 33175 | Snake:4  | Found Pugac's Weapon Shoppe.
 33186 | Snake:4  | Found Foenn's Antique Armour Shoppe.
 34380 | Snake:4  | Reached skill level 5 in Shields
 34389 | Snake:4  | Gained mutation: You are mostly covered in razor-sharp
                  | scales. (AC +2, Slay +2) [demonic ancestry]
 34389 | Snake:4  | Reached XP level 17. HP: 128/135 MP: 1/32
 34748 | Snake:4  | Reached skill level 15 in Conjurations
 35844 | Snake:4  | Got a serpentine rune of Zot
 35981 | Snake:4  | Bought the +5 scythe "Finisher" {speed, eviscerate} for 704
                  | gold pieces
 35981 | Snake:4  | Found the +5 scythe "Finisher" {speed, eviscerate}
 36115 | Swamp:1  | Entered Level 1 of the Swamp
 36411 | Swamp:1  | Reached skill level 1 in Polearms
 36941 | Swamp:2  | Noticed Frances
 36947 | Swamp:2  | Killed Frances
 37981 | Swamp:2  | Upgraded the game from 0.30-a0-996-ga6910c8ee8 to
                  | 0.30-a0-1006-g5d778dfbfc
 38054 | Swamp:3  | Noticed a tentacled monstrosity
 38063 | Swamp:3  | Killed a tentacled monstrosity
 38596 | Swamp:3  | Identified the ring "Neyderac" {rN+ Int+3}
 38761 | Swamp:3  | Noticed Donald
 38777 | Swamp:3  | Killed Donald
 39030 | Swamp:4  | Entered Level 4 of the Swamp
 39159 | Swamp:4  | Reached skill level 5 in Poison Magic
 39390 | Swamp:4  | Gained mutation: When hurt, damage is shared between your
                  | health and your magic reserves. [demonic ancestry]
 39390 | Swamp:4  | Reached XP level 18. HP: 143/143 MP: 16/34
 39641 | Swamp:4  | Reached skill level 15 in Earth Magic
 40241 | Swamp:4  | Learned a level 5 spell: Borgnjor's Vile Clutch
 40430 | Swamp:4  | Noticed Kirke
 40474 | Swamp:4  | Killed Kirke
 40715 | Swamp:4  | Got a decaying rune of Zot
 40881 | Lair:1   | Bought the amulet of Vitality {RegenMP++ Regen++} for 1700
                  | gold pieces
 40881 | Lair:1   | Found the amulet of Vitality {RegenMP++ Regen++}
 41159 | D:13     | Killed Nessos
 41217 | D:13     | Found a runed translucent gate.
 41217 | D:13     | Found a runed translucent gate.
 41217 | D:13     | Found a runed translucent gate.
 41478 | D:13     | Noticed Wulextidd's ghost (journeyman HOCA)
 41748 | D:14     | Noticed Jorgrun
 41827 | D:14     | Killed Jorgrun
 42133 | D:14     | Found a gate to the Vaults.
 42321 | D:14     | Found a radiant altar of Vehumet.
 42393 | D:14     | Reached skill level 10 in Armour
 42823 | D:14     | Identified the +0 chain mail "Aqaresaw" {Stlth+}
 43060 | D:15     | Entered Level 15 of the Dungeon
 43764 | D:15     | Identified Roxanne's Incunable of the Switch
 43764 | D:15     | Noticed Roxanne
 43771 | D:15     | Killed Roxanne
 44079 | D:15     | Found a staircase to the Depths.
 44131 | D:15     | Gained mutation: You are powered by pain. [demonic
                  | ancestry]
 44131 | D:15     | Reached XP level 19. HP: 150/152 MP: 15/35
 44311 | Vaults:1 | Entered Level 1 of the Vaults
 47722 | Vaults:2 | Found a gateway to a bazaar.
 47778 | Bazaar   | Entered a bazaar
 47778 | Bazaar   | Found Qeppo's Book Shoppe.
 47788 | Bazaar   | Found Cepulis's Antique Weapon Boutique.
 47799 | Bazaar   | Found Cori's Distillery.
 47807 | Bazaar   | Bought a potion of cancellation for 56 gold pieces
 47807 | Bazaar   | Bought a potion of invisibility for 56 gold pieces
 47807 | Bazaar   | Bought a potion of magic for 56 gold pieces
 47807 | Bazaar   | Bought a potion of haste for 70 gold pieces
 47807 | Bazaar   | Bought a potion of might for 28 gold pieces
 47807 | Bazaar   | Bought a potion of curing for 21 gold pieces
 47807 | Bazaar   | Bought a potion of curing for 21 gold pieces
 47807 | Bazaar   | Found Cynet's Antique Armour Emporium.
 47815 | Bazaar   | Bought a pair of heavily runed boots for 133 gold pieces
 47815 | Bazaar   | Identified the +0 pair of boots of the Moon {Will++ rCorr}
                  | (You bought it in a shop in a bazaar)
 47829 | Bazaar   | Found Ilukid's General Store.
 47856 | Bazaar   | Bought a manual of Fighting for 720 gold pieces
 48409 | Vaults:2 | Found a staircase to the Crypt.
 48531 | Vaults:3 | Gained mutation: You are robust. (+10% HP) [demonic
                  | ancestry]
 48531 | Vaults:3 | Reached XP level 20. HP: 129/177 MP: 8/36
 48875 | Vaults:3 | Reached skill level 15 in Fighting
 51365 | Vaults:4 | Found Antoh's Book Shop.
 51663 | Elf:1    | Entered Level 1 of the Elven Halls
 52198 | Elf:1    | Found Sezawnom's Armour Boutique.
 52293 | Elf:1    | Paralysed by an air elemental for 1 turns
 52671 | Elf:1    | Got the Compilation of Mortification
 53338 | Elf:2    | Found Usat's Assorted Antiques.
 53422 | Elf:2    | Found a runed translucent gate.
 53552 | Elf:2    | Found Zifywkargh's Magic Scroll Shop.
 53560 | Elf:2    | Reached XP level 21. HP: 188/188 MP: 28/38
 53579 | Elf:2    | Bought a scroll of enchant weapon for 90 gold pieces
 53579 | Elf:2    | Bought a scroll of teleportation for 36 gold pieces
 53579 | Elf:2    | Bought a scroll of teleportation for 36 gold pieces
 53579 | Elf:2    | Bought a scroll of teleportation for 36 gold pieces
 53579 | Elf:2    | Bought a scroll of blinking for 90 gold pieces
 53659 | Elf:2    | Found Quth's Weapon Shoppe.
 53724 | Elf:2    | Found Bohu's Jewellery Shoppe.
 53755 | Elf:2    | Found a runed translucent gate.
 53756 | Elf:2    | Found a runed translucent gate.
 53785 | Elf:2    | Found Itrair's Magic Scroll Boutique.
 53797 | Elf:2    | Paralysed by an air elemental for 1 turns
 54276 | Elf:2    | Learned a level 7 spell: Spellforged Servitor
 54620 | Elf:3    | Entered Level 3 of the Elven Halls
 54766 | Elf:3    | Noticed Erolcha
 54796 | Elf:3    | Reached skill level 1 in Summonings
 54871 | Elf:3    | Killed Erolcha
 55305 | Elf:3    | Found a shimmering blue altar of Sif Muna.
 56523 | Elf:3    | Identified the +0 ring mail "Resetaymof" {rPois Str+2}
 56624 | Elf:3    | Identified the +5 morningstar "Arautath" {protect, *Rage
                  | Will+++ Str+3 SInv}
 56643 | Elf:3    | Identified the +0 short sword "Pityagg" {freeze, Int+2}
 56644 | Elf:3    | Identified the +3 battleaxe "Liledu Tiosh" {drain, Fragile
                  | rC++ Int+3 Stlth+}
 56756 | Elf:2    | Bought a scroll of acquirement for 1040 gold pieces
 56756 | Elf:2    | Acquired a book of Death
 56796 | Elf:2    | Bought the ring "Qeosom" {Wiz rF+ rN+++ Str-2 Slay+3} for
                  | 954 gold pieces
 57025 | Depths:1 | Entered Level 1 of the Depths
 57260 | Depths:1 | Reached skill level 5 in Summonings
 57266 | Depths:1 | Reached skill level 1 in Evocations
 57458 | Depths:1 | Found a gateway to Hell.
 57683 | Depths:1 | Found a hazy altar of Hepliaklqana.
 57700 | Depths:1 | Gained mutation: You are completely covered in razor-sharp
                  | scales. (AC +3, Slay +3) [demonic ancestry]
 57700 | Depths:1 | Reached XP level 22. HP: 200/200 MP: 19/40
 57748 | Depths:1 | Learned a level 4 spell: Passage of Golubria
 57920 | Depths:1 | Noticed Frederick
 57939 | Depths:1 | Killed Frederick
 58032 | Depths:1 | Acquired the +2 hat "Tothuaxt" {Harm Int+2}
 58144 | Depths:1 | Got Ixuneof's Essays on Algid Correspondence
 58604 | Depths:2 | Found a one-way gate leading to the halls of Pandemonium.
 59069 | Depths:2 | Found a gateway to a bazaar.
 59083 | Bazaar   | Entered a bazaar
 59083 | Bazaar   | Found Ularaken's General Store.
 59083 | Bazaar   | Found Eqastrub's Armour Emporium.
 59083 | Bazaar   | Found Exus Fyll's Antique Weapon Emporium.
 59083 | Bazaar   | Found Siteymm's Jewellery Shoppe.
 59091 | Bazaar   | Bought a potion of heal wounds for 35 gold pieces
 59091 | Bazaar   | Bought a scroll of acquirement for 364 gold pieces
 59091 | Bazaar   | Bought a scroll of teleportation for 21 gold pieces
 59091 | Bazaar   | Acquired 1055 gold pieces
 59105 | Bazaar   | Bought the ring "Veesem" {Wiz Slay+3 Stlth+} for 576 gold
                  | pieces
 59107 | Bazaar   | Bought the +0 chain mail "Vudiss" {Slay+6} for 513 gold
                  | pieces
 59144 | Depths:2 | You fall into a shaft and drop 2 floors!
 59144 | Depths:4 | Entered Level 4 of the Depths
 59582 | Depths:4 | Noticed a golden dragon
 59592 | Depths:4 | Killed a golden dragon
 59622 | Depths:3 | Found a one-way gate to the infinite horrors of the Abyss.
 59643 | Depths:3 | Noticed a golden dragon
 59760 | Depths:3 | Reached skill level 5 in Polearms
 59779 | Depths:3 | Found a one-way gateway to a ziggurat.
 60185 | Depths:2 | Identified the +6 short sword of Doom {heavy, *Corrode
                  | Int+6 Dex+4}
 60249 | Depths:2 | Upgraded the game from 0.30-a0-1006-g5d778dfbfc to
                  | 0.30-a0-1016-gfb0d676c02
 60288 | Depths:2 | Found a broken altar of Ashenzari.
 60686 | Depths:2 | Found a shimmering blue altar of Sif Muna.
 60708 | Depths:2 | Got the Exposition on the Sky and Earth
 60905 | Depths:3 | Killed a golden dragon
 60953 | Depths:3 | Reached XP level 23. HP: 209/209 MP: 39/41
 61105 | Depths:3 | Found a basalt altar of Yredelemnul.
 61480 | Depths:3 | Identified the ring of Winliath {Fly MP+9}
 61485 | Depths:3 | Noticed a juggernaut
 61534 | Depths:3 | Killed a juggernaut
 61834 | Depths:3 | Reached skill level 10 in Summonings
 61923 | Depths:3 | Identified the +5 war axe of Bloody Death {vamp, Int+5
                  | Dex-2}
 62379 | Depths:4 | Reached skill level 15 in Spellcasting
 62823 | Depths:4 | Found a gate to the Realm of Zot.
 63581 | Lair:1   | Bought a scintillating diamond amulet for 175 gold pieces
 63581 | Lair:1   | Identified the amulet of Dim Light {Faith rCorr Str+2} (You
                  | bought it in a shop on level 1 of the Lair of Beasts)
 63583 | Lair:1   | Bought the Compilation of Petrified Modification for 816
                  | gold pieces
 63593 | Lair:1   | Learned a level 9 spell: Shatter
 63685 | Slime:1  | Entered Level 1 of the Pits of Slime
 63992 | Depths:3 | Voluntarily entered the Abyss.
 63992 | Abyss:1  | Found a corrupted altar of Lugonu.
 64252 | Abyss:3  | Got an abyssal rune of Zot
 64270 | Depths:3 | Escaped the Abyss
 64512 | Crypt:1  | Entered Level 1 of the Crypt
 65731 | Crypt:2  | Gained mutation: You are very robust. (+20% HP) [demonic
                  | ancestry]
 65731 | Crypt:2  | Reached XP level 24. HP: 181/237 MP: 11/42
 66103 | Crypt:3  | Entered Level 3 of the Crypt
 66427 | Crypt:3  | Identified the +0 chain mail "Daut" {Slay+3}
 66439 | Crypt:3  | Found a staircase to the Tomb.
 66844 | Crypt:3  | Noticed Margery
 66851 | Crypt:3  | Killed Margery
 66951 | Crypt:3  | Noticed Sojobo
 66962 | Crypt:3  | Killed Sojobo
 67221 | Crypt:3  | Reached skill level 1 in Throwing
 67617 | Crypt:3  | Noticed a dread lich
 67619 | Crypt:3  | Killed a dread lich
 67620 | Crypt:3  | Found the +11 Singing Sword {sonic wave}
 67644 | Crypt:3  | Got the Tractate on Zombies
 67947 | D:13     | Killed Wulextidd's ghost
 68141 | Snake:1  | Killed steamdo11's ghost
 68341 | Lair:5   | Killed 2tousent's ghost
 68426 | Slime:1  | Gained mutation: Your body sometimes deteriorates upon
                  | taking damage. [a shining eye]
 69136 | Slime:1  | Found a viscous altar of Jiyva.
 69335 | Slime:3  | Gained mutation: You possess an exceptional clarity of
                  | mind. [a shining eye]
 69344 | Slime:2  | Reached skill level 5 in Evocations
 70370 | Slime:5  | Entered Level 5 of the Pits of Slime
 70530 | Slime:5  | Noticed the Royal Jelly
 70573 | Slime:5  | Killed the Royal Jelly
 70623 | Slime:5  | Gained mutation: When low on magic, you restore magic in
                  | place of health. [demonic ancestry]
 70623 | Slime:5  | Reached XP level 25. HP: 249/249 MP: 15/42
 70668 | Slime:5  | Identified the ring "Kila" {Ice Fly Will+ Dex+2}
 70684 | Slime:5  | Identified the -1 pair of boots "Hatumon" {Int+4}
 70686 | Slime:5  | Got a slimy rune of Zot
 70694 | Slime:5  | Identified the +5 mace of Suipsudo {heavy, Str+4}
 70700 | Slime:5  | Identified the staff of death "Yshramer" {rC+ rN+}
 70717 | Slime:5  | Identified the ring of the Frog {AC+4 Int+3}
 70720 | Slime:5  | Identified the ring of Altruism {rN+ Dex+3 SInv}
 70726 | Slime:5  | Got Ereshkigal's Guide on Exhumation
 70727 | Slime:5  | Identified the ring "Facua" {Will+ Str+4}
 70749 | Slime:5  | Identified the ring of Yschoqapp {Fly rF- rN+ Will- Str+5}
 70779 | Slime:5  | Identified the staff of poison "Foedgh" {rPois rC+ Will+
                  | SInv}
 71819 | Vaults:5 | Entered Level 5 of the Vaults
 71928 | Vaults:5 | Got the Incunable of Striking
 71965 | Vaults:5 | Noticed a dread lich
 71974 | Vaults:5 | Killed a dread lich
 72021 | Vaults:5 | Identified the +4 broad axe of Ynyvucod {freeze, rElec rC++
                  | rCorr Stlth-}
 72139 | Vaults:5 | Got a silver rune of Zot
 72201 | Vaults:5 | Noticed an ancient lich
 72218 | Vaults:5 | Identified the +6 battleaxe of Wink {flame, Dex+3}
 72227 | Vaults:5 | Identified the staff of death "Ojoej" {+Blink rN+ rCorr
                  | Dex+2}
 72284 | Vaults:5 | Killed an ancient lich
 72376 | Vaults:5 | Identified the +3 battleaxe of Wuokk {heavy, rC+ Will+}
 72376 | Vaults:5 | Identified the +4 plate armour of Grace {Str+7}
 72376 | Vaults:5 | Identified the amulet of Ischoawad {Reflect rC+ Will++
                  | SH+5}
 72391 | Vaults:5 | Noticed a dread lich
 72413 | Vaults:5 | Killed a dread lich
 72620 | Vaults:5 | Found Atweisyn's Jewellery Shoppe.
 72632 | Vaults:5 | Identified the +0 robe of the Prince of Darkness {rN++}
 72656 | Vaults:5 | Identified the +1 plate armour "Kiyhusom" {Harm Str-5
                  | Slay+3}
 72866 | Vaults:5 | Identified the ring of Xioph {rPois rC+ Str+3 Stlth-}
 72868 | Vaults:5 | Identified the staff of death "Wifeh" {rN+ Will++ Str+2
                  | SInv}
 73157 | Vaults:5 | Identified the +2 scale mail "Lack" {*Corrode rC+ rN+ SInv}
 73176 | Vaults:5 | Identified the +1 ring mail of Soft Salvation {+Blink rPois
                  | Stlth+}
 73781 | Zot:1    | Entered Level 1 of the Realm of Zot
 74065 | Zot:1    | Gained mutation: You are extremely robust. (+30% HP)
                  | [demonic ancestry]
 74065 | Zot:1    | Reached XP level 26. HP: 250/280 MP: 14/43
 74084 | Zot:1    | Noticed Grunn
 74093 | Zot:1    | Killed Grunn
 74350 | Zot:1    | Acquired the +8 orange crystal plate armour {Archmagi,
                  | Int+3 Clar}
 74350 | Zot:1    | Found the +8 orange crystal plate armour {Archmagi, Int+3
                  | Clar}
 74930 | Zot:2    | Noticed an orb of fire
 74932 | Zot:2    | Killed an orb of fire
 74998 | Zot:2    | Reached skill level 15 in Summonings
 75649 | Zot:2    | Noticed an orb of fire
 75654 | Zot:2    | Gained mutation: You are clumsy. (Dex -2) [an orb of fire]
 75655 | Zot:2    | Killed an orb of fire
 76778 | Zot:4    | Noticed Vv
 76793 | Zot:4    | Killed Vv
 77242 | Zot:5    | Entered Level 5 of the Realm of Zot
 77580 | Zot:5    | Noticed a dread lich
 77584 | Zot:5    | Killed a dread lich
 77599 | Zot:5    | Noticed an orb of fire
 77603 | Zot:5    | Noticed an orb of fire
 77610 | Zot:5    | Reached XP level 27. HP: 291/291 MP: 36/44
 77617 | Zot:5    | Killed an orb of fire
 77622 | Zot:5    | Killed an orb of fire
 77991 | Pan      | Entered Pandemonium
 78041 | Pan      | Noticed Unirufuezi the pandemonium lord
 78058 | Pan      | Killed Unirufuezi the pandemonium lord
 78067 | Pan      | Reached skill level 15 in Armour
 78590 | Pan      | Upgraded the game from 0.30-a0-1016-gfb0d676c02 to
                  | 0.30-a0-1018-g25214051b3
 78712 | Pan      | Noticed Xoleq the pandemonium lord
 78726 | Pan      | Killed Xoleq the pandemonium lord
 78780 | Pan      | Found an exit through the horrors of the Abyss.
 78834 | Pan      | Entered the realm of Cerebov.
 78847 | Pan      | Found an exit through the horrors of the Abyss.
 79046 | Pan      | Found the +6 sword of Cerebov {flame}
 79046 | Pan      | Noticed Cerebov
 79055 | Pan      | Killed Cerebov
 79115 | Pan      | Identified the staff of fire "Poneas" {Contam +Blink rF+
                  | Int+5}
 79123 | Pan      | Identified the +5 long sword of Conscience {antimagic, rC-
                  | rN+ Dex+3}
 79124 | Pan      | Identified the staff of conjuration "Nufeidea" {rElec}
 79211 | Pan      | Got a fiery rune of Zot
 79248 | Pan      | Identified the +6 broad axe of Dawn {heavy, Int+3}
 79271 | Pan      | Identified the ring "Ocoegof" {Wiz Str+6 Dex+4}
 79289 | Pan      | Identified the orb "Tuhufij" {mayhem, Int+3}
 79497 | Pan      | Entered the realm of Lom Lobon.
 79700 | Pan      | Noticed Lom Lobon
 79708 | Pan      | Killed Lom Lobon
 79778 | Pan      | Got a magical rune of Zot
 80416 | Pan      | Reached skill level 27 in Earth Magic
 80469 | Pan      | Noticed Zypt the pandemonium lord
 80476 | Pan      | Killed Zypt the pandemonium lord
 80497 | Pan      | Got a demonic rune of Zot
 80643 | Pan      | Found a transporter.
 80785 | Pan      | Found a transporter.
 80827 | Pan      | Identified the +1 pair of boots "Koer" {rElec rCorr Str-4}
 80857 | Pan      | Identified the ring "Tuinuvu" {Ice Int+2}
 81128 | Pan      | Noticed Sodwij the pandemonium lord
 81146 | Pan      | Killed Sodwij the pandemonium lord
 81270 | Pan      | Reached skill level 1 in Axes
 81859 | Pan      | Learned a level 4 spell: Fulminant Prism
 82166 | Pan      | Identified the +5 plate armour "Eschauf" {Slay+3 SInv
                  | Stlth+}
 82166 | Pan      | Noticed a seraph
 82172 | Pan      | Killed a seraph
 82220 | Pan      | Identified the ring "Faylumatt" {Fly Str+2 Int+3 Dex-4}
 82240 | Depths:2 | Escaped Pandemonium
 82249 | Pan      | Entered Pandemonium
 82289 | Pan      | Identified the +7 falchion of Jich {protect, rC+ Int+2}
 82293 | Pan      | Noticed Plog the pandemonium lord
 82297 | Pan      | Killed Plog the pandemonium lord
 82689 | Pan      | Reached skill level 5 in Axes
 83689 | Pan      | Noticed Jiosod the pandemonium lord
 83700 | Pan      | Killed Jiosod the pandemonium lord
 84006 | Pan      | Found an exit through the horrors of the Abyss.
 84146 | Pan      | Noticed Toxoekk the pandemonium lord
 84157 | Pan      | Killed Toxoekk the pandemonium lord
 84221 | Pan      | Noticed Salan the pandemonium lord
 84227 | Pan      | Killed Salan the pandemonium lord
 84248 | Pan      | Reached skill level 5 in Throwing
 84469 | Pan      | Found an exit through the horrors of the Abyss.
 85232 | Pan      | Noticed Daserr the pandemonium lord
 85246 | Pan      | Found an exit through the horrors of the Abyss.
 85466 | Pan      | Noticed Ignacio
 85477 | Pan      | Killed Ignacio
 85545 | Pan      | Found a burning altar of Makhleb.
 85592 | Pan      | Reached skill level 10 in Necromancy
 85604 | Pan      | Killed Daserr the pandemonium lord
 86140 | Pan      | Gained mutation: You are vulnerable to cold. (rC-) [a
                  | cacodemon]
 86158 | Pan      | Lost mutation: You are vulnerable to cold. (rC-) [potion of
                  | mutation]
 86158 | Pan      | Lost mutation: Your body sometimes deteriorates upon taking
                  | damage. [potion of mutation]
 86158 | Pan      | Lost mutation: You possess an exceptional clarity of mind.
                  | [potion of mutation]
 86158 | Pan      | Gained mutation: You occasionally lose the ability to drink
                  | potions when taking damage. [potion of mutation]
 86158 | Pan      | Gained mutation: You have a pair of small horns on your
                  | head. [potion of mutation]
 86158 | Pan      | Gained mutation: You are somewhat resistant to further
                  | mutation. [potion of mutation]
 86159 | Pan      | Lost mutation: You occasionally lose the ability to drink
                  | potions when taking damage. [potion of mutation]
 86159 | Pan      | Lost mutation: You are somewhat resistant to further
                  | mutation. [potion of mutation]
 86159 | Pan      | Lost mutation: You are clumsy. (Dex -2) [potion of
                  | mutation]
 86235 | Pan      | Found an exit through the horrors of the Abyss.
 86637 | Pan      | Noticed Bode the pandemonium lord
 86647 | Pan      | Killed Bode the pandemonium lord
 86699 | Pan      | Entered the realm of Gloorx Vloq.
 87434 | Pan      | Noticed Gloorx Vloq
 87449 | Pan      | Killed Gloorx Vloq
 87621 | Pan      | Got a dark rune of Zot
 88378 | Pan      | Noticed Tafes the pandemonium lord
 88383 | Pan      | Killed Tafes the pandemonium lord
 88651 | Pan      | Found an exit through the horrors of the Abyss.
 88705 | Pan      | Entered the realm of Mnoleg.
 88848 | Pan      | Gained mutation: You do not regenerate when monsters are
                  | visible. [a cacodemon]
 89070 | Pan      | Gained mutation: You are vulnerable to cold. (rC-) [a
                  | neqoxec]
 89072 | Pan      | Lost mutation: You are vulnerable to cold. (rC-) [potion of
                  | mutation]
 89072 | Pan      | Lost mutation: You have a pair of small horns on your head.
                  | [potion of mutation]
 89072 | Pan      | Lost mutation: You do not regenerate when monsters are
                  | visible. [potion of mutation]
 89072 | Pan      | Gained mutation: Armour fits poorly on your strangely
                  | shaped body. [potion of mutation]
 89072 | Pan      | Gained mutation: You are clumsy. (Dex -2) [potion of
                  | mutation]
 89073 | Pan      | Lost mutation: You are clumsy. (Dex -2) [potion of
                  | mutation]
 89073 | Pan      | Lost mutation: Armour fits poorly on your strangely shaped
                  | body. [potion of mutation]
 89073 | Pan      | Gained mutation: You possess an exceptional clarity of
                  | mind. [potion of mutation]
 89111 | Pan      | Reached skill level 10 in Axes
 89182 | Pan      | Gained mutation: You occasionally lose the ability to read
                  | scrolls when taking damage. [a neqoxec]
 89273 | Pan      | Noticed Mnoleg
 89280 | Pan      | Killed Mnoleg
 89316 | Pan      | Got a glowing rune of Zot
 89359 | Depths:2 | Escaped Pandemonium
 89371 | Depths:2 | Learned a level 8 spell: Necromutation
 89409 | Zig:1    | Entered Level 1 of a ziggurat
 89428 | Zig:2    | Entered Level 2 of a ziggurat
 89428 | Zig:2    | Found the +8 arc blade {discharge, rElec}
 89451 | Zig:3    | Entered Level 3 of a ziggurat
 89460 | Zig:3    | Reached skill level 1 in Transmutations
 89470 | Zig:3    | Identified the staff of fire "Kanwaa" {rElec rF+ Will+
                  | rCorr}
 89479 | Zig:4    | Entered Level 4 of a ziggurat
 89538 | Zig:5    | Entered Level 5 of a ziggurat
 89544 | Zig:5    | Noticed a juggernaut
 89550 | Zig:5    | Killed a juggernaut
 89584 | Zig:5    | Identified the +8 chain mail of Activism {Will+ Regen+}
 89588 | Zig:6    | Entered Level 6 of a ziggurat
 89630 | Zig:6    | Identified the ring "Janeifiq" {Fly rN+}
 89640 | Zig:7    | Entered Level 7 of a ziggurat
 89666 | Zig:7    | Identified the amulet of Viwysuh {Faith Int+3}
 89680 | Zig:7    | Identified the ring "Utu Jeump" {Fly Will+ Dex+3}
 89687 | Zig:8    | Entered Level 8 of a ziggurat
 89694 | Zig:8    | Noticed a juggernaut
 89698 | Zig:8    | Killed a juggernaut
 89753 | Zig:8    | Identified the +6 chain mail of Ojotor {*Slow Regen+ rCorr
                  | Int+2}
 89758 | Zig:8    | Identified the staff of poison "Ammastrur" {*Slow rElec
                  | rPois rN+}
 89764 | Zig:9    | Entered Level 9 of a ziggurat
 89861 | Zig:10   | Entered Level 10 of a ziggurat
 89871 | Zig:10   | Reached skill level 5 in Transmutations
 89874 | Zig:10   | Found the macabre finger necklace {Finger+ rN+}
 89910 | Zig:10   | Got Sif Muna's Discourse on the Traveller
 89951 | Zig:11   | Entered Level 11 of a ziggurat
 89975 | Zig:11   | Identified the amulet of Oqo Pah {Acrobat +Inv}
 90005 | Zig:11   | Identified the +1 short sword of the Burning Soothsayer
                  | {protect, rF- Dex+4}
 90007 | Zig:11   | Identified the staff of death "Adwetack" {rElec rF+ rN+}
 90017 | Zig:11   | Got Toitwin's Spellbook of Forms
 90031 | Zig:12   | Entered Level 12 of a ziggurat
 90040 | Zig:12   | Noticed a juggernaut
 90042 | Zig:12   | Noticed a juggernaut
 90044 | Zig:12   | Killed a juggernaut
 90048 | Zig:12   | Killed a juggernaut
 90124 | Zig:13   | Entered Level 13 of a ziggurat
 90225 | Zig:13   | Identified the staff of earth "Kigoezywk" {Str+3 Stlth+}
 90252 | Zig:14   | Entered Level 14 of a ziggurat
 90267 | Zig:14   | Paralysed by an air elemental for 1 turns
 90301 | Zig:14   | Learned a level 8 spell: Ignition
 90321 | Zig:14   | Identified the ring of Uwuppud {+Blink rF+ EV+5}
 90354 | Zig:14   | Identified the staff of poison "Deklem" {rElec rPois rC+
                  | Str-4 Dex+6}
 90394 | Zig:15   | Entered Level 15 of a ziggurat
 90407 | Zig:15   | Noticed a juggernaut
 90409 | Zig:15   | Noticed a juggernaut
 90412 | Zig:15   | Reached skill level 15 in Necromancy
 90412 | Zig:15   | Killed a juggernaut
 90413 | Zig:15   | Killed a juggernaut
 90457 | Zig:15   | Identified the +4 battleaxe of the Maze {drain, *Noise rF++
                  | Str+3 Dex+4}
 90459 | Zig:15   | Identified the staff of earth "Utaoduips" {Dex+2}
 90478 | Zig:15   | Identified the staff of earth "Geaveejagh" {rPois rF+ Str-4
                  | Dex+2}
 90480 | Zig:15   | Identified the staff of cold "Forem" {rPois rC+}
 90481 | Zig:15   | Identified the staff of poison "Ezotualo" {rPois rC+ Str+3
                  | Int-2 SInv}
 90544 | Zig:16   | Entered Level 16 of a ziggurat
 90564 | Zig:16   | Reached skill level 5 in Fire Magic
 90698 | Zig:16   | Identified the staff of cold "Jeom" {rPois rC+ Str-4 SInv}
 90700 | Zig:16   | Got the Catalogue of Kismet
 90703 | Zig:16   | Identified the ring of Seluenoe {EV+5 Int+3}
 90735 | Zig:17   | Entered Level 17 of a ziggurat
 90758 | Zig:17   | Reached skill level 10 in Transmutations
 90805 | Zig:17   | Identified the +6 hand axe of the Delicate God {vamp, rPois
                  | rN+ Str-3 Int+2}
 90812 | Zig:17   | Got the Folio of the End
 90813 | Zig:17   | Identified the +5 chain mail "Wiathryan" {Str+6}
 90824 | Zig:17   | Identified the staff of cold "Woomab" {rPois rC+}
 90832 | Zig:17   | Identified the ring "Bobu" {rC+ AC+4 Str+4 Dex-2}
 90846 | Zig:17   | Identified the +2 robe of the Worm {Drain rElec Str+3}
 90848 | Zig:17   | Identified the +7 rapier "Heggef" {freeze, rF+}
 90850 | Zig:17   | Identified the ring of Tufuwiush {+Blink rPois rCorr Int-2}
 90913 | Zig:18   | Entered Level 18 of a ziggurat
 90934 | Zig:18   | Found the +4 Cigotuvi's embrace {Corpsefed rMiasma Drain
                  | rN+}
 91032 | Zig:18   | Identified the +4 leather armour "Jawiecwu" {-Tele Int+4
                  | Dex+5}
 91035 | Zig:18   | Got the Opusculum on the Fifth Circle
 91049 | Zig:18   | Identified the +3 scimitar "Neiw" {freeze, Int+3 Dex+2}
 91107 | Zig:19   | Entered Level 19 of a ziggurat
 91300 | Zig:19   | Identified the ring of Conformity {rElec rC+ Will+ rCorr
                  | Int-5 Dex+3}
 91306 | Zig:19   | Identified the staff of air "Vastrag" {+Blink rElec rC+
                  | Stlth+}
 91312 | Zig:19   | Identified the +3 chain mail of Okawaru's Pride {*Corrode
                  | Str+4 Int+3}
 91325 | Zig:20   | Entered Level 20 of a ziggurat
 91423 | Zig:20   | Found the +27 heavy crossbow "Sniper" {heavy, Acc+∞ SInv}
 91503 | Zig:20   | Identified the ring of Xacaxebb {Fly rElec}
 91513 | Zig:20   | Identified the +8 dagger of the Two Names {drain, *Noise
                  | +Blink rCorr SInv}
 91530 | Zig:20   | Identified the ring "Qoidoel" {rPois SInv}
 91531 | Zig:20   | Identified the +8 mace of Wealth {flame, Fragile Fly rElec}
 91595 | Zig:21   | Entered Level 21 of a ziggurat
 91618 | Zig:21   | Reached skill level 10 in Fire Magic
 91793 | Zig:21   | Identified the +5 flail "Vohuttu" {heavy, rC+ Str+4 Int+4}
 91795 | Zig:21   | Identified the staff of conjuration "Benamyun" {Drain
                  | Fragile rC+++ rCorr}
 91804 | Zig:21   | Identified the +1 helmet "Rush" {Rampage rPois rN++ Dex-5}
 91809 | Zig:21   | Identified the +7 scale mail of Xatesmo {+Blink rPois
                  | Will-}
 91826 | Zig:22   | Entered Level 22 of a ziggurat
 91842 | Zig:22   | Paralysed by an air elemental for 1 turns
 91984 | Zig:22   | Identified the +0 scale mail "Douwemi" {Int+3}
 92020 | Zig:22   | Identified the ring "Typedd" {EV+5 Int+5}
 92023 | Zig:22   | Identified the +7 whip "Xom's Passing Interest" {pain, rC+
                  | Stlth+}
 92024 | Zig:22   | Identified the +9 halberd "Zeffum" {vamp, rElec Will+}
 92030 | Zig:22   | Identified the ring "Jinugay" {rC+ rN+}
 92033 | Zig:22   | Identified the +0 ring mail of Okkapne {rC- Int+3 Dex+3
                  | Stlth+}
 92095 | Zig:23   | Entered Level 23 of a ziggurat
 92116 | Zig:23   | Noticed an ancient lich
 92117 | Zig:23   | Noticed an ancient lich
 92118 | Zig:23   | Killed an ancient lich
 92119 | Zig:23   | Killed an ancient lich
 92121 | Zig:23   | Noticed an ancient lich
 92123 | Zig:23   | Killed an ancient lich
 92124 | Zig:23   | Noticed an ancient lich
 92126 | Zig:23   | Noticed an ancient lich
 92127 | Zig:23   | Killed an ancient lich
 92128 | Zig:23   | Reached skill level 15 in Transmutations
 92129 | Zig:23   | Killed an ancient lich
 92349 | Zig:23   | Identified the +5 leather armour of Kikubaaqudgha's Grace
                  | {rC+++ Int+4 Dex-4}
 92359 | Zig:23   | Identified the staff of death "Jiym" {rN+ Will+ Str+3}
 92362 | Zig:23   | Identified the staff of fire "Unah" {rF+ Dex+2}
 92366 | Zig:23   | Identified the +6 dagger "Riaxkeom" {antimagic, rN+++ Str-3
                  | Dex+3 Stlth+}
 92372 | Zig:23   | Identified the +7 plate armour of the Arcane {Fly Will+}
 92373 | Zig:23   | Identified the +2 leather armour of the Vacuum {Drain
                  | Str+5}
 92427 | Zig:24   | Entered Level 24 of a ziggurat
 92550 | Zig:24   | Identified the +1 leather armour of Xom's Grace {Will+}
 92551 | Zig:24   | Identified the ring "Qioreg" {*Corrode rPois Int+6 Dex+3}
 92554 | Zig:24   | Reached skill level 15 in Fire Magic
 92566 | Zig:24   | Identified the ring "Lownigaf" {Str+4 Int+6 Slay-2}
 92569 | Zig:24   | Identified the ring "Sebbuys" {rF++ Str+3 Int+6}
 92698 | Zig:25   | Entered Level 25 of a ziggurat
 92899 | Zig:25   | Identified the +11 dagger "Osorphec" {drain, rC+ Int+3}
 92900 | Zig:25   | Identified the +5 dagger of the Original Sin {freeze,
                  | Fragile +Blink rCorr}
 92905 | Zig:25   | Identified the ring of Sewnol {Fly rN+}
 92913 | Zig:25   | Identified the ring "Vireff" {Ice Str+2}
 92921 | Zig:25   | Identified the +2 robe "Agif" {Harm rCorr}
 92995 | Zig:26   | Entered Level 26 of a ziggurat
 93017 | Zig:26   | Noticed an ancient lich
 93017 | Zig:26   | Noticed a dread lich
 93020 | Zig:26   | Noticed an ancient lich
 93021 | Zig:26   | Killed a dread lich
 93021 | Zig:26   | Killed an ancient lich
 93022 | Zig:26   | Killed an ancient lich
 93025 | Zig:26   | Noticed an ancient lich
 93025 | Zig:26   | Noticed a dread lich
 93026 | Zig:26   | Noticed an ancient lich
 93027 | Zig:26   | Noticed a dread lich
 93027 | Zig:26   | Noticed an ancient lich
 93030 | Zig:26   | Killed an ancient lich
 93031 | Zig:26   | Killed an ancient lich
 93031 | Zig:26   | Killed an ancient lich
 93031 | Zig:26   | Killed a dread lich
 93032 | Zig:26   | Killed a dread lich
 93181 | Zig:26   | Identified the +1 ring mail of Filth {rElec Str-5 Dex+2}
 93187 | Zig:26   | Identified the staff of air "Xeadepeu" {rElec rPois rC+
                  | Str-4}
 93188 | Zig:26   | Identified the +7 scimitar "Hegon" {drain, Str+9 Int-5
                  | Dex+6}
 93189 | Zig:26   | Identified the +2 scale mail of Duty {Dex+4}
 93243 | Zig:27   | Entered Level 27 of a ziggurat
 93310 | Zig:27   | Found the +7 Spriggan's Knife {stab, EV+4 Stlth+}
 93487 | Zig:27   | Identified the +1 ring mail of Vehumet, Nurturing {Fly
                  | Int+6}
 93488 | Zig:27   | Identified the staff of poison "Buecypod" {rElec rPois
                  | Will+ Int-5}
 93489 | Zig:27   | Identified the amulet of Mimum {RegenMP rPois Int+3}
 93493 | Zig:27   | Identified the +9 flail "Ultimatum" {heavy, +Blink Dex+3}
 93497 | Zig:27   | Got the Grimoire of the Grey Wind
 93503 | Zig:27   | Identified the ring "Area" {Wiz rN+ Will+ Stlth+}
 93511 | Zig:27   | Identified the +8 rapier of the Magi {spect, +Blink Int+3}
 93550 | Depths:3 | Learned a level 8 spell: Infestation
 94004 | Tomb:1   | Entered Level 1 of the Tomb of the Ancients
 94453 | Tomb:1   | Noticed a royal mummy
 94460 | Tomb:1   | Killed a royal mummy
 94618 | Tomb:1   | Identified the staff of conjuration "Jaitram" {+Blink Fly
                  | rN+ Will+}
 94744 | Tomb:2   | Noticed a royal mummy
 94744 | Tomb:2   | Noticed a royal mummy
 94748 | Tomb:2   | Noticed a royal mummy
 94748 | Tomb:2   | Noticed a royal mummy
 94750 | Tomb:2   | Killed a royal mummy
 94752 | Tomb:2   | Killed a royal mummy
 94753 | Tomb:2   | Killed a royal mummy
 94753 | Tomb:2   | Killed a royal mummy
 95231 | Tomb:3   | Entered Level 3 of the Tomb of the Ancients
 95245 | Tomb:3   | Noticed a royal mummy
 95249 | Tomb:3   | Paralysed by a Zot trap for 3 turns
 95249 | Tomb:3   | Noticed a royal mummy
 95254 | Tomb:3   | Killed a royal mummy
 95256 | Tomb:3   | Killed a royal mummy
 95260 | Tomb:3   | Noticed a royal mummy
 95264 | Tomb:3   | Killed a royal mummy
 95270 | Tomb:3   | Noticed a royal mummy
 95273 | Tomb:3   | Noticed a royal mummy
 95278 | Tomb:3   | Killed a royal mummy
 95282 | Tomb:3   | Noticed a royal mummy
 95288 | Tomb:3   | Killed a royal mummy
 95304 | Tomb:3   | Noticed a royal mummy
 95309 | Tomb:3   | Killed a royal mummy
 95320 | Tomb:3   | Noticed a royal mummy
 95356 | Tomb:3   | Got a golden rune of Zot
 95374 | Tomb:3   | Noticed a royal mummy
 95379 | Tomb:3   | Killed a royal mummy
 95390 | Tomb:3   | Killed a royal mummy
 95486 | Tomb:3   | Killed a royal mummy
 95797 | Tomb:3   | Identified the +1 leather armour of Lilacs {rPois Int+3}
 95813 | Tomb:3   | Identified the +9 battleaxe "Zioquru" {flame, rElec rN++
                  | Str-5 Int+3}
 95816 | Tomb:3   | Identified the staff of conjuration "Raneq" {rElec Str-2
                  | SInv}
 95818 | Tomb:3   | Identified the +5 ring mail of Yfraqaaq {Slay+6}
 95825 | Tomb:3   | Identified the ring of Birpher {rF+ MP-9 Str+3 Int+6}
 95848 | Tomb:3   | Identified the ring "Huocuc" {rC+ Will++ AC+4 Str+3}
 95850 | Tomb:3   | Identified the ring "Cioxehid" {rC- rCorr Str+3 Dex+3}
 95969 | Tomb:3   | Identified the +2 long sword of an ice cave {spect, +Blink
                  | Int+3}
 96461 | D:14     | Upgraded the game from 0.30-a0-1018-g25214051b3 to
                  | 0.30-a0-1035-g38d5fb2972
 96626 | Hell     | Entered the Vestibule of Hell
 96626 | Hell     | Noticed Geryon
 96634 | Hell     | Killed Geryon
 96651 | Hell     | Noticed Murray
 96691 | Hell     | Killed Murray
 96909 | Hell     | Found a gateway to the freezing wastes of Cocytus.
 97004 | Hell     | Found a gateway to the Iron City of Dis.
 97110 | Hell     | Found a gateway to the decaying netherworld of Tartarus.
 97176 | Hell     | Found a gateway to the ashen valley of Gehenna.
 97239 | Tar:1    | Entered Level 1 of Tartarus
 97249 | Tar:1    | You fall into a shaft and drop 1 floor!
 97605 | Tar:6    | Reached skill level 10 in Evocations
 97654 | Tar:7    | Entered Level 7 of Tartarus
 97714 | Tar:7    | Identified the +5 scale mail of Plasticity {rF+ Str+4
                  | Int+2}
 97786 | Tar:7    | Noticed Ereshkigal
 97798 | Tar:7    | Killed Ereshkigal
 97916 | Tar:7    | Reached skill level 10 in Polearms
 98083 | Tar:7    | Got a bone rune of Zot
 98180 | Tar:7    | Found the +3 crown of Dyrovepreva {rElec Int+2 SInv}
 98301 | Tar:7    | Noticed a dread lich
 98302 | Tar:7    | Noticed a dread lich
 98306 | Tar:7    | Killed a dread lich
 98307 | Tar:7    | Reached skill level 10 in Throwing
 98316 | Tar:7    | Killed a dread lich
 98331 | Tar:7    | Identified the +1 robe of Iffoesk {+Inv rF+ rC- Dex+3}
 98332 | Tar:7    | Identified the +4 sling of Classification {freeze, Int+3}
 98456 | Tar:7    | Noticed an ancient lich
 98457 | Tar:7    | Noticed an ancient lich
 98460 | Tar:7    | Killed an ancient lich
 98462 | Tar:7    | Killed an ancient lich
 98472 | Tar:7    | Identified the +1 quarterstaff "Ilyph" {antimagic, rElec
                  | rPois Dex-5 Stlth+}
 98759 | Geh:1    | Entered Level 1 of Gehenna
 99404 | Geh:6    | Noticed an ancient lich
 99407 | Geh:6    | Killed an ancient lich
 99527 | Geh:7    | Entered Level 7 of Gehenna
 99762 | Geh:7    | Noticed the Serpent of Hell
 99777 | Geh:7    | Killed the Serpent of Hell
100059 | Geh:7    | Found the +7 sceptre of Asmodeus
100059 | Geh:7    | Noticed Asmodeus
100063 | Geh:7    | Found the +15 Maxwell's patent armour {-Cast -Tele rElec
                  | Will+ rCorr}
100069 | Geh:7    | Killed Asmodeus
100083 | Geh:7    | Got an obsidian rune of Zot
100314 | Dis:1    | Entered Level 1 of the Iron City of Dis
100457 | Dis:2    | Reached skill level 15 in Axes
100461 | Dis:2    | Reached skill level 10 in Shields
100480 | Dis:2    | You fall into a shaft and drop 1 floor!
100874 | Dis:7    | Entered Level 7 of the Iron City of Dis
101359 | Dis:7    | Identified the +1 broad axe "Cidelij" {vamp, rF+ rN+}
101416 | Dis:7    | Identified the +0 robe of the Ego {Rampage Str+3 Dex+3}
101529 | Dis:7    | Noticed a juggernaut
101534 | Dis:7    | Killed a juggernaut
101650 | Dis:7    | Learned a level 2 spell: Blink
101689 | Dis:7    | Noticed a juggernaut
101694 | Dis:7    | Killed a juggernaut
101785 | Dis:7    | Noticed Dispater
101785 | Dis:7    | Noticed a juggernaut
101803 | Dis:7    | Killed a juggernaut
101814 | Dis:7    | Killed Dispater
101825 | Dis:7    | Found the +6 arbalest "Damnation" {damnation}
101857 | Dis:7    | Identified the staff of conjuration "Tirgh" {Int+5}
101861 | Dis:7    | Got an iron rune of Zot
101982 | Zig:1    | Entered Level 1 of a ziggurat
102009 | Zig:2    | Entered Level 2 of a ziggurat
102041 | Zig:3    | Entered Level 3 of a ziggurat
102070 | Zig:4    | Entered Level 4 of a ziggurat
102111 | Zig:5    | Entered Level 5 of a ziggurat
102158 | Zig:6    | Entered Level 6 of a ziggurat
102202 | Zig:6    | Identified the +8 scale mail of Sicejedo {rN+ Str-3 Dex+9}
102230 | Zig:7    | Entered Level 7 of a ziggurat
102284 | Zig:8    | Entered Level 8 of a ziggurat
102290 | Zig:8    | Noticed Rugroom the pandemonium lord
102294 | Zig:8    | Noticed Zegikhlo the pandemonium lord
102296 | Zig:8    | Killed Rugroom the pandemonium lord
102299 | Zig:8    | Killed Zegikhlo the pandemonium lord
102355 | Zig:8    | Identified the +4 scale mail of Yjikhlyam {SInv}
102356 | Zig:8    | Identified the staff of death "Koenge" {rN+ rCorr Stlth+}
102382 | Zig:9    | Entered Level 9 of a ziggurat
102486 | Zig:10   | Entered Level 10 of a ziggurat
102521 | Zig:10   | Found the +3 salamander hide armour {Flames, rFlCloud rF++
                  | rC--}
102535 | Zig:10   | Identified the staff of cold "Yghavvif" {rF++ rC+}
102538 | Zig:10   | Identified the staff of conjuration "Peweplau" {rN+ rCorr
                  | Str+3 SInv}
102554 | Zig:11   | Entered Level 11 of a ziggurat
102606 | Zig:11   | Identified the +7 great sword of Ciddurchomuel {drain,
                  | rPois Str-5 Dex+3}
102610 | Zig:11   | Identified the staff of earth "Ysham" {Drain Will+++ rCorr
                  | Str-4}
102625 | Zig:12   | Entered Level 12 of a ziggurat
102633 | Zig:12   | Noticed a juggernaut
102636 | Zig:12   | Killed a juggernaut
102679 | Zig:12   | Identified the +5 whip "Faschess" {venom, *Noise rElec
                  | Will+++ Str+3}
102680 | Zig:12   | Identified the staff of air "Jietooll" {rElec Str+3}
102697 | Zig:12   | Identified the staff of poison "Apokut" {rPois rC+ rCorr}
102704 | Zig:12   | Identified the +6 battleaxe of Makhleb, Building {flame,
                  | Will+}
102758 | Zig:13   | Entered Level 13 of a ziggurat
102766 | Zig:13   | Noticed Hiz Mun's ghost (veteran MfGl)
102766 | Zig:13   | Noticed Betuluewk's ghost (legendary DESu)
102767 | Zig:13   | Noticed Fafaadel's ghost (legendary DECj)
102768 | Zig:13   | Noticed Jiheses's ghost (legendary DEAE)
102769 | Zig:13   | Noticed Minism's ghost (legendary MiFi)
102769 | Zig:13   | Noticed Fafaadel's ghost (legendary DECj)
102773 | Zig:13   | Killed Betuluewk's ghost
102779 | Zig:13   | Killed Fafaadel's ghost
102780 | Zig:13   | Killed Hiz Mun's ghost
102781 | Zig:13   | Killed Fafaadel's ghost
102784 | Zig:13   | Killed Minism's ghost
102789 | Zig:13   | Killed Jiheses's ghost
102804 | Zig:13   | Identified the +2 leather armour of Kulaawur {Str+7}
102821 | Zig:13   | Identified the ring "Qaiwk" {rCorr Int+4 Dex-2}
102823 | Zig:13   | Identified the +5 spear of Ravage {vamp, rN+}
102887 | Zig:14   | Entered Level 14 of a ziggurat
102894 | Zig:14   | Paralysed by an air elemental for 1 turns
102897 | Zig:14   | Paralysed by an air elemental for 1 turns
102958 | Zig:14   | Identified the +0 arbalest of the Gnat {speed, Drain rElec
                  | rC++ Will+}
103011 | Zig:15   | Entered Level 15 of a ziggurat
103061 | Zig:15   | Identified the +3 dagger of Xaluekiyth {antimagic, Int+3}
103067 | Zig:15   | Identified the staff of death "Batzea" {rElec rN+ Int+3}
103084 | Zig:15   | Identified the amulet "Aquck" {Regen+ Str+4 Int+2}
103140 | Zig:16   | Entered Level 16 of a ziggurat
103168 | Zig:16   | Found the +0 mask of the Dragon {Will+ Slay+3 SInv}
103234 | Zig:16   | Identified the ring of Hedonism {rPois AC+4 Int+2}
103261 | Zig:16   | Identified the +4 great sword of Anwuuf {flame, rElec rF+
                  | rC+ Dex+3}
103265 | Zig:16   | Identified the +4 trident "Lurghuavia" {speed, Str+3 Int+5}
103281 | Zig:16   | Identified the +7 sling "Killer Bee's Curse" {freeze, rElec
                  | rPois Str+3 SInv}
103336 | Zig:17   | Entered Level 17 of a ziggurat
103345 | Zig:17   | Noticed Posk the pandemonium lord
103345 | Zig:17   | Noticed Afot the pandemonium lord
103345 | Zig:17   | Noticed Xeacil the pandemonium lord
103346 | Zig:17   | Noticed Kidwill the pandemonium lord
103349 | Zig:17   | Noticed Ritigef the pandemonium lord
103351 | Zig:17   | Noticed Juyrup the pandemonium lord
103351 | Zig:17   | Noticed Kazipt the pandemonium lord
103351 | Zig:17   | Noticed Bipe Joef the pandemonium lord
103351 | Zig:17   | Noticed Duem the pandemonium lord
103351 | Zig:17   | Noticed Kugamuti the pandemonium lord
103353 | Zig:17   | Killed Posk the pandemonium lord
103353 | Zig:17   | Killed Kugamuti the pandemonium lord
103354 | Zig:17   | Killed Kidwill the pandemonium lord
103354 | Zig:17   | Killed Ritigef the pandemonium lord
103354 | Zig:17   | Killed Juyrup the pandemonium lord
103354 | Zig:17   | Killed Bipe Joef the pandemonium lord
103354 | Zig:17   | Noticed Joimn the pandemonium lord
103354 | Zig:17   | Found the amulet of the Air {Inacc Air Fly rElec RMsl}
103364 | Zig:17   | Killed Xeacil the pandemonium lord
103376 | Zig:17   | Killed Afot the pandemonium lord
103388 | Zig:17   | Killed Kazipt the pandemonium lord
103399 | Zig:17   | Killed Duem the pandemonium lord
103404 | Zig:17   | Killed Joimn the pandemonium lord
103484 | Zig:17   | Identified the ring of Junn {rElec rPois MP+9 Int+5 Dex-3}
103489 | Zig:17   | Identified the +0 robe "Obboh" {rF+ rN+}
103611 | Zig:18   | Entered Level 18 of a ziggurat
103627 | Zig:18   | Noticed Erics the pandemonium lord
103629 | Zig:18   | Reached skill level 27 in Spellcasting
103637 | Zig:18   | Killed Erics the pandemonium lord
103782 | Zig:18   | Identified the +0 chain mail of Anarchy {+Blink Int-4
                  | Dex+2}
103794 | Zig:18   | Identified the +5 morningstar of Somewhere Else {freeze,
                  | rPois rC+ rCorr}
103864 | Zig:19   | Entered Level 19 of a ziggurat
103880 | Zig:19   | Reached skill level 15 in Throwing
103880 | Zig:19   | Noticed a juggernaut
103883 | Zig:19   | Killed a juggernaut
103993 | Zig:19   | Identified the +0 leather armour of the Silversmith {rPois
                  | rN+ Str+2 Slay+2}
103994 | Zig:19   | Identified the +0 leather armour "Borez" {Harm Will+}
104091 | Zig:20   | Entered Level 20 of a ziggurat
104198 | Zig:20   | Identified the +0 chain mail of the Bells {rElec}
104231 | Zig:20   | Identified the ring "Gitruff" {Ice rElec rCorr Int+6}
104320 | Zig:21   | Entered Level 21 of a ziggurat
104387 | Zig:21   | Identified the +4 dagger "Earthworm" {antimagic, Str+5
                  | Int+2}
104389 | Zig:21   | Identified the ring of Mytibl Lyarch {rF+ rC+ rCorr Str+2}
104393 | Zig:21   | Identified the amulet of Pyromania {Fragile +Blink rPois
                  | Regen+ Stlth+}
104412 | Zig:21   | Identified the +7 dagger of Defiance {flame, +Blink Str-5
                  | Int+8 Dex+3}
104425 | Zig:21   | Identified the staff of air "Zuinwuec" {rElec rCorr Int+6}
104506 | Zig:21   | Identified the +2 cloak "Xuextoipu" {rPois Will+}
104566 | Zig:21   | Reached skill level 27 in Fighting
104568 | Zig:21   | Reached skill level 15 in Shields
104576 | Zig:22   | Entered Level 22 of a ziggurat
104670 | Zig:22   | Acquired 1134 gold pieces
104675 | Zig:22   | Acquired 947 gold pieces
104736 | Zig:22   | Identified the ring of Lucidity {Drain rPois rF+ rC+ Str+2}
104740 | Zig:22   | Identified the +1 battleaxe of Inquiry {drain, Int+4 Dex+3}
104747 | Zig:22   | Identified the amulet of the Heavens {Acrobat +Inv}
104765 | Zig:22   | Identified the +2 battleaxe of Appyah {freeze, rPois rF+}
104828 | Zig:23   | Entered Level 23 of a ziggurat
104844 | Zig:23   | Paralysed by a floating eye for 2 turns
104869 | Zig:23   | Reached skill level 10 in Dodging
104954 | Zig:23   | Identified the ring "Idopown" {rCorr Str+5 Int+2 Slay-3
                  | SInv}
104960 | Zig:23   | Identified the +3 broad axe "Dragonbane" {drain, Fly Dex+3}
104965 | Zig:23   | Identified the +1 long sword of Wyrd {vamp, rElec rF+}
104968 | Zig:23   | Identified the +5 short sword "Puil" {antimagic, *Corrode
                  | rC- Dex+8 SInv}
104976 | Zig:23   | Identified the amulet of Iging {Faith Harm *Corrode rF+++
                  | MP-9}
105041 | Zig:24   | Entered Level 24 of a ziggurat
105153 | Zig:24   | Identified the ring of Cegaoxuh {Ice Will+ Str+3 Slay-6}
105157 | Zig:24   | Identified the ring "Viaptuc" {rN+ Will+ MP-9 Dex+6 SInv}
105162 | Zig:24   | Identified the +0 chain mail "Jonocky" {rF+ Will++ Int-2}
105176 | Zig:24   | Identified the staff of earth "Emnochur" {rC++ SInv}
105178 | Zig:24   | Identified the +4 hand axe of the Lame Duck {antimagic,
                  | Fragile +Blink Int+2 Dex+4}
105278 | Zig:25   | Entered Level 25 of a ziggurat
105299 | Zig:25   | Reached skill level 15 in Evocations
105305 | Zig:25   | Reached skill level 27 in Conjurations
105435 | Zig:25   | Identified the staff of fire "Wievonuto" {*Corrode rElec
                  | rPois rF+}
105436 | Zig:25   | Identified the staff of fire "Sohurio" {Drain rPois rF+
                  | rN+++}
105438 | Zig:25   | Identified the +9 bardiche of the Enfolding Coward {freeze,
                  | rN+}
105441 | Zig:25   | Identified the +8 flail "Motah" {heavy, *Noise +Blink
                  | Int+3}
105445 | Zig:25   | Identified the +10 dagger of Arbitration {pain, +Blink
                  | rElec rF- Will++}
105448 | Zig:25   | Identified the ring "Qeahekh" {Ice Str+4 Dex+3}
105451 | Zig:25   | Identified the +2 great sword "Reoceilo" {drain, Dex+8
                  | Stlth+}
105459 | Zig:25   | Identified the ring "Buagu" {rF+ rC+ rCorr Dex-3}
105598 | Zig:26   | Entered Level 26 of a ziggurat
105640 | Zig:26   | Reached skill level 27 in Fire Magic
105767 | Zig:26   | Identified the +11 dagger "Lyon" {elec, Will+}
105770 | Zig:26   | Identified the +5 whip of Guyrch {heavy, Dex+4}
105774 | Zig:26   | Identified the +1 scale mail of Jigsaw {Rampage Fly Dex+7
                  | Stlth-}
105775 | Zig:26   | Identified the amulet "Nuogrey" {Acrobat Fragile rC++ Int+9
                  | Stlth+}
105928 | Zig:27   | Entered Level 27 of a ziggurat
105941 | Zig:27   | Paralysed by a floating eye for 4 turns
105946 | Zig:27   | Paralysed by a floating eye for 2 turns
105962 | Zig:27   | Noticed an ancient lich
105966 | Zig:27   | Noticed a dread lich
105966 | Zig:27   | Noticed an ancient lich
105966 | Zig:27   | Killed an ancient lich
105967 | Zig:27   | Killed an ancient lich
105968 | Zig:27   | Noticed a dread lich
105970 | Zig:27   | Killed a dread lich
105971 | Zig:27   | Reached skill level 15 in Dodging
105973 | Zig:27   | Killed a dread lich
106027 | Zig:27   | Found the +9 staff of Olgreb {rPois∞}
106034 | Zig:27   | Identified the +1 ring mail "Muvodo" {Rampage rElec rPois
                  | Int-4}
106066 | Zig:27   | Identified the amulet "Zoopo" {Acrobat rC+}
106070 | Zig:27   | Identified the +3 buckler of Fortification {rElec rPois
                  | Will+ MP-9}
106275 | Zig:1    | Entered Level 1 of a ziggurat
106294 | Zig:2    | Entered Level 2 of a ziggurat
106329 | Zig:3    | Entered Level 3 of a ziggurat
106357 | Zig:4    | Entered Level 4 of a ziggurat
106405 | Zig:5    | Entered Level 5 of a ziggurat
106425 | Zig:5    | Identified the +12 chain mail of the Desolation of Salt
                  | {Str+3 Dex+3}
106439 | Zig:6    | Entered Level 6 of a ziggurat
106444 | Zig:6    | Noticed a dread lich
106447 | Zig:6    | Killed a dread lich
106474 | Zig:6    | Identified the +4 great sword of Beogh {freeze, Drain
                  | +Blink rN++ Int-3}
106492 | Zig:7    | Entered Level 7 of a ziggurat
106550 | Zig:7    | Identified the +0 whip "Duekimia" {drain, rPois}
106563 | Zig:8    | Entered Level 8 of a ziggurat
106570 | Zig:8    | Noticed a juggernaut
106572 | Zig:8    | Killed a juggernaut
106607 | Zig:8    | Identified the +6 great sword "Ryobbao" {freeze, Str+3
                  | Int+5}
106631 | Zig:8    | Identified the +6 ring mail of Ilubru Hiuck {Will+ Dex+3}
106651 | Zig:9    | Entered Level 9 of a ziggurat
106659 | Zig:9    | Noticed a dread lich
106664 | Zig:9    | Killed a dread lich
106691 | Zig:9    | Identified the +1 buckler of Fylo Cua {Int+4}
106707 | Zig:10   | Entered Level 10 of a ziggurat
106713 | Zig:10   | Noticed an ancient lich
106713 | Zig:10   | Noticed a dread lich
106713 | Zig:10   | Noticed a dread lich
106718 | Zig:10   | Killed a dread lich
106719 | Zig:10   | Killed an ancient lich
106723 | Zig:10   | Killed a dread lich
106736 | Zig:10   | Identified the +3 shortbow "Azxerch" {freeze, rElec rPois
                  | SInv}
106770 | Zig:10   | Identified the staff of cold "Atid" {rC+ Str+4 Int+3 Dex-3
                  | SInv}
106801 | Zig:11   | Entered Level 11 of a ziggurat
106811 | Zig:11   | Paralysed by a wendigo for 1 turns
106815 | Zig:11   | Found the +0 staff of Battle
106854 | Zig:11   | Identified the amulet of Amorality {rF+ rC+ Regen+ Int-2}
106859 | Zig:11   | Identified the +0 scale mail of the Albatross {Str+2}
106878 | Zig:12   | Entered Level 12 of a ziggurat
106892 | Zig:12   | Reached skill level 5 in Translocations
106936 | Zig:12   | Identified the +2 robe of Wonder {*Slow rC+++ Str+2 SInv}
106957 | Zig:12   | Identified the +5 shortbow "Vekkeg" {flame, rPois rC-
                  | Str+6}
106985 | Zig:13   | Entered Level 13 of a ziggurat
106989 | Zig:13   | Noticed a royal mummy
106989 | Zig:13   | Noticed a royal mummy
106992 | Zig:13   | Noticed a royal mummy
106994 | Zig:13   | Killed a royal mummy
106995 | Zig:13   | Killed a royal mummy
106995 | Zig:13   | Killed a royal mummy
106996 | Zig:13   | Noticed a royal mummy
106997 | Zig:13   | Noticed a royal mummy
107001 | Zig:13   | Killed a royal mummy
107003 | Zig:13   | Killed a royal mummy
107005 | Zig:13   | Noticed a royal mummy
107007 | Zig:13   | Killed a royal mummy
107046 | Zig:13   | Identified the staff of death "Kenauqaix" {+Blink rF+ rC+
                  | rN+ Str-2}
107047 | Zig:13   | Identified the +0 leather armour of Avupof {Str+5}
107087 | Zig:13   | Reached skill level 27 in Necromancy
107098 | Zig:14   | Entered Level 14 of a ziggurat
107110 | Zig:14   | Noticed an ancient lich
107113 | Zig:14   | Noticed an ancient lich
107113 | Zig:14   | Noticed a dread lich
107113 | Zig:14   | Noticed a dread lich
107116 | Zig:14   | Killed an ancient lich
107116 | Zig:14   | Killed a dread lich
107117 | Zig:14   | Killed a dread lich
107117 | Zig:14   | Killed an ancient lich
107146 | Zig:14   | Identified the +2 quarterstaff "Paxzon Goess" {freeze, MP+9
                  | Dex+5}
107152 | Zig:14   | Identified the +0 plate armour "Nerghuinnu" {rCorr Str-2
                  | Int+2}
107156 | Zig:14   | Identified the +8 scimitar "Fyseh" {pain, Int+5 Dex+3}
107157 | Zig:14   | Identified the +4 flail of Interdependent Arising {flame,
                  | rF- rN+ Str+7 Dex+3}
107171 | Zig:14   | Identified the +3 rapier "Dupnusy" {freeze, Dex+3}
107192 | Zig:15   | Entered Level 15 of a ziggurat
107331 | Zig:15   | Identified the staff of poison "Cusyep" {rPois rN+}
107338 | Zig:16   | Entered Level 16 of a ziggurat
107343 | Zig:16   | Noticed Vedghuus the pandemonium lord
107344 | Zig:16   | Noticed Pugyrom the pandemonium lord
107345 | Zig:16   | Noticed Fanuosoe the pandemonium lord
107345 | Zig:16   | Noticed Nabbajo the pandemonium lord
107345 | Zig:16   | Noticed Datam the pandemonium lord
107345 | Zig:16   | Noticed Racorgh the pandemonium lord
107345 | Zig:16   | Noticed Hugoreeb the pandemonium lord
107345 | Zig:16   | Noticed Ezxasy the pandemonium lord
107346 | Zig:16   | Noticed Meergh the pandemonium lord
107347 | Zig:16   | Killed Pugyrom the pandemonium lord
107347 | Zig:16   | Killed Datam the pandemonium lord
107348 | Zig:16   | Killed Fanuosoe the pandemonium lord
107348 | Zig:16   | Noticed Ynunibek the pandemonium lord
107349 | Zig:16   | Killed Racorgh the pandemonium lord
107350 | Zig:16   | Noticed Fuowai the pandemonium lord
107353 | Zig:16   | Killed Vedghuus the pandemonium lord
107353 | Zig:16   | Killed Meergh the pandemonium lord
107353 | Zig:16   | Noticed Otoagh the pandemonium lord
107354 | Zig:16   | Killed Ezxasy the pandemonium lord
107354 | Zig:16   | Killed Hugoreeb the pandemonium lord
107355 | Zig:16   | Killed Nabbajo the pandemonium lord
107356 | Zig:16   | Killed Fuowai the pandemonium lord
107358 | Zig:16   | Killed Ynunibek the pandemonium lord
107367 | Zig:16   | Killed Otoagh the pandemonium lord
107474 | Zig:16   | Identified the +1 robe of Beogh's Anger {rPois rC- Int+6
                  | Dex+2}
107495 | Zig:17   | Entered Level 17 of a ziggurat
107606 | Zig:17   | Found the +8 trishula "Condemnation" {holy, anguish, *Noise
                  | Fly rN+}
107619 | Zig:17   | Identified the staff of conjuration "Xafupp" {Drain Str+3
                  | Dex+6 SInv}
107673 | Zig:17   | Identified the +1 dire flail of the Messenger {flame,
                  | +Blink MP-9 Int+3}
107684 | Zig:18   | Entered Level 18 of a ziggurat
107694 | Zig:18   | Noticed a dread lich
107695 | Zig:18   | Killed a dread lich
107697 | Zig:18   | Noticed a dread lich
107698 | Zig:18   | Noticed a dread lich
107698 | Zig:18   | Noticed an ancient lich
107699 | Zig:18   | Noticed an ancient lich
107701 | Zig:18   | Noticed an ancient lich
107703 | Zig:18   | Killed an ancient lich
107703 | Zig:18   | Killed a dread lich
107703 | Zig:18   | Killed a dread lich
107704 | Zig:18   | Killed an ancient lich
107704 | Zig:18   | Killed an ancient lich
107757 | Zig:18   | Identified the +3 leather armour of Ykiphodgh {Int+3
                  | Stlth+}
107783 | Zig:18   | Identified the ring "Esiado" {rElec AC+4 Str-3 Dex+3}
107836 | Zig:19   | Entered Level 19 of a ziggurat
107889 | Zig:19   | Identified the staff of air "Aphit" {rElec rN+ Str-2
                  | Stlth+}
107896 | Zig:19   | Identified the +6 morningstar of the Augurer {spect, Drain
                  | Str+4}
107899 | Zig:19   | Identified the +7 arbalest "Yleut" {elec, rElec}
107900 | Zig:19   | Identified the ring of Yruotz {rF+ Will- Int+2 Dex+6}
108033 | Zig:20   | Entered Level 20 of a ziggurat
108212 | Zig:20   | Identified the staff of death "Ivaapsiy" {rC+ rN+ Dex+3
                  | Stlth-}
108218 | Zig:20   | Identified the +3 battleaxe of Superiority {antimagic,
                  | Int+2}
108219 | Zig:20   | Identified the amulet "Sautz" {RegenMP Str+3}
108231 | Zig:20   | Identified the staff of cold "Zoid" {rC+ Dex+2}
108269 | Zig:20   | Upgraded the game from 0.30-a0-1035-g38d5fb2972 to
                  | 0.30-a0-1043-g60ff8d5f49
108282 | Zig:20   | Learned a level 8 spell: Borgnjor's Revivification
108283 | Zig:21   | Entered Level 21 of a ziggurat
108484 | Zig:21   | Identified the ring of the Nightingale {Fly rN+}
108489 | Zig:21   | Identified the ring of Pyrrinn {rElec SInv}
108505 | Zig:21   | Identified the +5 trident of Wounding {venom, rPois rF-
                  | rC++ Int-5}
108510 | Zig:21   | Identified the staff of cold "Etrullev" {rC+ Int+2}
108514 | Zig:21   | Identified the staff of cold "Nelothe" {rC+ rN++}
108518 | Zig:21   | Identified the staff of air "Noetoq" {rElec rCorr Str+4}
108521 | Zig:21   | Identified the +4 ring mail "Maasoh" {rElec}
108525 | Zig:21   | Identified the staff of fire "Dotur" {rF+ rC+ Will+ SInv}
108547 | Zig:22   | Entered Level 22 of a ziggurat
108569 | Zig:22   | Found the +12 pair of quick blades "Gyre" and "Gimble"
                  | {protect}
108735 | Zig:22   | Identified the staff of earth "Qaywifuc" {rN+ Will+ rCorr
                  | Dex+2}
108740 | Zig:22   | Identified the staff of cold "Suise" {rC+ rN+}
108750 | Zig:22   | Identified the +7 battleaxe of Antique Tortfeasance {holy,
                  | rElec Dex+5}
108752 | Zig:22   | Identified the +6 great sword "Sikkyeq" {heavy, rElec Str+6
                  | Int-5}
108753 | Zig:22   | Identified the staff of air "Ohoam" {rElec Int+5 Dex+6}
108767 | Zig:22   | Identified the staff of earth "Tieleutz" {Stlth+}
108769 | Zig:22   | Identified the +3 glaive "Pulasuip" {flame, Fragile rF+
                  | Dex+3}
108770 | Zig:22   | Identified the +4 spear "Seczac" {elec, rElec rPois rCorr}
108779 | Zig:23   | Entered Level 23 of a ziggurat
108800 | Zig:23   | Found the +18 shield of the Gong {Loud rN+ Will+ rCorr
                  | EV-5}
108862 | Zig:23   | Identified the amulet "Zic Fein" {Faith Fly MP+9 Str-3}
108882 | Zig:23   | Identified the -1 kite shield of Leapfrog {Slay+2}
109090 | Zig:23   | Reached skill level 27 in Armour
109093 | Zig:24   | Entered Level 24 of a ziggurat
109108 | Zig:24   | Reached skill level 10 in Translocations
109161 | Zig:24   | Identified the staff of air "Foath" {rElec Str+6}
109166 | Zig:24   | Identified the +11 great sword "Doabb" {flame, rPois rF+
                  | Str+4}
109418 | Zig:25   | Entered Level 25 of a ziggurat
109427 | Zig:25   | Noticed an ancient lich
109429 | Zig:25   | Killed an ancient lich
109431 | Zig:25   | Noticed a dread lich
109432 | Zig:25   | Reached skill level 15 in Translocations
109435 | Zig:25   | Killed a dread lich
109465 | Zig:25   | Found the +2 cloak of the Thief {*Fog Slay-2 SInv Stlth+}
109658 | Zig:25   | Identified the +3 battleaxe of Sufficient Gallantry
                  | {freeze, rN+}
109659 | Zig:25   | Identified the staff of conjuration "Cimir" {rF- rCorr
                  | Dex+2}
109660 | Zig:25   | Identified the scarf of Prudence {rC+ rF+, +Blink rCorr
                  | MP-9 Dex+3}
109662 | Zig:25   | Identified the ring "Sumoisucawk" {+Blink rC+ Str+3 Int-4}
109664 | Zig:25   | Identified the staff of death "Wapoenon" {rPois rN+ Int-4
                  | Dex+7}
109666 | Zig:25   | Identified the +3 falchion of Kieruip {flame, *Noise Fly
                  | Int+2 Dex+4}
109696 | Zig:26   | Entered Level 26 of a ziggurat
109702 | Zig:26   | Noticed Yvabili the pandemonium lord
109702 | Zig:26   | Noticed Zacovy the pandemonium lord
109702 | Zig:26   | Noticed Hakhlesh the pandemonium lord
109702 | Zig:26   | Noticed Peanesh the pandemonium lord
109702 | Zig:26   | Noticed Raqewa Rojo the pandemonium lord
109702 | Zig:26   | Noticed Biss the pandemonium lord
109703 | Zig:26   | Noticed Naeho Weydu the pandemonium lord
109704 | Zig:26   | Noticed Jeseob the pandemonium lord
109704 | Zig:26   | Noticed Pumen Goyka the pandemonium lord
109704 | Zig:26   | Noticed Imnisu the pandemonium lord
109704 | Zig:26   | Noticed Qacsott the pandemonium lord
109704 | Zig:26   | Noticed Taxzienyk the pandemonium lord
109704 | Zig:26   | Noticed Launwak the pandemonium lord
109704 | Zig:26   | Noticed Saxerump the pandemonium lord
109704 | Zig:26   | Noticed Ruemir the pandemonium lord
109704 | Zig:26   | Noticed Qashemun the pandemonium lord
109704 | Zig:26   | Noticed Vegeaf the pandemonium lord
109704 | Zig:26   | Noticed Zorint the pandemonium lord
109704 | Zig:26   | Noticed Lereaquh the pandemonium lord
109704 | Zig:26   | Noticed Xaatz the pandemonium lord
109704 | Zig:26   | Noticed Wyrusuan the pandemonium lord
109704 | Zig:26   | Noticed Homez the pandemonium lord
109705 | Zig:26   | Noticed Veohamia the pandemonium lord
109705 | Zig:26   | Noticed Paytov the pandemonium lord
109705 | Zig:26   | Noticed Kaschexurch the pandemonium lord
109706 | Zig:26   | Noticed Xaryogicvy the pandemonium lord
109707 | Zig:26   | Killed Pumen Goyka the pandemonium lord
109707 | Zig:26   | Killed Saxerump the pandemonium lord
109707 | Zig:26   | Killed Xaatz the pandemonium lord
109707 | Zig:26   | Killed Wyrusuan the pandemonium lord
109707 | Zig:26   | Killed Yvabili the pandemonium lord
109707 | Zig:26   | Killed Urghused the pandemonium lord
109707 | Zig:26   | Killed Homez the pandemonium lord
109707 | Zig:26   | Killed Qacsott the pandemonium lord
109707 | Zig:26   | Killed Hakhlesh the pandemonium lord
109708 | Zig:26   | Noticed Qoeqouhi the pandemonium lord
109708 | Zig:26   | Noticed Pusiestu the pandemonium lord
109708 | Zig:26   | Noticed Mocyu the pandemonium lord
109709 | Zig:26   | Noticed Gapauc the pandemonium lord
109710 | Zig:26   | Killed Kaschexurch the pandemonium lord
109710 | Zig:26   | Killed Zacovy the pandemonium lord
109710 | Zig:26   | Killed Launwak the pandemonium lord
109710 | Zig:26   | Killed Imnisu the pandemonium lord
109710 | Zig:26   | Killed Zorint the pandemonium lord
109710 | Zig:26   | Killed Qashemun the pandemonium lord
109710 | Zig:26   | Killed Gapauc the pandemonium lord
109713 | Zig:26   | Noticed Nachaani the pandemonium lord
109715 | Zig:26   | Killed Peanesh the pandemonium lord
109717 | Zig:26   | Killed Taxzienyk the pandemonium lord
109718 | Zig:26   | Noticed Qoenguda the pandemonium lord
109718 | Zig:26   | Noticed Xihor the pandemonium lord
109718 | Zig:26   | Noticed Saxurah the pandemonium lord
109718 | Zig:26   | Killed Lereaquh the pandemonium lord
109722 | Zig:26   | Killed Raqewa Rojo the pandemonium lord
109726 | Zig:26   | Killed Mocyu the pandemonium lord
109729 | Zig:26   | Killed Pusiestu the pandemonium lord
109730 | Zig:26   | Killed Paytov the pandemonium lord
109731 | Zig:26   | Killed Jeseob the pandemonium lord
109732 | Zig:26   | Killed Ruemir the pandemonium lord
109733 | Zig:26   | Killed Qoeqouhi the pandemonium lord
109733 | Zig:26   | Killed Naeho Weydu the pandemonium lord
109733 | Zig:26   | Killed Qoenguda the pandemonium lord
109733 | Zig:26   | Killed Udamomuc the pandemonium lord
109735 | Zig:26   | Killed Veohamia the pandemonium lord
109737 | Zig:26   | Killed Nachaani the pandemonium lord
109739 | Zig:26   | Killed Vegeaf the pandemonium lord
109739 | Zig:26   | Killed Biss the pandemonium lord
109740 | Zig:26   | Killed Xihor the pandemonium lord
109742 | Zig:26   | Killed Saxurah the pandemonium lord
109752 | Zig:26   | Killed Xaryogicvy the pandemonium lord
109804 | Zig:26   | Found the +8 frozen axe "Frostbite" {freeze, freezing
                  | cloud, *Noise Fly rC+}
109859 | Zig:26   | Identified the +0 leather armour "Nelig" {Str+2}
109868 | Zig:26   | Identified the ring "Pumiuc" {*Slow rF+ rC+++ Int-5 Slay+6}
109899 | Zig:26   | Identified the staff of air "Witruoj" {Fly rElec rC+ Int+4}
109903 | Zig:26   | Identified the +1 leather armour of the World {+Blink rN+
                  | Dex+2}
109907 | Zig:26   | Identified the +5 scale mail of Hiekh {Rampage rF- rN+++
                  | Stlth+}
109948 | Zig:27   | Entered Level 27 of a ziggurat
110120 | Zig:27   | Identified the +8 chain mail "Ytaloe" {Rampage Int+6}
110121 | Zig:27   | Identified the +2 helmet "Ebbekof" {Regen+ Int+3}
110149 | Zig:27   | Identified the +5 eveningstar of Moderation {heavy, rC+
                  | rCorr Int-4}
110157 | Zig:27   | Identified the +2 leather armour of Experimentation {rElec
                  | Slay+2}
110358 | Zig:1    | Entered Level 1 of a ziggurat
110405 | Zig:2    | Entered Level 2 of a ziggurat
110430 | Zig:2    | Identified the +2 robe of the Lost Priests {+Blink rC+}
110439 | Zig:3    | Entered Level 3 of a ziggurat
110446 | Zig:3    | Reached skill level 27 in Evocations
110464 | Zig:3    | Identified the staff of cold "Beriumuci" {rC+ rN+ Will-
                  | rCorr}
110469 | Zig:4    | Entered Level 4 of a ziggurat
110527 | Zig:5    | Entered Level 5 of a ziggurat
110529 | Zig:5    | Noticed an ancient lich
110529 | Zig:5    | Noticed a dread lich
110530 | Zig:5    | Killed an ancient lich
110531 | Zig:5    | Killed a dread lich
110565 | Zig:5    | Identified the +7 battleaxe of the Spider Nest {freeze, rC+
                  | Dex+4 Stlth+}
110566 | Zig:5    | Identified the ring "Fudifan" {rElec rF+ Dex+6}
110568 | Zig:5    | Identified the staff of fire "Zicsakk" {rF+ rCorr MP-9
                  | Stlth+}
110576 | Zig:6    | Entered Level 6 of a ziggurat
110581 | Zig:6    | Found the +3 Elemental Staff {rElec rF++ rC++ AC+5}
110626 | Zig:6    | Identified the ring of Awe {Wiz rElec MP+9}
110635 | Zig:7    | Entered Level 7 of a ziggurat
110682 | Zig:7    | Identified the +0 arbalest "Goblinbane" {drain, rPois
                  | Dex+5}
110688 | Zig:7    | Identified the +2 short sword of Sudden Death {drain, Fly
                  | rN+ Str+3 Int+2 Dex-4}
110748 | Zig:8    | Entered Level 8 of a ziggurat
110834 | Zig:8    | Identified the +0 robe of Masochism {+Inv rElec rF++ Will+}
110836 | Zig:8    | Identified the ring of Xom's Passing Interest {rElec Will-
                  | AC+4 Int+3}
110864 | Zig:9    | Entered Level 9 of a ziggurat
110876 | Zig:9    | Reached skill level 5 in Staves
110923 | Zig:9    | Identified the staff of cold "Ryosti" {rC+ rN++}
111036 | Zig:10   | Entered Level 10 of a ziggurat
111181 | Zig:10   | Identified the ring of Temperance {Contam rPois rC++ rN+
                  | Slay+3}
111194 | Zig:10   | Identified the +0 ring mail "Kekomibb" {Dex+6}
111195 | Zig:10   | Identified the +0 broad axe of Overwhelming Force {freeze,
                  | rC+}
111202 | Zig:10   | Lost mutation: You occasionally lose the ability to read
                  | scrolls when taking damage. [potion of mutation]
111202 | Zig:10   | Lost mutation: You possess an exceptional clarity of mind.
                  | [potion of mutation]
111202 | Zig:10   | Gained mutation: You are vulnerable to cold. (rC-) [potion
                  | of mutation]
111202 | Zig:10   | Gained mutation: You have a somewhat thin skeletal
                  | structure. (Dex +2, Stealth+) [potion of mutation]
111202 | Zig:10   | Gained mutation: You have supernaturally acute eyesight.
                  | (SInv) [potion of mutation]
111203 | Zig:10   | Lost mutation: You are vulnerable to cold. (rC-) [potion of
                  | mutation]
111203 | Zig:10   | Lost mutation: You have a somewhat thin skeletal structure.
                  | (Dex +2, Stealth+) [potion of mutation]
111203 | Zig:10   | Lost mutation: You have supernaturally acute eyesight.
                  | (SInv) [potion of mutation]
111203 | Zig:10   | Gained mutation: Your body sometimes deteriorates upon
                  | taking damage. [potion of mutation]
111203 | Zig:10   | Gained mutation: You expend magic power (3 MP) to
                  | strengthen your wands. [potion of mutation]
111204 | Zig:10   | Lost mutation: You expend magic power (3 MP) to strengthen
                  | your wands. [potion of mutation]
111204 | Zig:10   | Lost mutation: Your body sometimes deteriorates upon taking
                  | damage. [potion of mutation]
111204 | Zig:10   | Gained mutation: Your system is resistant to poisons.
                  | (rPois) [potion of mutation]
111204 | Zig:10   | Gained mutation: You have a pair of small horns on your
                  | head. [potion of mutation]
111205 | Zig:10   | Lost mutation: Your system is resistant to poisons. (rPois)
                  | [potion of mutation]
111205 | Zig:10   | Lost mutation: You have a pair of small horns on your head.
                  | [potion of mutation]
111205 | Zig:10   | Gained mutation: You have large cloven feet. [potion of
                  | mutation]
111205 | Zig:10   | Gained mutation: Your muscles are strong. (Str +4, Int/Dex
                  | -1) [potion of mutation]
111220 | Zig:11   | Entered Level 11 of a ziggurat
111226 | Zig:11   | Noticed Etuzefeg the pandemonium lord
111226 | Zig:11   | Noticed Wisi the pandemonium lord
111227 | Zig:11   | Noticed Ikaeh the pandemonium lord
111229 | Zig:11   | Noticed Qilun the pandemonium lord
111230 | Zig:11   | Noticed Wyirou the pandemonium lord
111231 | Zig:11   | Killed Wisi the pandemonium lord
111231 | Zig:11   | Noticed Biarphaf the pandemonium lord
111231 | Zig:11   | Noticed Rupalar the pandemonium lord
111234 | Zig:11   | Killed Qilun the pandemonium lord
111234 | Zig:11   | Noticed Qeyfusch the pandemonium lord
111234 | Zig:11   | Killed Ikaeh the pandemonium lord
111236 | Zig:11   | Killed Wyirou the pandemonium lord
111242 | Zig:11   | Noticed Sisufod the pandemonium lord
111243 | Zig:11   | Killed Etuzefeg the pandemonium lord
111244 | Zig:11   | Killed Sisufod the pandemonium lord
111244 | Zig:11   | Killed Biarphaf the pandemonium lord
111244 | Zig:11   | Killed Qeyfusch the pandemonium lord
111247 | Zig:11   | Killed Rupalar the pandemonium lord
111293 | Zig:11   | Identified the staff of conjuration "Puomisy" {Dex+9}
111302 | Zig:11   | Identified the +0 scimitar of Xom's Pride {heavy, +Blink
                  | rElec rF++ Int-4}
111369 | Zig:12   | Entered Level 12 of a ziggurat
111485 | Zig:12   | Identified the +1 spear of Impeachment {freeze, rElec}
111492 | Zig:12   | Identified the +1 long sword of Zym Dele {speed, rElec
                  | Str+4}
111558 | Zig:13   | Entered Level 13 of a ziggurat
111628 | Zig:13   | Identified the +10 hand axe of Disirphia {flame, rF+ rC+
                  | Int+2}
111691 | Zig:14   | Entered Level 14 of a ziggurat
111824 | Zig:14   | Identified the +1 chain mail of Lugonu's Grace {rElec}
111830 | Zig:14   | Identified the staff of conjuration "Eduosaf" {rF+ rC+
                  | rCorr}
111839 | Zig:14   | Identified the ring of Jackeon {Wiz rElec rN+ MP-9 Int+2}
111970 | Zig:14   | Learned a level 9 spell: Polar Vortex
111979 | Zig:14   | Learned a level 7 spell: Spellforged Servitor
111981 | Zig:15   | Entered Level 15 of a ziggurat
111991 | Zig:15   | Reached skill level 10 in Ice Magic
112078 | Zig:15   | Found the +2 pair of slick slippers {slick, slippery, EV+4}
112094 | Zig:15   | Identified the ring "Satho" {Str+4 Dex+6 Stlth-}
112118 | Zig:15   | Identified the staff of air "Qify" {rElec rC- Will- Int+6
                  | Dex+9}
112240 | Zig:16   | Entered Level 16 of a ziggurat
112381 | Zig:16   | Identified the staff of poison "Lysch" {*Slow rPois rC+
                  | rCorr Int+6}
112385 | Zig:16   | Identified the +3 leather armour of Teap {Rampage Int+2}
112387 | Zig:16   | Identified the +9 triple crossbow "Lih Liyts" {drain, rElec
                  | rPois Str+6 Int-4}
112389 | Zig:16   | Identified the ring "Tibou" {Will++ AC+4 Str-4}
112394 | Zig:16   | Identified the staff of earth "Zyerchugo" {Str+3}
112422 | Zig:16   | Identified the staff of air "Vud Boal" {rElec Int+4}
112472 | Zig:17   | Entered Level 17 of a ziggurat
112491 | Zig:17   | Reached skill level 15 in Ice Magic
112532 | Zig:17   | Identified the ring of Ussiv {rN+ rCorr Str-2 Dex+6}
112543 | Zig:17   | Identified the +2 pair of gloves "Oceulywn" {rElec Will+
                  | Str+2}
112548 | Zig:17   | Identified the staff of earth "Vawkos" {+Blink rCorr
                  | Stlth+}
112560 | Zig:17   | Identified the ring of Cax Hurgh {Str+6 Dex+2}
112567 | Zig:17   | Identified the +0 short sword of Intense Reinforcement
                  | {freeze, rCorr}
112572 | Zig:17   | Identified the ring "Misodosou" {Wiz Drain Will++ Dex+4
                  | SInv}
112699 | Zig:17   | Identified the +1 leather armour "Wuacazal" {Int+9}
112746 | Zig:18   | Entered Level 18 of a ziggurat
112755 | Zig:18   | Noticed an ancient lich
112755 | Zig:18   | Noticed an ancient lich
112755 | Zig:18   | Noticed a dread lich
112755 | Zig:18   | Noticed a dread lich
112757 | Zig:18   | Killed an ancient lich
112757 | Zig:18   | Killed a dread lich
112757 | Zig:18   | Killed an ancient lich
112757 | Zig:18   | Killed a dread lich
112757 | Zig:18   | Noticed a dread lich
112758 | Zig:18   | Noticed an ancient lich
112759 | Zig:18   | Killed an ancient lich
112759 | Zig:18   | Noticed a dread lich
112764 | Zig:18   | Killed a dread lich
112764 | Zig:18   | Killed a dread lich
112784 | Zig:18   | Found the +1 cloak of Starlight {*Dazzle EV+4 Stlth--}
112878 | Zig:18   | Identified the +7 longbow of Gozag's Wrath {drain, rF+
                  | Dex+5}
112889 | Zig:18   | Identified the +1 leather armour of Analysis {Str+3}
112897 | Zig:18   | Identified the ring "Idwaypt" {rF+ AC+4 Str+2 Stlth+}
112900 | Zig:18   | Identified the staff of cold "Deckol" {rElec rC+ rCorr}
112970 | Zig:19   | Entered Level 19 of a ziggurat
113137 | Zig:19   | Identified the ring "Depi" {Wiz Dex+2}
113140 | Zig:19   | Identified the +0 plate armour of Ypneim {rC+ Dex+3}
113142 | Zig:19   | Identified the amulet of Absolutism {Faith rC++ Dex+3}
113145 | Zig:19   | Identified the +8 plate armour of Koserio {Rampage}
113149 | Zig:19   | Identified the +3 leather armour "Xeasaer" {rElec rF+ rC+
                  | Str-3}
113150 | Zig:19   | Identified the +1 rapier of Caraysm {drain, rF- Str+3
                  | Dex+5}
113152 | Zig:19   | Identified the ring of Lysuud {Drain rElec rPois rC+}
113212 | Zig:20   | Entered Level 20 of a ziggurat
113235 | Zig:20   | Reached skill level 27 in Throwing
113390 | Zig:20   | Found the +6 Majin-Bo {spellvamp, MP+6 Int+6}
113441 | Zig:20   | Identified the +3 buckler of the Big Bang {Fly Str+3}
113450 | Zig:20   | Identified the +7 hand axe of Indignation {pain, rC+ Will++
                  | rCorr Str+3}
113473 | Zig:20   | Identified the +0 leather armour "Muroez" {-Cast +Inv
                  | rElec}
113476 | Zig:20   | Identified the +3 dagger "Ydezxed" {freeze, rF+ rC+}
113500 | Zig:20   | Identified the +4 war axe "Udunn" {speed, rCorr Str+2
                  | Stlth+}
113567 | Zig:21   | Entered Level 21 of a ziggurat
113613 | Zig:21   | Identified the +1 pair of boots of the Shore {*Slow Fly
                  | rC++ Will+}
113620 | Zig:21   | Identified the ring "Enovimeg" {rPois rF+ Str+4}
113623 | Zig:21   | Identified the ring "Tuistirch" {rF+ MP+9 Str+2}
113819 | Zig:22   | Entered Level 22 of a ziggurat
113825 | Zig:22   | Noticed a juggernaut
113827 | Zig:22   | Noticed a juggernaut
113828 | Zig:22   | Reached skill level 27 in Ice Magic
113829 | Zig:22   | Noticed a juggernaut
113830 | Zig:22   | Killed a juggernaut
113831 | Zig:22   | Killed a juggernaut
113831 | Zig:22   | Killed a juggernaut
113833 | Zig:22   | Noticed a juggernaut
113835 | Zig:22   | Noticed a juggernaut
113836 | Zig:22   | Killed a juggernaut
113836 | Zig:22   | Killed a juggernaut
113839 | Zig:22   | Found the +10 dark maul {heavy}
113841 | Zig:22   | Found the +10 morningstar "Eos" {elec, Halo rElec}
113843 | Zig:22   | Reached skill level 27 in Transmutations
114059 | Zig:22   | Identified the scarf of Trumpets {shadows, rElec Will+
                  | Stlth-}
114092 | Zig:22   | Identified the staff of cold "Pow Woff" {rC+ rN++ rCorr
                  | Int-5 SInv}
114098 | Zig:22   | Identified the +2 robe of the Fiend {*Slow Regen+ Int+7}
114105 | Zig:22   | Identified the +10 battleaxe of Bequeathed Innocence
                  | {heavy, rN++ rCorr}
114118 | Zig:22   | Identified the ring "Xunooseluu" {rPois rF+ Str+6}
114121 | Zig:22   | Identified the +11 morningstar of Generosity {venom, rC++
                  | rN+ Dex-4 SInv}
114139 | Zig:22   | Identified the +6 arbalest "Fuupyss" {flame, rF+++ rCorr
                  | Str+3 Int+3}
114206 | Zig:23   | Entered Level 23 of a ziggurat
114219 | Zig:23   | Reached skill level 10 in Staves
114221 | Zig:23   | Found the +5 glaive of the Guard {elec, spectral, AC+5}
114272 | Zig:23   | Identified the +7 quarterstaff of the Boiling Point {flame,
                  | *Slow rF+ rCorr Int+2}
114276 | Zig:23   | Identified the staff of air "Foabuw" {Fly rElec rF+ Str-4
                  | Int+3}
114279 | Zig:23   | Identified the +7 sling of Bequeathed Valour {freeze, rC+
                  | SInv}
114289 | Zig:23   | Identified the amulet of Kikubaaqudgha's Regard {Faith Fly
                  | rElec Will-}
114298 | Zig:23   | Identified the +1 spear "Duduotz" {holy, Str+2 Int+3}
114300 | Zig:23   | Identified the +8 great mace of Starshine {freeze, rElec
                  | rF+++ rC- Will++}
114302 | Zig:23   | Identified the +6 long sword of the Tundras {flame, rF+
                  | Dex+5}
114332 | Zig:23   | Identified the staff of death "Jish" {rC+ rN+ Will- Str+3
                  | Stlth+}
114525 | Zig:24   | Entered Level 24 of a ziggurat
114539 | Zig:24   | Reached skill level 15 in Polearms
114704 | Zig:24   | Identified the staff of fire "Zuenar" {rF+ rN++ Dex-4}
114706 | Zig:24   | Identified the +3 morningstar of the Original Sin {drain,
                  | Int+2}
114734 | Zig:24   | Identified the staff of air "Irech" {Fly rElec rC++}
114741 | Zig:24   | Identified the +8 dagger of Hajehull {protect, rCorr}
114752 | Zig:24   | Identified the staff of poison "Votal" {rPois rF+ MP+9
                  | Int+4}
114770 | Zig:24   | Identified the +6 sling "Daxzuluje" {speed, rF+ Dex+2}
114877 | Zig:25   | Entered Level 25 of a ziggurat
115123 | Zig:25   | Identified the ring "Galys" {rF+++ rC+++ Will+ Int-2 Dex-5}
115126 | Zig:25   | Identified the ring "Meapogug" {+Blink Will+ MP+9 Int+4}
115149 | Zig:25   | Identified the ring "Qid Zust" {+Blink Will+ rCorr Dex-5
                  | Slay+6}
115151 | Zig:25   | Acquired 963 gold pieces
115153 | Zig:25   | Identified the staff of earth "Uhoawusa" {Will+ Str+3 Int+7
                  | Dex-5}
115154 | Zig:25   | Identified the +6 leather armour of the Shining Light {rF+
                  | rC+ Regen+ Int-4}
115158 | Zig:25   | Identified the +1 dagger of Righteous Fury {protect,
                  | *Corrode rPois Will- Int+8}
115216 | Zig:26   | Entered Level 26 of a ziggurat
115240 | Zig:26   | Reached skill level 15 in Staves
115466 | Zig:26   | Identified the staff of fire "Zaehunt" {rF+ Will++ Int-4
                  | Dex+4}
115525 | Zig:26   | Identified the +2 short sword of the Freezing Butterfly
                  | {holy, Stlth+}
115541 | Zig:26   | Identified the +8 plate armour of Fedhas's Anger {rN++
                  | MP+9}
115639 | Zig:27   | Entered Level 27 of a ziggurat
115652 | Zig:27   | Noticed a dread lich
115653 | Zig:27   | Noticed a dread lich
115654 | Zig:27   | Killed a dread lich
115658 | Zig:27   | Noticed an ancient lich
115659 | Zig:27   | Killed a dread lich
115660 | Zig:27   | Killed an ancient lich
115660 | Zig:27   | Noticed a dread lich
115662 | Zig:27   | Noticed a dread lich
115663 | Zig:27   | Noticed a dread lich
115664 | Zig:27   | Noticed an ancient lich
115666 | Zig:27   | Killed a dread lich
115666 | Zig:27   | Killed a dread lich
115666 | Zig:27   | Killed a dread lich
115666 | Zig:27   | Noticed an ancient lich
115667 | Zig:27   | Killed an ancient lich
115667 | Zig:27   | Killed an ancient lich
115670 | Zig:27   | Noticed a dread lich
115675 | Zig:27   | Killed a dread lich
115734 | Zig:27   | Identified the +3 gold dragon scales "Holel" {Harm +Blink
                  | rPois rF+ rC+ SInv}
115746 | Zig:27   | Identified the amulet of Incredulity {*Slow rF+ Will+
                  | Regen+ SInv}
116084 | Zig:1    | Entered Level 1 of a ziggurat
116100 | Zig:2    | Entered Level 2 of a ziggurat
116100 | Zig:2    | Noticed an orb of fire
116103 | Zig:2    | Killed an orb of fire
116134 | Zig:3    | Entered Level 3 of a ziggurat
116227 | Zig:4    | Entered Level 4 of a ziggurat
116288 | Zig:4    | Identified the +9 scimitar of Mottute {freeze, rCorr Str+4
                  | Dex+2 SInv}
116303 | Zig:5    | Entered Level 5 of a ziggurat
116324 | Zig:5    | Identified the +9 rapier of Wenkyjol {flame, Str+2}
116339 | Zig:5    | Identified the +9 falchion of Omnoisuk {heavy, Dex+3}
116357 | Zig:6    | Entered Level 6 of a ziggurat
116361 | Zig:6    | Reached skill level 5 in Air Magic
116461 | Zig:7    | Entered Level 7 of a ziggurat
116464 | Zig:7    | Found the ring of the Tortoise {AC+8}
116504 | Zig:7    | Identified the +10 great mace of the Dark Horse {speed,
                  | Str+2 Int+8}
116507 | Zig:7    | Identified the +8 great sword of Popular Demand {holy,
                  | Will+}
116579 | Zig:8    | Entered Level 8 of a ziggurat
116652 | Zig:8    | Identified the +7 rapier of Xotootut {drain, *Noise rPois
                  | rCorr Str+2}
116662 | Zig:8    | Identified the +5 dagger of Olaedder {spect, rElec Will+}
116667 | Zig:8    | Identified the +5 whip of Inference {heavy, Will+ MP+9
                  | Str+2 Dex+2}
116669 | Zig:8    | Identified the ring of Tekhecseza {Fire Str+6}
116697 | Zig:9    | Entered Level 9 of a ziggurat
116738 | Zig:9    | Identified the +0 leather armour of Wisdom {rElec rPois
                  | Int-5 Stlth+}
116758 | Zig:9    | Identified the amulet "Voik" {Harm rElec rF+++ Regen+
                  | Str-5}
116825 | Zig:9    | Acquired 1156 gold pieces
116843 | Zig:10   | Entered Level 10 of a ziggurat
116932 | Zig:10   | Identified the +1 ring mail of Ciol {Rampage rC- Dex-4
                  | SInv}
116939 | Zig:10   | Identified the +2 great mace of Duty {heavy, +Blink rC-
                  | Str+3}
117014 | Zig:11   | Entered Level 11 of a ziggurat
117021 | Zig:11   | Noticed Niosez the pandemonium lord
117030 | Zig:11   | Killed Niosez the pandemonium lord
117033 | Zig:11   | Found the +8 whip "Snakebite" {venom, curare, rPois}
117110 | Zig:11   | Identified the ring "Curilent" {*Slow Will+ Str+6 Int+2
                  | Dex-3}
117116 | Zig:11   | Identified the staff of air "Oshazxyqo" {rElec rN+ Int+5
                  | Dex+3}
117221 | Zig:12   | Entered Level 12 of a ziggurat
117235 | Zig:12   | Reached skill level 10 in Poison Magic
117355 | Zig:12   | Identified the staff of fire "Nerahyny" {rF+ rC++}
117359 | Zig:12   | Identified the +7 dagger "Juakh" {holy, Int+3}
117435 | Zig:13   | Entered Level 13 of a ziggurat
117447 | Zig:13   | Noticed a dread lich
117449 | Zig:13   | Noticed a dread lich
117450 | Zig:13   | Noticed an ancient lich
117452 | Zig:13   | Killed a dread lich
117452 | Zig:13   | Killed a dread lich
117452 | Zig:13   | Killed an ancient lich
117453 | Zig:13   | Noticed an ancient lich
117454 | Zig:13   | Found the Hermit's Pendant {Faith Invo=14 Evo=0 MP+5}
117457 | Zig:13   | Killed an ancient lich
117522 | Zig:13   | Acquired 890 gold pieces
117530 | Zig:13   | Identified the +9 short sword of Governance {heavy, rF+ rN+
                  | rCorr Dex-5}
117547 | Zig:13   | Identified the amulet "Waebbus" {RegenMP rPois Will+ Int+2}
117626 | Zig:13   | Acquired 987 gold pieces
117666 | Zig:13   | Reached skill level 10 in Air Magic
117685 | Zig:14   | Entered Level 14 of a ziggurat
117929 | Zig:14   | Identified the ring "Ibadghulu" {rF++ rC+ Str-3}
117991 | Zig:15   | Entered Level 15 of a ziggurat
118005 | Zig:15   | Noticed an ancient lich
118008 | Zig:15   | Paralysed by a wendigo for 1 turns
118011 | Zig:15   | Killed an ancient lich
118083 | Zig:15   | Identified the staff of death "Tetsiat" {rN+ rCorr Dex+3}
118090 | Zig:15   | Identified the staff of poison "Jankunki" {rPois rCorr
                  | Dex+2}
118101 | Zig:15   | Identified the +7 chain mail of Yesterday {Str-3 Int+3
                  | Dex+3}
118109 | Zig:15   | Identified the staff of poison "Kin Siun" {Contam rPois
                  | rF+++ rN+ Str-4 Int+2}
118201 | Zig:16   | Entered Level 16 of a ziggurat
118207 | Zig:16   | Noticed an ancient lich
118212 | Zig:16   | Noticed an ancient lich
118213 | Zig:16   | Reached skill level 10 in Stealth
118214 | Zig:16   | Killed an ancient lich
118214 | Zig:16   | Killed an ancient lich
118218 | Zig:16   | Reached skill level 27 in Dodging
118292 | Zig:16   | Identified the +4 quarterstaff of the Bursting Ancients
                  | {flame, Will+}
118301 | Zig:16   | Identified the +4 demon whip of Tim Xuah {vamp, Dex+3}
118425 | Zig:16   | Identified the staff of fire "Unobiru" {*Slow rPois rF+
                  | rC+++ Int+2}
118437 | Zig:16   | Identified the +3 leather armour "Noelu" {rC+++ Regen+
                  | Dex-5}
118510 | Zig:16   | Identified the ring "Guclyd Kooci" {rPois Will+ Int+3}
118544 | Zig:17   | Entered Level 17 of a ziggurat
118551 | Zig:17   | Reached skill level 15 in Stealth
118731 | Zig:17   | Identified the amulet of Umereibe {Regen+ Dex+4}
118733 | Zig:17   | Identified the +2 steam dragon scales "Uvumum" {rF++ Str-5}
118743 | Zig:17   | Identified the +7 dagger of Trauma {heavy, Str+3}
118746 | Zig:17   | Identified the +11 halberd of Scorn {heavy, rN+ rCorr}
118748 | Zig:17   | Identified the staff of death "Xidodis" {rF+ rN+ Stlth+}
118749 | Zig:17   | Identified the +9 sling of the Crypt {flame, Will+ rCorr}
118752 | Zig:17   | Identified the staff of earth "Zolueng" {rC+ Str+8 Int-2
                  | Stlth-}
118760 | Zig:17   | Identified the staff of earth "Vichiosch" {rF+ MP+9 SInv}
118766 | Zig:17   | Identified the staff of cold "Vukenapp" {rC+ Str+3 Stlth-}
118886 | Zig:18   | Entered Level 18 of a ziggurat
118946 | Zig:18   | Found the +8 Vampire's Tooth {megavamp}
119020 | Zig:18   | Identified the staff of earth "Saamon" {+Blink MP+9 Dex+2}
119022 | Zig:18   | Identified the +1 scale mail of Greed {rF+ rN+ Int-4 Dex+4}
119118 | Zig:18   | Identified the staff of poison "Hefeoh" {*Corrode rPois
                  | Will+++ Dex+7 Stlth-}
119124 | Zig:18   | Reached skill level 27 in Shields
119195 | Zig:19   | Entered Level 19 of a ziggurat
119209 | Zig:19   | Noticed a dread lich
119209 | Zig:19   | Noticed an ancient lich
119209 | Zig:19   | Noticed an ancient lich
119209 | Zig:19   | Noticed an ancient lich
119209 | Zig:19   | Noticed a dread lich
119209 | Zig:19   | Noticed a dread lich
119210 | Zig:19   | Killed a dread lich
119210 | Zig:19   | Killed an ancient lich
119210 | Zig:19   | Killed an ancient lich
119210 | Zig:19   | Noticed a dread lich
119211 | Zig:19   | Noticed an ancient lich
119212 | Zig:19   | Noticed a dread lich
119212 | Zig:19   | Noticed a dread lich
119213 | Zig:19   | Noticed an ancient lich
119214 | Zig:19   | Noticed a dread lich
119215 | Zig:19   | Noticed an ancient lich
119215 | Zig:19   | Killed an ancient lich
119215 | Zig:19   | Killed a dread lich
119215 | Zig:19   | Killed a dread lich
119215 | Zig:19   | Killed a dread lich
119215 | Zig:19   | Killed an ancient lich
119216 | Zig:19   | Killed a dread lich
119216 | Zig:19   | Killed a dread lich
119216 | Zig:19   | Killed a dread lich
119216 | Zig:19   | Killed an ancient lich
119216 | Zig:19   | Killed an ancient lich
119221 | Zig:19   | Found the +3 pair of seven-league boots {Rampage+∞}
119525 | Zig:20   | Entered Level 20 of a ziggurat
119553 | Zig:20   | Found the ring of the Octopus King
119757 | Zig:20   | Identified the ring of Spite {rPois rF+ Int+5}
119764 | Zig:20   | Identified the +0 steam dragon scales of Blue Skies {rC+}
119766 | Zig:20   | Identified the ring "Soiwym" {Contam rPois MP+9 Int+3
                  | Dex+4}
119792 | Zig:20   | Identified a ring of the Octopus King {rCorr HP+2 AC+2 EV+2
                  | SH+2}
119796 | Zig:20   | Identified the +2 chain mail of Virac {rC+ Int+3}
119853 | Zig:21   | Entered Level 21 of a ziggurat
119863 | Zig:21   | Noticed an ancient lich
119864 | Zig:21   | Noticed a dread lich
119868 | Zig:21   | Noticed a dread lich
119868 | Zig:21   | Noticed a dread lich
119870 | Zig:21   | Killed a dread lich
119870 | Zig:21   | Killed a dread lich
119870 | Zig:21   | Killed a dread lich
119871 | Zig:21   | Reached skill level 27 in Stealth
119871 | Zig:21   | Noticed an ancient lich
119872 | Zig:21   | Noticed an ancient lich
119873 | Zig:21   | Noticed a dread lich
119875 | Zig:21   | Killed an ancient lich
119875 | Zig:21   | Killed an ancient lich
119875 | Zig:21   | Killed an ancient lich
119875 | Zig:21   | Killed a dread lich
119876 | Zig:21   | Noticed an ancient lich
119876 | Zig:21   | Noticed an ancient lich
119877 | Zig:21   | Noticed an ancient lich
119879 | Zig:21   | Found the +8 autumn katana {manifold assault}
119881 | Zig:21   | Killed an ancient lich
119881 | Zig:21   | Killed an ancient lich
119881 | Zig:21   | Killed an ancient lich
119882 | Zig:21   | Reached skill level 27 in Summonings
119961 | Zig:21   | Identified the amulet "Xutauf" {Acrobat Dex+7}
120159 | Zig:21   | Identified the ring "Tecrou" {rCorr Int+2}
120162 | Zig:21   | Identified the staff of fire "Pynwawnu" {rElec rF+ Str+3
                  | Int+2}
120258 | Zig:22   | Entered Level 22 of a ziggurat
120265 | Zig:22   | Noticed a dread lich
120265 | Zig:22   | Noticed an ancient lich
120265 | Zig:22   | Noticed a dread lich
120265 | Zig:22   | Noticed an ancient lich
120266 | Zig:22   | Noticed an ancient lich
120270 | Zig:22   | Killed an ancient lich
120270 | Zig:22   | Killed a dread lich
120270 | Zig:22   | Killed a dread lich
120270 | Zig:22   | Killed an ancient lich
120271 | Zig:22   | Reached skill level 5 in Short Blades
120271 | Zig:22   | Reached skill level 5 in Long Blades
120271 | Zig:22   | Reached skill level 5 in Ranged Weapons
120273 | Zig:22   | Found the +16 obsidian axe {drain, demonic, Mesm Drain Fly
                  | SInv}
120273 | Zig:22   | Noticed an ancient lich
120273 | Zig:22   | Noticed a dread lich
120273 | Zig:22   | Noticed an ancient lich
120273 | Zig:22   | Noticed a dread lich
120273 | Zig:22   | Noticed an ancient lich
120273 | Zig:22   | Noticed a dread lich
120273 | Zig:22   | Noticed an ancient lich
120274 | Zig:22   | Killed an ancient lich
120274 | Zig:22   | Killed a dread lich
120274 | Zig:22   | Killed an ancient lich
120274 | Zig:22   | Killed a dread lich
120274 | Zig:22   | Noticed a dread lich
120274 | Zig:22   | Noticed a dread lich
120275 | Zig:22   | Killed an ancient lich
120275 | Zig:22   | Killed a dread lich
120275 | Zig:22   | Killed an ancient lich
120275 | Zig:22   | Killed an ancient lich
120275 | Zig:22   | Killed a dread lich
120275 | Zig:22   | Killed a dread lich
120277 | Zig:22   | Found the +8 storm bow {elec, penet}
120471 | Zig:22   | Identified the +9 whip "Oxyz" {freeze, rElec rPois}
120623 | Zig:22   | Lost mutation: Your muscles are strong. (Str +4, Int/Dex
                  | -1) [potion of mutation]
120623 | Zig:22   | Lost mutation: You have large cloven feet. [potion of
                  | mutation]
120623 | Zig:22   | Gained mutation: Your natural rate of healing is unusually
                  | fast. [potion of mutation]
120623 | Zig:22   | Gained mutation: You are agile. (Dex +4, Str/Int -1)
                  | [potion of mutation]
120626 | Zig:23   | Entered Level 23 of a ziggurat
120637 | Zig:23   | Noticed an ancient lich
120637 | Zig:23   | Noticed an ancient lich
120639 | Zig:23   | Killed an ancient lich
120639 | Zig:23   | Noticed an ancient lich
120639 | Zig:23   | Noticed a dread lich
120640 | Zig:23   | Killed an ancient lich
120640 | Zig:23   | Noticed a dread lich
120641 | Zig:23   | Killed a dread lich
120641 | Zig:23   | Killed an ancient lich
120641 | Zig:23   | Killed a dread lich
120641 | Zig:23   | Noticed an ancient lich
120642 | Zig:23   | Reached skill level 10 in Short Blades
120642 | Zig:23   | Reached skill level 10 in Long Blades
120642 | Zig:23   | Reached skill level 10 in Ranged Weapons
120642 | Zig:23   | Killed an ancient lich
120643 | Zig:23   | Noticed an ancient lich
120645 | Zig:23   | Noticed a dread lich
120646 | Zig:23   | Noticed an ancient lich
120646 | Zig:23   | Noticed an ancient lich
120647 | Zig:23   | Noticed a dread lich
120647 | Zig:23   | Killed an ancient lich
120647 | Zig:23   | Killed a dread lich
120647 | Zig:23   | Killed a dread lich
120647 | Zig:23   | Killed an ancient lich
120647 | Zig:23   | Noticed an ancient lich
120648 | Zig:23   | Killed an ancient lich
120648 | Zig:23   | Killed an ancient lich
120649 | Zig:23   | Reached skill level 15 in Poison Magic
120649 | Zig:23   | Noticed an ancient lich
120650 | Zig:23   | Noticed an ancient lich
120654 | Zig:23   | Killed an ancient lich
120654 | Zig:23   | Killed an ancient lich
120917 | Zig:23   | Identified the ring of Ipreiriy {Contam Will+ Str+2 Dex+6
                  | Stlth+}
120919 | Zig:23   | Identified the staff of fire "Becruwymm" {Contam rF+ rC+
                  | rCorr Int+6}
120933 | Zig:23   | Identified the staff of death "Amnoobb" {*Slow rN+ Str+8
                  | Int-2 Dex+3}
120939 | Zig:23   | Identified the ring of the Hungering Fool {rF++ EV+5 Dex-3}
120956 | Zig:23   | Identified the +4 mace of Isuut {flame, rPois}
120967 | Zig:24   | Entered Level 24 of a ziggurat
120986 | Zig:24   | Noticed Zasegej the pandemonium lord
121008 | Zig:24   | Killed Zasegej the pandemonium lord
121282 | Zig:24   | Found the +5 Lochaber axe {reach-cleave, Poleaxe Drain}
121285 | Zig:24   | Identified the +2 long sword "Pabboeg" {venom, *Slow rPois
                  | rCorr}
121287 | Zig:24   | Identified the staff of conjuration "Exaqevemp" {rPois}
121306 | Zig:24   | Identified the ring "Xumoetem" {Wiz rN+ Str-5 Dex+3}
121517 | Zig:25   | Entered Level 25 of a ziggurat
121535 | Zig:25   | Paralysed by an air elemental for 1 turns
121538 | Zig:25   | Reached skill level 15 in Air Magic
121539 | Zig:25   | Reached skill level 15 in Short Blades
121539 | Zig:25   | Reached skill level 15 in Ranged Weapons
121545 | Zig:25   | Found the +13 scythe of Curses {drain, curses, Drain}
121546 | Zig:25   | Found the -2 hat of the Alchemist {rElec rPois rF+ rC+ rN+
                  | Will+ rMut rCorr}
121546 | Zig:25   | Found the +5 demon whip "Spellbinder" {antimagic, disrupt,
                  | Will+}
121549 | Zig:25   | Found the +3 warlock's mirror {omnireflect}
121623 | Zig:25   | Identified the ring "Omesmoil" {rN+ Int+7 Dex-5}
121626 | Zig:25   | Identified the ring "Xassimne" {rC+ Str+3}
121627 | Zig:25   | Identified the amulet "Pufat" {Reflect Will- Int+3 Dex+3
                  | SH+5}
121631 | Zig:25   | Identified the staff of death "Eseces" {rPois rN+ rCorr
                  | Int-5}
121643 | Zig:25   | Identified the ring "Jodiul" {rF+++ rC+ Int-5}
121656 | Zig:25   | Identified the +2 spear "Eviscerator" {vamp, Drain rF++
                  | rN++}
121688 | Zig:25   | Identified the +8 plate armour of Pleasant Breezes {Str+5}
122112 | Zig:26   | Entered Level 26 of a ziggurat
122160 | Zig:26   | Found the +4 robe of Folly {Brill Will-∞ Int+8}
122433 | Zig:26   | Identified the staff of cold "Kiwked" {rF- rC+ rN+++ Int+4
                  | Dex-4}
122436 | Zig:26   | Identified the ring of the Puckish Plum {AC+4 Dex+2}
122441 | Zig:26   | Identified the +2 sling of the Vaults {speed, +Blink}
122453 | Zig:26   | Identified the staff of poison "Fuschozar" {rPois Will+}
122457 | Zig:26   | Identified the +0 plate armour of the Jabberwock {Rampage
                  | rC+ Will+}
122458 | Zig:26   | Identified the +5 battleaxe "Death Rattle" {flame, rC+
                  | Stlth+}
122460 | Zig:26   | Identified the staff of earth "Ubbez" {Dex+3}
122465 | Zig:26   | Identified the +7 rapier "Ithril" {heavy, rF+ Dex+3}
122473 | Zig:26   | Identified the ring "Batupa" {MP+9 Dex+6}
122482 | Zig:26   | Identified the +1 robe of the Dropbear {Will+ MP+9 SInv}
122489 | Zig:26   | Identified the +9 shortbow of Xaenyd {elec, Contam rPois
                  | Int-4 Dex+6}
122658 | Zig:27   | Entered Level 27 of a ziggurat
122670 | Zig:27   | Noticed Luerahis the pandemonium lord
122670 | Zig:27   | Noticed Ducironi the pandemonium lord
122670 | Zig:27   | Noticed Doiquoc the pandemonium lord
122670 | Zig:27   | Noticed Pixaith the pandemonium lord
122671 | Zig:27   | Noticed Qenuobucw the pandemonium lord
122671 | Zig:27   | Noticed Ysoy the pandemonium lord
122671 | Zig:27   | Noticed Foredenn the pandemonium lord
122671 | Zig:27   | Noticed Fofatrit the pandemonium lord
122671 | Zig:27   | Noticed Weboaly the pandemonium lord
122671 | Zig:27   | Noticed Xochus the pandemonium lord
122671 | Zig:27   | Noticed Cihoj the pandemonium lord
122671 | Zig:27   | Noticed Osukesof the pandemonium lord
122671 | Zig:27   | Noticed Vosoele the pandemonium lord
122672 | Zig:27   | Killed Foredenn the pandemonium lord
122672 | Zig:27   | Killed Doiquoc the pandemonium lord
122672 | Zig:27   | Noticed Hify the pandemonium lord
122672 | Zig:27   | Noticed Birchugos the pandemonium lord
122672 | Zig:27   | Noticed Nacvyl the pandemonium lord
122673 | Zig:27   | Killed Ysoy the pandemonium lord
122673 | Zig:27   | Killed Osukesof the pandemonium lord
122673 | Zig:27   | Noticed Leobbaro the pandemonium lord
122673 | Zig:27   | Noticed Deuhoty the pandemonium lord
122674 | Zig:27   | Killed Pixaith the pandemonium lord
122674 | Zig:27   | Killed Ducironi the pandemonium lord
122674 | Zig:27   | Killed Luerahis the pandemonium lord
122674 | Zig:27   | Noticed Wiukoc the pandemonium lord
122674 | Zig:27   | Noticed Seujaacu the pandemonium lord
122674 | Zig:27   | Noticed Talypp the pandemonium lord
122674 | Zig:27   | Noticed Zoyntel the pandemonium lord
122675 | Zig:27   | Killed Vosoele the pandemonium lord
122675 | Zig:27   | Killed Hify the pandemonium lord
122675 | Zig:27   | Killed Nacvyl the pandemonium lord
122675 | Zig:27   | Noticed Necwot the pandemonium lord
122675 | Zig:27   | Noticed Piusoirph the pandemonium lord
122675 | Zig:27   | Noticed Maoduek the pandemonium lord
122675 | Zig:27   | Noticed Rehigesk the pandemonium lord
122675 | Zig:27   | Noticed Wonac the pandemonium lord
122676 | Zig:27   | Noticed Uptuimebyl the pandemonium lord
122676 | Zig:27   | Noticed Roack the pandemonium lord
122676 | Zig:27   | Noticed Jecoyget the pandemonium lord
122683 | Zig:27   | Killed Weboaly the pandemonium lord
122683 | Zig:27   | Killed Deuhoty the pandemonium lord
122685 | Zig:27   | Killed Qenuobucw the pandemonium lord
122685 | Zig:27   | Killed Fofatrit the pandemonium lord
122686 | Zig:27   | Killed Uptuimebyl the pandemonium lord
122687 | Zig:27   | Killed Seujaacu the pandemonium lord
122687 | Zig:27   | Killed Roack the pandemonium lord
122688 | Zig:27   | Noticed Etarcheq the pandemonium lord
122690 | Zig:27   | Noticed Juteixitz the pandemonium lord
122690 | Zig:27   | Noticed Efucseown the pandemonium lord
122691 | Zig:27   | Killed Maoduek the pandemonium lord
122691 | Zig:27   | Killed Jecoyget the pandemonium lord
122691 | Zig:27   | Killed Wiukoc the pandemonium lord
122691 | Zig:27   | Killed Rehigesk the pandemonium lord
122692 | Zig:27   | Noticed Xaoxoep the pandemonium lord
122692 | Zig:27   | Noticed Qararch the pandemonium lord
122693 | Zig:27   | Noticed Bitrut the pandemonium lord
122693 | Zig:27   | Noticed Vunig the pandemonium lord
122693 | Zig:27   | Noticed Zuacref the pandemonium lord
122693 | Zig:27   | Noticed Xaet the pandemonium lord
122693 | Zig:27   | Noticed Kiakhyot the pandemonium lord
122693 | Zig:27   | Noticed Eddof the pandemonium lord
122694 | Zig:27   | Noticed Peatyag the pandemonium lord
122695 | Zig:27   | Killed Efucseown the pandemonium lord
122695 | Zig:27   | Killed Necwot the pandemonium lord
122695 | Zig:27   | Killed Birchugos the pandemonium lord
122696 | Zig:27   | Killed Vunig the pandemonium lord
122696 | Zig:27   | Killed Etarcheq the pandemonium lord
122696 | Zig:27   | Killed Wonac the pandemonium lord
122696 | Zig:27   | Noticed Timitef the pandemonium lord
122697 | Zig:27   | Killed Zuacref the pandemonium lord
122697 | Zig:27   | Killed Xaet the pandemonium lord
122697 | Zig:27   | Killed Juteixitz the pandemonium lord
122697 | Zig:27   | Killed Cihoj the pandemonium lord
122697 | Zig:27   | Killed Talypp the pandemonium lord
122698 | Zig:27   | Killed Piusoirph the pandemonium lord
122698 | Zig:27   | Noticed Baenypp the pandemonium lord
122703 | Zig:27   | Killed Qararch the pandemonium lord
122704 | Zig:27   | Killed Timitef the pandemonium lord
122708 | Zig:27   | Noticed Isezoz the pandemonium lord
122708 | Zig:27   | Noticed Seor the pandemonium lord
122709 | Zig:27   | Killed Xaoxoep the pandemonium lord
122709 | Zig:27   | Killed Bitrut the pandemonium lord
122709 | Zig:27   | Killed Baenypp the pandemonium lord
122710 | Zig:27   | Killed Kiakhyot the pandemonium lord
122710 | Zig:27   | Killed Seor the pandemonium lord
122710 | Zig:27   | Killed Eddof the pandemonium lord
122711 | Zig:27   | Killed Xochus the pandemonium lord
122712 | Zig:27   | Killed Peatyag the pandemonium lord
122712 | Zig:27   | Killed Zoyntel the pandemonium lord
122712 | Zig:27   | Noticed Tiyxec the pandemonium lord
122712 | Zig:27   | Noticed Lesch the pandemonium lord
122713 | Zig:27   | Noticed Idosuot the pandemonium lord
122713 | Zig:27   | Killed Isezoz the pandemonium lord
122713 | Zig:27   | Killed Leobbaro the pandemonium lord
122713 | Zig:27   | Noticed Oguron the pandemonium lord
122715 | Zig:27   | Noticed Weddeveno the pandemonium lord
122715 | Zig:27   | Killed Tiyxec the pandemonium lord
122715 | Zig:27   | Killed Oguron the pandemonium lord
122715 | Zig:27   | Noticed Fuf Ziack the pandemonium lord
122715 | Zig:27   | Noticed Vohiadut the pandemonium lord
122716 | Zig:27   | Noticed Jettab the pandemonium lord
122716 | Zig:27   | Noticed Kuol the pandemonium lord
122716 | Zig:27   | Noticed Qiacw the pandemonium lord
122716 | Zig:27   | Noticed Wuevep the pandemonium lord
122716 | Zig:27   | Noticed Siukkeib the pandemonium lord
122717 | Zig:27   | Noticed Yqikej the pandemonium lord
122717 | Zig:27   | Noticed Gyecosien the pandemonium lord
122723 | Zig:27   | Noticed Mycs the pandemonium lord
122723 | Zig:27   | Noticed Xaaq the pandemonium lord
122723 | Zig:27   | Noticed Yghuapp the pandemonium lord
122725 | Zig:27   | Killed Yghuapp the pandemonium lord
122725 | Zig:27   | Killed Mycs the pandemonium lord
122725 | Zig:27   | Killed Xaaq the pandemonium lord
122726 | Zig:27   | Killed Vohiadut the pandemonium lord
122726 | Zig:27   | Killed Yqikej the pandemonium lord
122726 | Zig:27   | Killed Weddeveno the pandemonium lord
122729 | Zig:27   | Killed Wuevep the pandemonium lord
122732 | Zig:27   | Killed Kuol the pandemonium lord
122737 | Zig:27   | Killed Jettab the pandemonium lord
122746 | Zig:27   | Killed Fuf Ziack the pandemonium lord
122751 | Zig:27   | Killed Siukkeib the pandemonium lord
122753 | Zig:27   | Killed Qiacw the pandemonium lord
122755 | Zig:27   | Killed Idosuot the pandemonium lord
122762 | Zig:27   | Killed Gyecosien the pandemonium lord
122764 | Zig:27   | Killed Lesch the pandemonium lord
122982 | Zig:27   | Identified the +10 double sword of Perversion {venom, rElec
                  | rF+ rN+ Int+3}
122985 | Zig:27   | Identified the staff of fire "Lary" {rF+ Str+5 Stlth+}
123008 | Zig:27   | Identified the +10 rapier "Dara Woa" {vamp, *Slow Fly rElec
                  | rCorr}
123011 | Zig:27   | Identified the +5 halberd of Qeata {holy, *Corrode Int+8
                  | Dex+3 Stlth+}
123018 | Zig:27   | Identified the amulet of Cheibriados's Anger {Spirit +Blink
                  | Will- Str+7}
123022 | Zig:27   | Identified the staff of death "Hetaj" {rElec rN+ Str-4
                  | Int+5}
123025 | Zig:27   | Reached skill level 27 in Translocations
123026 | Zig:27   | Identified the +3 hand axe of the Hidden Vale {chaos, rPois
                  | Will- Str+2 Dex+3 Stlth+}
123257 | Hell     | Upgraded the game from 0.30-a0-1043-g60ff8d5f49 to
                  | 0.30-a0-1050-g2766ea1e55
123261 | Zig:1    | Entered Level 1 of a ziggurat
123281 | Zig:2    | Entered Level 2 of a ziggurat
123329 | Zig:2    | Identified the +1 leather armour of the Turtle {Int+3}
123362 | Zig:3    | Entered Level 3 of a ziggurat
123362 | Zig:3    | Noticed a dread lich
123362 | Zig:3    | Noticed an ancient lich
123364 | Zig:3    | Killed a dread lich
123365 | Zig:3    | Killed an ancient lich
123430 | Zig:4    | Entered Level 4 of a ziggurat
123498 | Zig:4    | Identified the ring "Noroeff" {rElec rF+++ rC+ Will+ Int-3}
123509 | Zig:4    | Identified the +3 ring mail of Deetar {Fly}
123534 | Zig:5    | Entered Level 5 of a ziggurat
123534 | Zig:5    | Noticed an ancient lich
123534 | Zig:5    | Noticed a dread lich
123535 | Zig:5    | Noticed an ancient lich
123535 | Zig:5    | Noticed a dread lich
123535 | Zig:5    | Noticed an ancient lich
123537 | Zig:5    | Killed a dread lich
123537 | Zig:5    | Killed an ancient lich
123537 | Zig:5    | Killed an ancient lich
123537 | Zig:5    | Killed a dread lich
123537 | Zig:5    | Killed an ancient lich
123568 | Zig:5    | Identified the +7 hand axe of Ru's Approval {speed, Stlth+}
123607 | Zig:6    | Entered Level 6 of a ziggurat
123707 | Zig:7    | Entered Level 7 of a ziggurat
123787 | Zig:7    | Identified the +0 ice dragon scales "Garphedia" {rPois rF-
                  | rC++ Regen+ Str+3}
123834 | Zig:8    | Entered Level 8 of a ziggurat
123914 | Zig:8    | Identified the +1 long sword of the Boiling Point {heavy,
                  | rF++ rN+ Str-5}
123918 | Zig:8    | Identified the staff of earth "Tilaent" {Will+ Int+3}
123960 | Zig:8    | Identified the +2 scale mail "Winwih" {Rampage Regen+}
123962 | Zig:8    | Identified the amulet of Egalitarianism {Acrobat +Inv}
123975 | Zig:9    | Entered Level 9 of a ziggurat
123982 | Zig:9    | Found the necklace of Bloodlust {Fury *Rage Will++ Int-3
                  | Slay+6}
124017 | Zig:9    | Identified the +4 great sword "Lifebane" {holy, +Blink
                  | rElec rPois Will-}
124046 | Zig:9    | Identified the +9 great sword of Diluocuw {pain, rC- Int+4}
124124 | Zig:10   | Entered Level 10 of a ziggurat
124189 | Zig:10   | Identified the amulet "Oroaradi" {Reflect -Cast +Blink
                  | rCorr SH+5 SInv}
124198 | Zig:10   | Identified the +3 hand axe of Tenacity {venom, Str-3 Dex+3
                  | SInv}
124281 | Zig:11   | Entered Level 11 of a ziggurat
124334 | Zig:11   | Identified the +4 trident of Disarray {holy, rElec Dex+4}
124512 | Zig:12   | Entered Level 12 of a ziggurat
124516 | Zig:12   | Reached skill level 27 in Poison Magic
124518 | Zig:12   | Found the +7 great mace "Undeadhunter" {deathbane, rN+}
124685 | Zig:12   | Identified the amulet "Feekkisi" {Spirit rPois Dex+2}
124747 | Zig:13   | Entered Level 13 of a ziggurat
124750 | Zig:13   | Noticed a dread lich
124750 | Zig:13   | Noticed a dread lich
124751 | Zig:13   | Noticed an ancient lich
124753 | Zig:13   | Noticed an ancient lich
124754 | Zig:13   | Noticed a dread lich
124754 | Zig:13   | Noticed an ancient lich
124754 | Zig:13   | Noticed a dread lich
124755 | Zig:13   | Killed a dread lich
124755 | Zig:13   | Noticed an ancient lich
124755 | Zig:13   | Noticed a dread lich
124756 | Zig:13   | Killed a dread lich
124756 | Zig:13   | Killed an ancient lich
124756 | Zig:13   | Killed an ancient lich
124756 | Zig:13   | Killed an ancient lich
124756 | Zig:13   | Killed a dread lich
124756 | Zig:13   | Killed a dread lich
124757 | Zig:13   | Reached skill level 27 in Air Magic
124757 | Zig:13   | Reached skill level 1 in Hexes
124757 | Zig:13   | Killed a dread lich
124757 | Zig:13   | Killed an ancient lich
124758 | Zig:13   | Noticed an ancient lich
124759 | Zig:13   | Noticed a dread lich
124763 | Zig:13   | Reached skill level 5 in Hexes
124763 | Zig:13   | Killed an ancient lich
124763 | Zig:13   | Killed a dread lich
124806 | Zig:13   | Identified the ring of Zietioke {rN+ Will+}
124823 | Zig:13   | Identified the +1 scale mail of the Serpent {rElec Int+3
                  | Dex-4}
124962 | Zig:14   | Entered Level 14 of a ziggurat
124963 | Zig:14   | Noticed a juggernaut
124963 | Zig:14   | Noticed a juggernaut
124963 | Zig:14   | Noticed a juggernaut
124964 | Zig:14   | Noticed a juggernaut
124964 | Zig:14   | Noticed a juggernaut
124965 | Zig:14   | Killed a juggernaut
124966 | Zig:14   | Killed a juggernaut
124966 | Zig:14   | Killed a juggernaut
124966 | Zig:14   | Killed a juggernaut
124967 | Zig:14   | Reached skill level 10 in Hexes
124967 | Zig:14   | Noticed a juggernaut
124968 | Zig:14   | Noticed a juggernaut
124969 | Zig:14   | Found the +8 mithril axe "Arga" {speed, Will+}
124971 | Zig:14   | Killed a juggernaut
124971 | Zig:14   | Killed a juggernaut
124971 | Zig:14   | Killed a juggernaut
125168 | Zig:14   | Identified the ring of Vaowk {rF++ rCorr Stlth+}
125204 | Zig:14   | Identified the staff of conjuration "Qion" {*Slow +Blink
                  | Dex+4}
125206 | Zig:14   | Identified the staff of air "Zerphu" {rElec Int+4}
125216 | Zig:14   | Identified the +3 scimitar of Stained Honour {heavy, rPois
                  | rF- rCorr}
125220 | Zig:14   | Identified the +4 scimitar of the Enfolding Stork {drain,
                  | *Slow rPois Int+3 Dex+3}
125283 | Zig:15   | Entered Level 15 of a ziggurat
125288 | Zig:15   | Noticed an orb of fire
125288 | Zig:15   | Noticed an orb of fire
125288 | Zig:15   | Noticed an orb of fire
125288 | Zig:15   | Noticed an orb of fire
125288 | Zig:15   | Noticed an orb of fire
125288 | Zig:15   | Noticed an orb of fire
125288 | Zig:15   | Noticed an orb of fire
125288 | Zig:15   | Noticed an orb of fire
125288 | Zig:15   | Noticed an orb of fire
125288 | Zig:15   | Noticed an orb of fire
125288 | Zig:15   | Noticed an orb of fire
125288 | Zig:15   | Noticed an orb of fire
125288 | Zig:15   | Noticed an orb of fire
125290 | Zig:15   | Noticed an orb of fire
125291 | Zig:15   | Killed an orb of fire
125291 | Zig:15   | Killed an orb of fire
125291 | Zig:15   | Noticed an orb of fire
125292 | Zig:15   | Killed an orb of fire
125292 | Zig:15   | Noticed an orb of fire
125292 | Zig:15   | Noticed an orb of fire
125293 | Zig:15   | Noticed an orb of fire
125296 | Zig:15   | Noticed an orb of fire
125296 | Zig:15   | Killed an orb of fire
125297 | Zig:15   | Reached skill level 15 in Hexes
125297 | Zig:15   | Killed an orb of fire
125297 | Zig:15   | Killed an orb of fire
125297 | Zig:15   | Killed an orb of fire
125297 | Zig:15   | Killed an orb of fire
125297 | Zig:15   | Killed an orb of fire
125298 | Zig:15   | Killed an orb of fire
125300 | Zig:15   | Killed an orb of fire
125300 | Zig:15   | Killed an orb of fire
125300 | Zig:15   | Killed an orb of fire
125300 | Zig:15   | Killed an orb of fire
125301 | Zig:15   | Killed an orb of fire
125301 | Zig:15   | Killed an orb of fire
125301 | Zig:15   | Killed an orb of fire
125302 | Zig:15   | Killed an orb of fire
125303 | Zig:15   | Killed an orb of fire
125401 | Zig:15   | Identified the scarf of the Sailor {+Inv, rC+}
125408 | Zig:15   | Identified the staff of cold "Xuf Gop" {rElec rC+ rN+ MP+9
                  | Dex+3}
125424 | Zig:15   | Identified the +8 halberd "Yddeudus" {heavy, rPois Int+4
                  | Dex-4 SInv}
125430 | Zig:15   | Identified the +1 executioner's axe of Fimbulwinter {drain,
                  | Dex+5}
125434 | Zig:15   | Identified the ring "Natet" {Wiz Will- rCorr MP+9 Str+3}
125592 | Zig:16   | Entered Level 16 of a ziggurat
125597 | Zig:16   | Noticed an ancient lich
125600 | Zig:16   | Killed an ancient lich
125601 | Zig:16   | Noticed an ancient lich
125602 | Zig:16   | Noticed an ancient lich
125605 | Zig:16   | Killed an ancient lich
125605 | Zig:16   | Killed an ancient lich
125606 | Zig:16   | Found the +7 mace of Variability {chaos, chaos arc}
125606 | Zig:16   | Noticed an ancient lich
125611 | Zig:16   | Killed an ancient lich
125729 | Zig:16   | Identified the ring of Xom's Entertainment {rElec rC+ rN+
                  | MP+9}
125737 | Zig:16   | Identified the +5 sling "Zomuan" {flame, *Slow rElec Will+}
125771 | Zig:16   | Identified the staff of air "Zaamog" {rElec rC+}
125868 | Zig:17   | Entered Level 17 of a ziggurat
125885 | Zig:17   | Found the amulet of the Four Winds {rN+ Will+++ Clar}
125981 | Zig:17   | Identified the ring "Nauniocemeul" {Contam Fly rPois Dex+5
                  | SInv}
125985 | Zig:17   | Identified the +1 leather armour of Integrity {rN+ Dex+3}
126011 | Zig:17   | Identified the staff of cold "Fyikly" {rF++ rC+ rN+ MP+9
                  | Str-4}
126260 | Zig:18   | Entered Level 18 of a ziggurat
126273 | Zig:18   | Noticed Gafuap the pandemonium lord
126273 | Zig:18   | Noticed Pocoroelimm the pandemonium lord
126273 | Zig:18   | Noticed Riponwikk the pandemonium lord
126273 | Zig:18   | Noticed Corudi the pandemonium lord
126273 | Zig:18   | Noticed Beetoka the pandemonium lord
126273 | Zig:18   | Noticed Nobloh the pandemonium lord
126274 | Zig:18   | Noticed Aggoj the pandemonium lord
126274 | Zig:18   | Noticed Kuimurit the pandemonium lord
126274 | Zig:18   | Noticed Dazahiurpho the pandemonium lord
126275 | Zig:18   | Noticed Tummestri the pandemonium lord
126275 | Zig:18   | Noticed Goifrihy the pandemonium lord
126275 | Zig:18   | Noticed Savaecuth the pandemonium lord
126275 | Zig:18   | Noticed Miotz the pandemonium lord
126276 | Zig:18   | Noticed Neoxzyu the pandemonium lord
126276 | Zig:18   | Noticed Waevyu the pandemonium lord
126278 | Zig:18   | Noticed Woreurho the pandemonium lord
126278 | Zig:18   | Killed Miotz the pandemonium lord
126278 | Zig:18   | Killed Riponwikk the pandemonium lord
126278 | Zig:18   | Killed Aggoj the pandemonium lord
126278 | Zig:18   | Killed Beetoka the pandemonium lord
126278 | Zig:18   | Noticed Gotihair the pandemonium lord
126278 | Zig:18   | Noticed Edufoija the pandemonium lord
126279 | Zig:18   | Killed Tummestri the pandemonium lord
126279 | Zig:18   | Killed Nobloh the pandemonium lord
126279 | Zig:18   | Killed Waevyu the pandemonium lord
126279 | Zig:18   | Noticed Coabb the pandemonium lord
126279 | Zig:18   | Noticed Unoimid the pandemonium lord
126280 | Zig:18   | Reached skill level 27 in Hexes
126280 | Zig:18   | Reached skill level 1 in Maces & Flails
126280 | Zig:18   | Reached skill level 1 in Unarmed Combat
126280 | Zig:18   | Reached skill level 1 in Invocations
126280 | Zig:18   | Killed Corudi the pandemonium lord
126280 | Zig:18   | Noticed Reitroez the pandemonium lord
126282 | Zig:18   | Killed Gafuap the pandemonium lord
126282 | Zig:18   | Noticed Zuna the pandemonium lord
126283 | Zig:18   | Killed Pocoroelimm the pandemonium lord
126284 | Zig:18   | Killed Dazahiurpho the pandemonium lord
126284 | Zig:18   | Noticed Padaytat the pandemonium lord
126285 | Zig:18   | Noticed Kotta the pandemonium lord
126285 | Zig:18   | Killed Savaecuth the pandemonium lord
126285 | Zig:18   | Noticed Zaceahas the pandemonium lord
126286 | Zig:18   | Noticed Pepoh the pandemonium lord
126286 | Zig:18   | Killed Neoxzyu the pandemonium lord
126287 | Zig:18   | Noticed Baetanar the pandemonium lord
126287 | Zig:18   | Killed Coabb the pandemonium lord
126288 | Zig:18   | Reached skill level 5 in Invocations
126288 | Zig:18   | Noticed Zouw the pandemonium lord
126289 | Zig:18   | Killed Goifrihy the pandemonium lord
126289 | Zig:18   | Noticed Humugyk the pandemonium lord
126290 | Zig:18   | Killed Kuimurit the pandemonium lord
126290 | Zig:18   | Killed Zaceahas the pandemonium lord
126290 | Zig:18   | Killed Humugyk the pandemonium lord
126290 | Zig:18   | Killed Gotihair the pandemonium lord
126290 | Zig:18   | Noticed Hofrurro the pandemonium lord
126291 | Zig:18   | Killed Edufoija the pandemonium lord
126291 | Zig:18   | Noticed Baram the pandemonium lord
126293 | Zig:18   | Killed Woreurho the pandemonium lord
126293 | Zig:18   | Killed Padaytat the pandemonium lord
126293 | Zig:18   | Killed Zouw the pandemonium lord
126294 | Zig:18   | Reached skill level 5 in Maces & Flails
126294 | Zig:18   | Reached skill level 5 in Unarmed Combat
126294 | Zig:18   | Killed Kotta the pandemonium lord
126294 | Zig:18   | Killed Baram the pandemonium lord
126294 | Zig:18   | Killed Unoimid the pandemonium lord
126294 | Zig:18   | Killed Pepoh the pandemonium lord
126294 | Zig:18   | Killed Hofrurro the pandemonium lord
126294 | Zig:18   | Noticed Zousuesu the pandemonium lord
126294 | Zig:18   | Killed Zuna the pandemonium lord
126294 | Zig:18   | Killed Ufeorgh the pandemonium lord
126295 | Zig:18   | Killed Baetanar the pandemonium lord
126295 | Zig:18   | Noticed Zivuoroofi the pandemonium lord
126297 | Zig:18   | Killed Zousuesu the pandemonium lord
126297 | Zig:18   | Killed Reitroez the pandemonium lord
126302 | Zig:18   | Killed Zivuoroofi the pandemonium lord
126414 | Zig:18   | Identified the ring "Mumism" {Wiz *Corrode Drain Will+++
                  | Slay+5}
126423 | Zig:18   | Identified the ring of Buxagruj {rF+ rN+ Will+}
126425 | Zig:18   | Identified the +1 chain mail of Zahigg {rC+}
126554 | Zig:19   | Entered Level 19 of a ziggurat
126560 | Zig:19   | Noticed an ancient lich
126561 | Zig:19   | Noticed a dread lich
126562 | Zig:19   | Noticed a dread lich
126566 | Zig:19   | Noticed a dread lich
126567 | Zig:19   | Killed a dread lich
126568 | Zig:19   | Reached skill level 10 in Invocations
126568 | Zig:19   | Killed an ancient lich
126568 | Zig:19   | Killed a dread lich
126568 | Zig:19   | Noticed a dread lich
126569 | Zig:19   | Killed a dread lich
126569 | Zig:19   | Noticed an ancient lich
126572 | Zig:19   | Noticed an ancient lich
126575 | Zig:19   | Noticed a dread lich
126575 | Zig:19   | Noticed an ancient lich
126576 | Zig:19   | Killed a dread lich
126576 | Zig:19   | Killed an ancient lich
126576 | Zig:19   | Killed an ancient lich
126576 | Zig:19   | Killed a dread lich
126578 | Zig:19   | Killed an ancient lich
126581 | Zig:19   | Noticed a dread lich
126583 | Zig:19   | Found the +8 longbow "Zephyr" {speed, Dex+3 SInv}
126583 | Zig:19   | Found the +3 greatsling "Punk" {acid, rCorr}
126585 | Zig:19   | Killed a dread lich
126694 | Zig:19   | Identified the ring "Paixutinao" {Ice rPois Will- Int+5}
126701 | Zig:19   | Identified the +0 arbalest "Arbiter" {heavy, rF+ Str+6
                  | Dex-5 SInv}
126704 | Zig:19   | Identified the +3 long sword of Abuckow {spect, rF- Dex+5}
126710 | Zig:19   | Identified the +1 robe of the Old World {rF+ Stlth+}
126711 | Zig:19   | Identified the +0 robe of Too Many Cooks {Rampage}
126726 | Zig:19   | Identified the staff of poison "Jugekiz" {rPois rCorr Str+3
                  | Dex-5}
126936 | Zig:20   | Entered Level 20 of a ziggurat
126960 | Zig:20   | Reached skill level 15 in Long Blades
126960 | Zig:20   | Reached skill level 10 in Maces & Flails
126960 | Zig:20   | Reached skill level 10 in Unarmed Combat
126960 | Zig:20   | Reached skill level 15 in Invocations
126962 | Zig:20   | Paralysed by an air elemental for 1 turns
127210 | Zig:20   | Identified the staff of poison "Mablyin" {rPois Will+}
127268 | Zig:20   | Identified the ring "Zitwi" {Will+ Dex+3}
127279 | Zig:20   | Identified the ring "Luvijuur" {rPois rF+ rN+}
127283 | Zig:20   | Identified the +4 mace of Charity {heavy, Fly Int+3}
127322 | Zig:20   | Acquired the +7 captain's cutlass {speed, disarm}
127322 | Zig:20   | Found the +7 captain's cutlass {speed, disarm}
127325 | Zig:20   | Identified the +2 chain mail of Unambiguity {Int+2}
127404 | Zig:21   | Entered Level 21 of a ziggurat
127404 | Zig:21   | Noticed a dread lich
127412 | Zig:21   | Noticed a juggernaut
127412 | Zig:21   | Noticed a juggernaut
127413 | Zig:21   | Noticed a juggernaut
127414 | Zig:21   | Killed a dread lich
127414 | Zig:21   | Noticed a juggernaut
127415 | Zig:21   | Killed a juggernaut
127415 | Zig:21   | Noticed a juggernaut
127418 | Zig:21   | Noticed a juggernaut
127418 | Zig:21   | Noticed a juggernaut
127418 | Zig:21   | Noticed a juggernaut
127418 | Zig:21   | Noticed a juggernaut
127418 | Zig:21   | Noticed a juggernaut
127418 | Zig:21   | Noticed a juggernaut
127418 | Zig:21   | Noticed a juggernaut
127418 | Zig:21   | Noticed a juggernaut
127418 | Zig:21   | Noticed a juggernaut
127418 | Zig:21   | Noticed a juggernaut
127418 | Zig:21   | Noticed a juggernaut
127418 | Zig:21   | Noticed a juggernaut
127418 | Zig:21   | Noticed a juggernaut
127418 | Zig:21   | Noticed a juggernaut
127418 | Zig:21   | Noticed a juggernaut
127418 | Zig:21   | Noticed a juggernaut
127419 | Zig:21   | Killed a juggernaut
127419 | Zig:21   | Killed a juggernaut
127419 | Zig:21   | Killed a juggernaut
127419 | Zig:21   | Killed a juggernaut
127419 | Zig:21   | Killed a juggernaut
127419 | Zig:21   | Killed a juggernaut
127419 | Zig:21   | Killed a juggernaut
127419 | Zig:21   | Killed a juggernaut
127419 | Zig:21   | Killed a juggernaut
127419 | Zig:21   | Killed a juggernaut
127419 | Zig:21   | Killed a juggernaut
127421 | Zig:21   | Killed a juggernaut
127421 | Zig:21   | Killed a juggernaut
127421 | Zig:21   | Killed a juggernaut
127421 | Zig:21   | Killed a juggernaut
127421 | Zig:21   | Killed a juggernaut
127421 | Zig:21   | Killed a juggernaut
127421 | Zig:21   | Killed a juggernaut
127421 | Zig:21   | Killed a juggernaut
127422 | Zig:21   | Killed a juggernaut
127423 | Zig:21   | Noticed a juggernaut
127427 | Zig:21   | Killed a juggernaut
127496 | Zig:21   | Identified the ring "Cyziz" {Ice rN+ Will+ Str+2}
127501 | Zig:21   | Identified the ring "Tiokk" {Fly Will- Str+7 Int+2}
127523 | Zig:21   | Identified the +3 mace of Wounding {protect, rF+ rCorr
                  | MP+9}
127527 | Zig:21   | Identified the +7 scale mail of the Hidden Vale {rCorr
                  | Str+6 Stlth+}
127549 | Zig:21   | Identified the +2 glaive "Leduyhog" {flame, rElec rN+}
127778 | Zig:22   | Entered Level 22 of a ziggurat
127791 | Zig:22   | Noticed Bouloent the pandemonium lord
127791 | Zig:22   | Noticed Qiul the pandemonium lord
127791 | Zig:22   | Noticed Ruomne the pandemonium lord
127792 | Zig:22   | Noticed Naishra the pandemonium lord
127792 | Zig:22   | Noticed Zeqas the pandemonium lord
127792 | Zig:22   | Noticed Vihibug the pandemonium lord
127792 | Zig:22   | Noticed Odytaz the pandemonium lord
127792 | Zig:22   | Noticed Vocvoc the pandemonium lord
127792 | Zig:22   | Noticed Qeerchuc the pandemonium lord
127792 | Zig:22   | Noticed Laczoan the pandemonium lord
127792 | Zig:22   | Noticed Osihuij the pandemonium lord
127792 | Zig:22   | Noticed Gidoapti the pandemonium lord
127792 | Zig:22   | Noticed Hirunang the pandemonium lord
127792 | Zig:22   | Noticed Haillu the pandemonium lord
127792 | Zig:22   | Noticed Hymmicw the pandemonium lord
127792 | Zig:22   | Noticed Fotrugurhu the pandemonium lord
127792 | Zig:22   | Noticed Vuygoe the pandemonium lord
127792 | Zig:22   | Noticed Vivepay the pandemonium lord
127793 | Zig:22   | Noticed Jobitt the pandemonium lord
127797 | Zig:22   | Noticed Peosko the pandemonium lord
127798 | Zig:22   | Noticed Beyruor the pandemonium lord
127798 | Zig:22   | Killed Naishra the pandemonium lord
127798 | Zig:22   | Killed Laczoan the pandemonium lord
127798 | Zig:22   | Noticed Tiluoca the pandemonium lord
127799 | Zig:22   | Killed Odytaz the pandemonium lord
127799 | Zig:22   | Killed Vihibug the pandemonium lord
127799 | Zig:22   | Killed Zeqas the pandemonium lord
127799 | Zig:22   | Killed Ruomne the pandemonium lord
127799 | Zig:22   | Killed Qeerchuc the pandemonium lord
127799 | Zig:22   | Killed Hirunang the pandemonium lord
127799 | Zig:22   | Killed Bouloent the pandemonium lord
127799 | Zig:22   | Killed Fotrugurhu the pandemonium lord
127799 | Zig:22   | Killed Osihuij the pandemonium lord
127800 | Zig:22   | Reached skill level 27 in Axes
127800 | Zig:22   | Noticed Pyazuac the pandemonium lord
127806 | Zig:22   | Noticed Kesaz the pandemonium lord
127806 | Zig:22   | Noticed Vifa the pandemonium lord
127807 | Zig:22   | Noticed Toam the pandemonium lord
127807 | Zig:22   | Noticed Parepraq the pandemonium lord
127807 | Zig:22   | Noticed Aresiko the pandemonium lord
127808 | Zig:22   | Noticed Qufos the pandemonium lord
127813 | Zig:22   | Noticed Kedupai the pandemonium lord
127813 | Zig:22   | Killed Pyazuac the pandemonium lord
127813 | Zig:22   | Noticed Nipaopn the pandemonium lord
127813 | Zig:22   | Noticed Vahacw the pandemonium lord
127815 | Zig:22   | Noticed Caatt the pandemonium lord
127816 | Zig:22   | Killed Vivepay the pandemonium lord
127816 | Zig:22   | Noticed Facocux the pandemonium lord
127817 | Zig:22   | Killed Vocvoc the pandemonium lord
127817 | Zig:22   | Killed Gidoapti the pandemonium lord
127817 | Zig:22   | Killed Qiul the pandemonium lord
127817 | Zig:22   | Killed Hymmicw the pandemonium lord
127817 | Zig:22   | Killed Peosko the pandemonium lord
127817 | Zig:22   | Killed Facocux the pandemonium lord
127820 | Zig:22   | Killed Vuygoe the pandemonium lord
127821 | Zig:22   | Killed Jobitt the pandemonium lord
127823 | Zig:22   | Killed Vahacw the pandemonium lord
127823 | Zig:22   | Killed Caatt the pandemonium lord
127823 | Zig:22   | Killed Arepin the pandemonium lord
127824 | Zig:22   | Killed Toam the pandemonium lord
127824 | Zig:22   | Killed Aresiko the pandemonium lord
127824 | Zig:22   | Killed Kedupai the pandemonium lord
127824 | Zig:22   | Killed Tiluoca the pandemonium lord
127824 | Zig:22   | Noticed Hoifaif the pandemonium lord
127825 | Zig:22   | Reached skill level 15 in Unarmed Combat
127825 | Zig:22   | Noticed Foeffit the pandemonium lord
127826 | Zig:22   | Killed Beyruor the pandemonium lord
127828 | Zig:22   | Killed Nipaopn the pandemonium lord
127828 | Zig:22   | Killed Parepraq the pandemonium lord
127829 | Zig:22   | Killed Hoifaif the pandemonium lord
127829 | Zig:22   | Killed Vifa the pandemonium lord
127829 | Zig:22   | Noticed Usauc the pandemonium lord
127830 | Zig:22   | Noticed Marymal the pandemonium lord
127831 | Zig:22   | Noticed Iruli the pandemonium lord
127832 | Zig:22   | Killed Foeffit the pandemonium lord
127832 | Zig:22   | Noticed Aminn the pandemonium lord
127833 | Zig:22   | Noticed Hixy the pandemonium lord
127834 | Zig:22   | Killed Kesaz the pandemonium lord
127835 | Zig:22   | Noticed Talacraw the pandemonium lord
127837 | Zig:22   | Noticed Isazemi the pandemonium lord
127839 | Zig:22   | Noticed Ason the pandemonium lord
127840 | Zig:22   | Noticed Jaamnuvy the pandemonium lord
127841 | Zig:22   | Killed Qufos the pandemonium lord
127841 | Zig:22   | Killed Iruli the pandemonium lord
127842 | Zig:22   | Killed Usauc the pandemonium lord
127842 | Zig:22   | Killed Hixy the pandemonium lord
127842 | Zig:22   | Killed Marymal the pandemonium lord
127842 | Zig:22   | Killed Jaamnuvy the pandemonium lord
127845 | Zig:22   | Killed Aminn the pandemonium lord
127845 | Zig:22   | Killed Haillu the pandemonium lord
127845 | Zig:22   | Noticed Lough the pandemonium lord
127846 | Zig:22   | Noticed Horaer the pandemonium lord
127847 | Zig:22   | Noticed Muck the pandemonium lord
127851 | Zig:22   | Killed Isazemi the pandemonium lord
127851 | Zig:22   | Killed Horaer the pandemonium lord
127854 | Zig:22   | Killed Lough the pandemonium lord
127854 | Zig:22   | Killed Ason the pandemonium lord
127856 | Zig:22   | Killed Talacraw the pandemonium lord
127862 | Zig:22   | Killed Muck the pandemonium lord
127905 | Zig:22   | Found the +6 lightning scales {swift, rElec}
128040 | Zig:22   | Identified the +2 great sword "Killer Bee's Bane"
                  | {antimagic, Str+3}
128041 | Zig:22   | Identified the +7 spear of Bursted Honour {flame, rElec
                  | Str+3 Dex-3 Stlth+}
128045 | Zig:22   | Identified the +6 spear of Sonom {antimagic, rC+ Will+}
128047 | Zig:22   | Identified the +0 plate armour "Vosowkam" {rC+ Regen+ SInv}
128049 | Zig:22   | Identified the +6 rapier "Abriluph" {antimagic, +Blink rF+
                  | Str-4 Dex+6}
128055 | Zig:22   | Identified the +5 scimitar of Hepliaklqana's Scorn {pain,
                  | *Rage rElec rCorr Dex-2}
128058 | Zig:22   | Identified the ring of the Hero {Fire Dex+6}
128061 | Zig:22   | Identified the +1 plate armour of Hazin {rF+ Int+3 SInv}
128062 | Zig:22   | Identified the ring "Bonano" {rN+ Int-2 Dex+6}
128152 | Zig:23   | Entered Level 23 of a ziggurat
128164 | Zig:23   | Found the +9 sword of Zonguldrok {reap}
128165 | Zig:23   | Found the +5 woodcutter's axe
128171 | Zig:23   | Found the ring of the Octopus King
128206 | Zig:23   | Identified the amulet "Bownosh" {Regen+ Int+3}
128246 | Zig:23   | Identified the +6 demon blade of Beogh's Castigation
                  | {spect, Will- Dex+4}
128248 | Zig:23   | Identified a ring of the Octopus King {Fly HP+2 AC+2 EV+2
                  | SH+2}
128253 | Zig:23   | Identified the +0 robe of the Tormentor {Harm rElec rF+
                  | Str-2}
128342 | Zig:23   | Identified the ring of Foolhardiness {*Slow rElec rC+ Str+2
                  | Int+3}
128365 | Zig:23   | Identified the ring of the Blind Eye {rElec rPois Str-3
                  | Int+6}
128367 | Zig:23   | Identified the +8 rapier of Scorn {heavy, rF+ Str-5 Int+3
                  | SInv}
128580 | Zig:24   | Entered Level 24 of a ziggurat
128596 | Zig:24   | Noticed Nyojecw the pandemonium lord
128604 | Zig:24   | Reached skill level 15 in Maces & Flails
128604 | Zig:24   | Reached skill level 27 in Staves
128616 | Zig:24   | Killed Nyojecw the pandemonium lord
128945 | Zig:24   | Identified the +6 glaive of Recklessness {elec, Int+4
                  | Dex+2}
128962 | Zig:24   | Identified the +1 flail of Risk Management {freeze, +Blink
                  | Fly rCorr}
128983 | Zig:24   | Identified the amulet "Zaru" {Faith Str+2}
128986 | Zig:24   | Identified the staff of cold "Buagh" {rC+ rN+}
128987 | Zig:24   | Identified the +7 halberd of Fuheory {heavy, *Rage rElec
                  | rCorr Dex+2}
128995 | Zig:24   | Identified the ring "Icruov" {rF+ Dex+6}
128999 | Zig:24   | Identified the ring of Salvation {rPois rN+ Int+4 Stlth+}
129006 | Zig:24   | Identified the +3 rapier "Bustevvi" {heavy, rN++ Int-2}
129113 | Zig:25   | Entered Level 25 of a ziggurat
129142 | Zig:25   | Found the +11 plutonium sword {Contam Stlth-}
129222 | Zig:25   | Identified the staff of earth "Cuplus" {Str+6}
129226 | Zig:25   | Identified the +0 robe of Death's Door {Rampage rF+ Str+3}
129227 | Zig:25   | Identified the +8 trident of Desperation {distort, Stlth+}
129229 | Zig:25   | Identified the +5 spear of Ghostly Valour {holy, Fly rPois
                  | rF- Dex+4}
129238 | Zig:25   | Identified the +9 scimitar of Distant Shores {drain, SInv}
129239 | Zig:25   | Identified the staff of cold "Heomoat" {rC+ Will+}
129283 | Zig:25   | Identified the +9 broad axe of Gravity {drain, rElec rF+
                  | Str+2}
129287 | Zig:25   | Identified the staff of poison "Riuj Joa" {rPois Int+3
                  | Dex+9}
129288 | Zig:25   | Identified the +8 morningstar of Integrity {drain, Drain
                  | rN+ Int+2 Dex+2}
129665 | Zig:26   | Entered Level 26 of a ziggurat
129685 | Zig:26   | Found the +10 zealot's sword {holy, Zealotry, *Rage rN+
                  | EV+3}
129911 | Zig:26   | Identified the +1 mace of the Enchanted Forest {holy,
                  | +Blink}
129924 | Zig:26   | Identified the staff of conjuration "Iqag" {rElec rC- Will+
                  | Stlth+}
129930 | Zig:26   | Identified the +4 mace of the Endless Artists {flame, *Rage
                  | rF++ rN+}
130016 | Zig:26   | Identified the +9 morningstar "Ewituy" {freeze, rPois SInv
                  | Stlth-}
130018 | Zig:26   | Identified the ring "Cecofib" {rN+ MP+9}
130023 | Zig:26   | Identified the +7 broad axe "Riepselu" {flame, *Corrode
                  | rElec rF+++ Will-}
130028 | Zig:26   | Identified the +3 barding "Hiyxus" {MP-9 Int+4 Dex+2}
130179 | Zig:27   | Entered Level 27 of a ziggurat
130199 | Zig:27   | Reached skill level 27 in Polearms
130253 | Zig:27   | Identified the +1 ring mail "Lohai" {rElec Str+5 Dex-3
                  | Slay+3 SInv}
130263 | Zig:27   | Identified the amulet "Miuneokh" {rElec rC+ Will+ Regen+}
130266 | Zig:27   | Identified the +9 shortbow "Biocey" {elec, Stlth+}
130267 | Zig:27   | Identified the +2 robe of Noughts and Crosses {*Slow MP+9
                  | Dex+5}
130268 | Zig:27   | Identified the staff of earth "Huasabb" {Drain Fragile rF++
                  | rC+ rN+}
130294 | Zig:27   | Identified the staff of conjuration "Bufeh" {*Corrode rF+++
                  | rN++}
130766 | Hell     | Lost mutation: Your natural rate of healing is unusually
                  | fast. [potion of mutation]
130766 | Hell     | Lost mutation: You are agile. (Dex +4, Str/Int -1) [potion
                  | of mutation]
130766 | Hell     | Gained mutation: You passively map a small area around you.
                  | [potion of mutation]
130766 | Hell     | Gained mutation: Your body sometimes deteriorates upon
                  | taking damage. [potion of mutation]
130766 | Hell     | Gained mutation: You are strong-willed. (Will+) [potion of
                  | mutation]
130767 | Hell     | Lost mutation: Your body sometimes deteriorates upon taking
                  | damage. [potion of mutation]
130767 | Hell     | Lost mutation: You passively map a small area around you.
                  | [potion of mutation]
130767 | Hell     | Gained mutation: You passively map a small area around you.
                  | [potion of mutation]
130767 | Hell     | Gained mutation: Your muscles are strong. (Str +4, Int/Dex
                  | -1) [potion of mutation]
130768 | Hell     | Lost mutation: Your muscles are strong. (Str +4, Int/Dex
                  | -1) [potion of mutation]
130768 | Hell     | Lost mutation: You are strong-willed. (Will+) [potion of
                  | mutation]
130768 | Hell     | Lost mutation: You passively map a small area around you.
                  | [potion of mutation]
130768 | Hell     | Gained mutation: Your system is resistant to poisons.
                  | (rPois) [potion of mutation]
130768 | Hell     | Gained mutation: You are agile. (Dex +4, Str/Int -1)
                  | [potion of mutation]
130768 | Hell     | Gained mutation: You are strong-willed. (Will+) [potion of
                  | mutation]
130769 | Hell     | Lost mutation: Your system is resistant to poisons. (rPois)
                  | [potion of mutation]
130769 | Hell     | Lost mutation: You are strong-willed. (Will+) [potion of
                  | mutation]
130769 | Hell     | Lost mutation: You are agile. (Dex +4, Str/Int -1) [potion
                  | of mutation]
130769 | Hell     | Gained mutation: Your muscles are strong. (Str +4, Int/Dex
                  | -1) [potion of mutation]
130770 | Hell     | Lost mutation: Your muscles are strong. (Str +4, Int/Dex
                  | -1) [potion of mutation]
130770 | Hell     | Gained mutation: You have a pair of small horns on your
                  | head. [potion of mutation]
130771 | Hell     | Lost mutation: You have a pair of small horns on your head.
                  | [potion of mutation]
130771 | Hell     | Gained mutation: You occasionally lose the ability to drink
                  | potions when taking damage. [potion of mutation]
130771 | Hell     | Gained mutation: Your flesh is heat resistant. (rF+)
                  | [potion of mutation]
130772 | Hell     | Lost mutation: Your flesh is heat resistant. (rF+) [potion
                  | of mutation]
130772 | Hell     | Lost mutation: You occasionally lose the ability to drink
                  | potions when taking damage. [potion of mutation]
130772 | Hell     | Gained mutation: You expend magic power (3 MP) to
                  | strengthen your wands. [potion of mutation]
130772 | Hell     | Gained mutation: Your mind is acute. (Int +4, Str/Dex -1)
                  | [potion of mutation]
130773 | Hell     | Lost mutation: You expend magic power (3 MP) to strengthen
                  | your wands. [potion of mutation]
130773 | Hell     | Lost mutation: Your mind is acute. (Int +4, Str/Dex -1)
                  | [potion of mutation]
130773 | Hell     | Gained mutation: You are agile. (Dex +4, Str/Int -1)
                  | [potion of mutation]
130773 | Hell     | Gained mutation: Your magical capacity is low. (-10% MP)
                  | [potion of mutation]
130773 | Hell     | Gained mutation: You passively map a small area around you.
                  | [potion of mutation]
130774 | Hell     | Lost mutation: You passively map a small area around you.
                  | [potion of mutation]
130774 | Hell     | Lost mutation: You are agile. (Dex +4, Str/Int -1) [potion
                  | of mutation]
130774 | Hell     | Gained mutation: Your body sometimes deteriorates upon
                  | taking damage. [potion of mutation]
130774 | Hell     | Lost mutation: Your magical capacity is low. (-10% MP)
                  | [potion of mutation]
130775 | Hell     | Lost mutation: Your body sometimes deteriorates upon taking
                  | damage. [potion of mutation]
130775 | Hell     | Gained mutation: You passively map a small area around you.
                  | [potion of mutation]
130776 | Hell     | Lost mutation: You passively map a small area around you.
                  | [potion of mutation]
130776 | Hell     | Gained mutation: Your mind is acute. (Int +4, Str/Dex -1)
                  | [potion of mutation]
130776 | Hell     | Gained mutation: You possess an exceptional clarity of
                  | mind. [potion of mutation]
130776 | Hell     | Gained mutation: Your mind is very acute. (Int +8, Str/Dex
                  | -2) [potion of mutation]
130792 | Coc:1    | Entered Level 1 of Cocytus
130898 | Coc:7    | Entered Level 7 of Cocytus
130914 | Coc:7    | Paralysed by a wendigo for 1 turns
130956 | Coc:7    | Identified the staff of earth "Hol Pua" {*Corrode Int+2
                  | Dex+2 Stlth+}
130959 | Coc:7    | Identified the amulet of the Final Decision {Spirit Str+2}
131024 | Coc:7    | Identified the +4 spear of False Hope {protect, +Blink
                  | rN+++ Will- MP-9}
131026 | Coc:7    | Identified the +11 sling of Kismet {antimagic, rN+ Will+
                  | Int-5 Dex+6}
131093 | Coc:7    | Reached skill level 27 in Short Blades
131118 | Coc:7    | Noticed Antaeus
131125 | Coc:7    | Killed Antaeus
131136 | Coc:7    | Got an icy rune of Zot
131607 | Zot:5    | Got the Orb of Zot
131612 | Zig:1    | Entered Level 1 of a ziggurat
131635 | Zig:2    | Entered Level 2 of a ziggurat
131674 | Zig:3    | Entered Level 3 of a ziggurat
131676 | Zig:3    | Reached skill level 27 in Invocations
131751 | Zig:4    | Entered Level 4 of a ziggurat
131814 | Zig:4    | Noticed Wyrghoto the pandemonium lord
131819 | Zig:4    | Killed Wyrghoto the pandemonium lord
131867 | Zig:5    | Entered Level 5 of a ziggurat
132007 | Zig:5    | Identified the +4 mace "Nuyhuitu" {flame, rPois}
132024 | Zig:5    | Identified the +0 plate armour of the Snail {rF+ rC+ Will+}
132026 | Zig:5    | Identified the +8 short sword of Dismemberment {freeze,
                  | Drain rElec rN++}
132032 | Zig:5    | Identified the staff of fire "Royliebu" {Fly rElec rF+ rN+
                  | Str-5}
132129 | Zig:6    | Entered Level 6 of a ziggurat
132281 | Zig:6    | Identified the ring of Sul Myuni {rPois rF+ MP+9 Str+3}
132296 | Zig:6    | Identified the ring "Ynowev" {Fly rF+ rC- rN+++ Stlth+}
132316 | Zig:7    | Entered Level 7 of a ziggurat
132316 | Zig:7    | Noticed Faac the pandemonium lord
132317 | Zig:7    | Noticed Fuphour the pandemonium lord
132317 | Zig:7    | Noticed Myhoses the pandemonium lord
132317 | Zig:7    | Noticed Woxel the pandemonium lord
132317 | Zig:7    | Noticed Caelu the pandemonium lord
132317 | Zig:7    | Noticed Hocwaf the pandemonium lord
132318 | Zig:7    | Noticed Tythrievi the pandemonium lord
132318 | Zig:7    | Noticed Gefias the pandemonium lord
132319 | Zig:7    | Found the +3 robe of Clouds {*Thunder rCloud rElec}
132320 | Zig:7    | Killed Gefias the pandemonium lord
132320 | Zig:7    | Killed Caelu the pandemonium lord
132320 | Zig:7    | Killed Tythrievi the pandemonium lord
132320 | Zig:7    | Killed Faac the pandemonium lord
132321 | Zig:7    | Killed Hocwaf the pandemonium lord
132323 | Zig:7    | Killed Fuphour the pandemonium lord
132324 | Zig:7    | Killed Myhoses the pandemonium lord
132328 | Zig:7    | Killed Woxel the pandemonium lord
132360 | Zig:7    | Noticed Osaxip the pandemonium lord
132362 | Zig:7    | Killed Osaxip the pandemonium lord
132441 | Zig:7    | Identified the +0 pair of gloves of Com Biux {Harm}
132465 | Zig:7    | Identified the +2 pair of gloves of Len Owijiga {MP+9}
132510 | Zig:8    | Entered Level 8 of a ziggurat
132555 | Zig:8    | Noticed Myxargh the pandemonium lord
132555 | Zig:8    | Noticed an ancient lich
132564 | Zig:8    | Killed Myxargh the pandemonium lord
132565 | Zig:8    | Killed an ancient lich
132570 | Zig:8    | Noticed Aghoyr the pandemonium lord
132583 | Zig:8    | Killed Aghoyr the pandemonium lord
132730 | Zig:8    | Identified the +5 long sword of Destruction {drain, Str+3}
132746 | Zig:8    | Identified the amulet "Ylestu" {rN+ Regen+ Int+3}
132764 | Zig:8    | Identified the +6 war axe of the Hall of Blades {venom,
                  | Int+3 Dex-3}
132783 | Zig:8    | Identified the ring "Kas Cig" {Ice Slay+2}
132822 | Zig:8    | Identified the amulet "Qeoffen" {Harm rElec rC+ Regen+}
132839 | Zig:9    | Entered Level 9 of a ziggurat
132846 | Zig:9    | Noticed a seraph
132851 | Zig:9    | Killed a seraph
132902 | Zig:9    | Upgraded the game from 0.30-a0-1050-g2766ea1e55 to
                  | 0.30-a0-1053-gbd8d5ba0ad
132907 | Zig:9    | Identified the staff of cold "Okaxut" {rElec rC+}
132913 | Zig:9    | Identified the +8 dagger "Iwke" {drain, Str+3 Dex+5}
132937 | Zig:9    | Identified the +7 plate armour of Buiraz {Dex+4}
133043 | Zig:9    | Noticed Kauk Xuoba the pandemonium lord
133045 | Zig:9    | Killed Kauk Xuoba the pandemonium lord
133063 | Zig:9    | Noticed a seraph
133066 | Zig:9    | Killed a seraph
133088 | Zig:9    | Noticed Geacics the pandemonium lord
133093 | Zig:9    | Killed Geacics the pandemonium lord
133108 | Zig:9    | Noticed Cacun Lece the pandemonium lord
133108 | Zig:9    | Killed Cacun Lece the pandemonium lord
133110 | Zig:10   | Entered Level 10 of a ziggurat
133118 | Zig:10   | Noticed a juggernaut
133119 | Zig:10   | Found the +10 Black Knight's barding {ponderous, rPois rN+}
133121 | Zig:10   | Killed a juggernaut
133279 | Zig:10   | Noticed a seraph
133284 | Zig:10   | Killed a seraph
133359 | Zig:10   | Noticed Leuheh the pandemonium lord
133366 | Zig:10   | Killed Leuheh the pandemonium lord
133469 | Zig:10   | Identified the ring of Plog {*Slow rPois rF+ Will+ Str+4}
133480 | Zig:10   | Identified the +4 scale mail of the Old and Reckless
                  | {rPois}
133491 | Zig:11   | Entered Level 11 of a ziggurat
133504 | Zig:11   | Noticed Cuys the pandemonium lord
133518 | Zig:11   | Killed Cuys the pandemonium lord
133654 | Zig:11   | Identified the +1 cloak of the Several Souls {rN+ Will-
                  | rCorr}
133674 | Zig:11   | Identified the +1 war axe "Goblin's Regret" {flame, rCorr
                  | Int+2}
133679 | Zig:11   | Identified the +7 halberd "Deik" {flame, MP+9 Dex+2}
133749 | Zig:12   | Entered Level 12 of a ziggurat
133756 | Zig:12   | Paralysed by an air elemental for 1 turns
133767 | Zig:12   | Reached skill level 27 in Ranged Weapons
133817 | Zig:12   | Noticed Tysokkyf the pandemonium lord
133822 | Zig:12   | Killed Tysokkyf the pandemonium lord
133978 | Zig:12   | Identified the +0 robe "Ruotoupru" {MP+9 Int-5 Slay+2
                  | Stlth+}
133986 | Zig:12   | Identified the ring "Orimicut" {rElec rPois Int+6 Dex+4}
134042 | Zig:13   | Entered Level 13 of a ziggurat
134046 | Zig:13   | Paralysed by an air elemental for 1 turns
134072 | Zig:13   | Identified the ring "Xuehub" {rElec rF- rN+ Int+3 Dex+6}
134073 | Zig:13   | Identified the amulet of Satisfaction {rC+ Regen+ Str+3
                  | Dex+2}
134082 | Zig:13   | Identified the +1 scale mail of Marbles {rElec Int+2 Dex-2}
134115 | Zig:13   | Noticed Nuteps the pandemonium lord
134115 | Zig:13   | Noticed an ancient lich
134119 | Zig:13   | Killed an ancient lich
134122 | Zig:13   | Killed Nuteps the pandemonium lord
134170 | Zig:13   | Noticed a seraph
134177 | Zig:13   | Killed a seraph
134240 | Zig:13   | Noticed Medanuju the pandemonium lord
134243 | Zig:13   | Killed Medanuju the pandemonium lord
134270 | Zig:13   | Identified the staff of poison "Jeis" {rElec rPois rF+++
                  | rC- Dex+3}
134271 | Zig:13   | Identified the ring "Courch" {rPois rC+ Will- Str+3 Int+6}
134282 | Zig:13   | Identified the +11 chain mail of the Hidden Vale {rN+++
                  | Regen+ Str+4 Int-2}
134397 | Zig:14   | Entered Level 14 of a ziggurat
134463 | Zig:14   | Noticed Erphakh the pandemonium lord
134468 | Zig:14   | Killed Erphakh the pandemonium lord
134604 | Zig:14   | Noticed Jidghapna the pandemonium lord
134609 | Zig:14   | Killed Jidghapna the pandemonium lord
134688 | Zig:14   | Identified the staff of earth "Nehiwn" {rC+ Str+4 Dex-4}
134770 | Zig:14   | Identified the amulet "Xeif" {Spirit rPois Str+3 Int+3}
134813 | Zig:14   | Noticed Cuqe the pandemonium lord
134818 | Zig:15   | Entered Level 15 of a ziggurat
134824 | Zig:15   | Paralysed by an air elemental for 1 turns
134826 | Zig:15   | Reached skill level 27 in Long Blades
134832 | Zig:15   | Reached skill level 27 in Unarmed Combat
134878 | Zig:15   | Identified the amulet "Diugeiph" {Reflect rF+ Str+3 Dex+3
                  | SH+5}
134885 | Zig:15   | Identified the +1 pair of boots of Ughod {*Slow Will+++
                  | Regen+ Dex-4}
134887 | Zig:15   | Identified the amulet of Icow {Spirit Fragile rC+ Dex+4}
134897 | Zig:15   | Identified the +4 hand axe "Daacyaz" {pain, Str+3}
134903 | Zig:15   | Identified the +1 great sword of Mano {freeze, rC- rN+
                  | Str+3}
134964 | Zig:15   | Noticed Hiluidod the pandemonium lord
134969 | Zig:15   | Killed Hiluidod the pandemonium lord
134984 | Zig:15   | Noticed Isijira the pandemonium lord
134988 | Zig:15   | Killed Isijira the pandemonium lord
134999 | Zig:15   | Noticed Teyxkiem the pandemonium lord
135005 | Zig:15   | Killed Teyxkiem the pandemonium lord
135070 | Zig:16   | Entered Level 16 of a ziggurat
135076 | Zig:16   | Noticed a juggernaut
135079 | Zig:16   | Noticed a juggernaut
135080 | Zig:16   | Noticed a juggernaut
135081 | Zig:16   | Noticed a juggernaut
135081 | Zig:16   | Noticed a juggernaut
135081 | Zig:16   | Noticed a juggernaut
135081 | Zig:16   | Noticed a juggernaut
135082 | Zig:16   | Killed a juggernaut
135082 | Zig:16   | Killed a juggernaut
135082 | Zig:16   | Killed a juggernaut
135082 | Zig:16   | Killed a juggernaut
135083 | Zig:16   | Reached skill level 27 in Maces & Flails
135083 | Zig:16   | Killed a juggernaut
135083 | Zig:16   | Killed a juggernaut
135083 | Zig:16   | Killed a juggernaut
135083 | Zig:16   | Noticed a juggernaut
135084 | Zig:16   | Noticed a juggernaut
135085 | Zig:16   | Noticed a juggernaut
135085 | Zig:16   | Noticed a juggernaut
135085 | Zig:16   | Noticed a juggernaut
135085 | Zig:16   | Noticed a juggernaut
135087 | Zig:16   | Killed a juggernaut
135087 | Zig:16   | Killed a juggernaut
135087 | Zig:16   | Killed a juggernaut
135087 | Zig:16   | Killed a juggernaut
135087 | Zig:16   | Killed a juggernaut
135088 | Zig:16   | Killed a juggernaut
135094 | Zig:16   | Identified the staff of earth "Patolan" {rN+}
135099 | Zig:16   | Noticed Fuot the pandemonium lord
135109 | Zig:16   | Killed Fuot the pandemonium lord
135143 | Zig:16   | Identified the +8 spear of Sin {flame, Will+ Str+3 Int+3}
135145 | Zig:16   | Identified the +0 flail of Governance {freeze, Fly rF+ rC+
                  | rCorr}
135295 | Zig:16   | Noticed Quatig the pandemonium lord
135297 | Zig:16   | Killed Quatig the pandemonium lord
135305 | Zig:16   | Identified the +1 hand axe "Grim Tooth" {freeze, Contam
                  | +Blink Dex+2 SInv}
135310 | Zig:16   | Identified the +1 scale mail of the Forest {rPois rC++
                  | Will+ Regen+}
135320 | Zig:16   | Noticed Syt Batu the pandemonium lord
135328 | Zig:16   | Killed Syt Batu the pandemonium lord
135341 | Zig:16   | Identified the staff of fire "Wynaluul" {*Slow rF+ rC+
                  | Int+6}
135350 | Zig:16   | Identified the +1 leather armour of Qaz Ycu {rF+}
135483 | Zig:16   | Identified the staff of death "Saonkeninn" {rC- rN+ Int+7}
135490 | Zig:16   | Identified the +1 chain mail of Gofiraw {Rampage Slay+3}
135498 | Zig:17   | Entered Level 17 of a ziggurat
135521 | Zig:17   | Noticed Yvveuc the pandemonium lord
135565 | Zig:17   | Killed Yvveuc the pandemonium lord
135755 | Zig:17   | Identified the staff of cold "Hocuinleo" {*Corrode rElec
                  | rC+ rN+ Str+4}
135757 | Zig:17   | Identified the staff of earth "Ceses" {Fly Str-3 Int+2}
135758 | Zig:17   | Identified the +1 chain mail "Ujycs" {Str+3}
135768 | Zig:17   | Identified the +0 hand axe "Dragonbane" {speed, rPois
                  | Int+3}
135879 | Zig:17   | Noticed Iceal the pandemonium lord
135883 | Zig:17   | Killed Iceal the pandemonium lord
135966 | Zig:18   | Entered Level 18 of a ziggurat
135978 | Zig:18   | Noticed an ancient lich
135982 | Zig:18   | Killed an ancient lich
135983 | Zig:18   | Noticed an ancient lich
135990 | Zig:18   | Killed an ancient lich
135994 | Zig:18   | Noticed Jipp the pandemonium lord
136005 | Zig:18   | Killed Jipp the pandemonium lord
136047 | Zig:18   | Noticed Nalloc the pandemonium lord
136050 | Zig:18   | Killed Nalloc the pandemonium lord
136092 | Zig:18   | Noticed Nofoim the pandemonium lord
136097 | Zig:18   | Killed Nofoim the pandemonium lord
136132 | Zig:18   | Identified the ring "Cauhun" {rElec rF++ rC+ EV+5}
136135 | Zig:18   | Identified the +1 cloak of Purpose {rF- Dex+9}
136145 | Zig:18   | Identified the +1 bardiche of the Heavens {heavy, Drain
                  | Int+3 Dex+2}
136146 | Zig:18   | Identified the staff of conjuration "Qootawus" {rC+}
136154 | Zig:19   | Entered Level 19 of a ziggurat
136166 | Zig:19   | Paralysed by a wendigo for 1 turns
136198 | Zig:19   | Noticed Gedunath the pandemonium lord
136201 | Zig:19   | Killed Gedunath the pandemonium lord
136230 | Zig:19   | Identified the +11 lajatang "Siga" {vamp, *Slow Dex+7
                  | Stlth+}
136237 | Zig:19   | Identified the +2 hand axe of Imbalance {spect, rF+}
136242 | Zig:19   | Identified the staff of death "Yge Itumn" {rElec rF- rN+
                  | rCorr Str+4 Int+3}
136270 | Zig:19   | Identified the +9 falchion "Dragon's Bane" {flame, Dex+7}
136277 | Zig:19   | Identified the +6 plate armour "Ulli" {-Cast rElec rPois
                  | rCorr}
136278 | Zig:19   | Identified the +8 shortbow of Niskyidgh {flame, rElec rPois
                  | rF+ Int-3}
136284 | Zig:20   | Entered Level 20 of a ziggurat
136300 | Zig:20   | Paralysed by accursed screaming for 2 turns
136308 | Zig:20   | Found the +3 giant club "Skullcrusher" {speed, Str+7}
136309 | Zig:20   | Found the +8 demon trident "Rift" {distort, reach+}
136315 | Zig:20   | Found the +7 lajatang of Order {silver, rMut}
136316 | Zig:20   | Found the crystal ball of Wucad Mu {*channel}
136323 | Zig:20   | Identified the +0 crystal plate armour of Arcadian
                  | Curiosity {Harm Will+}
136341 | Zig:20   | Identified the +10 mace of Kisosu {drain, Int+3 Dex+3}
136512 | Zig:20   | Noticed Hobbitu the pandemonium lord
136518 | Zig:20   | Killed Hobbitu the pandemonium lord
136522 | Zig:20   | Noticed Camnuyto the pandemonium lord
136526 | Zig:20   | Killed Camnuyto the pandemonium lord
136552 | Zig:20   | Noticed Gecaesel the pandemonium lord
136555 | Zig:20   | Killed Gecaesel the pandemonium lord
136558 | Zig:20   | Noticed Puamisi the pandemonium lord
136565 | Zig:20   | Killed Puamisi the pandemonium lord
136592 | Zig:20   | Noticed Laifozal the pandemonium lord
136602 | Zig:20   | Killed Laifozal the pandemonium lord
136653 | Zig:20   | Identified the staff of cold "Wineawuh" {rPois rC+ Int+2}
136809 | Zig:20   | Identified the +10 rapier of Azimolec {vamp, rElec rPois
                  | rN++ rCorr}
136832 | Zig:21   | Entered Level 21 of a ziggurat
136870 | Zig:21   | Found the +7 sceptre of Torment {pain, torment}
136892 | Zig:21   | Noticed Aschuxala the pandemonium lord
136901 | Zig:21   | Killed Aschuxala the pandemonium lord
136968 | Zig:21   | Noticed Wucvubad the pandemonium lord
136970 | Zig:21   | Killed Wucvubad the pandemonium lord
137159 | Zig:21   | Identified the +2 cloak of Hugosateva {Rampage rN++}
137175 | Zig:21   | Identified the +7 lajatang "Hydrabane" {drain, rPois rC+++
                  | Str-4 Stlth-}
137188 | Zig:21   | Identified the staff of death "Gosucu" {rN+ Str+5 Dex+3
                  | Stlth+}
137304 | Zig:21   | Identified the +10 glaive of Gozag's Esteem {antimagic,
                  | rPois rF+ Will- Str+3}
137317 | Zig:21   | Identified the +2 quarterstaff "Denlaus" {venom, rPois
                  | Dex+3}
137331 | Zig:22   | Entered Level 22 of a ziggurat
137333 | Zig:22   | Noticed Reis Royro the pandemonium lord
137338 | Zig:22   | Killed Reis Royro the pandemonium lord
137342 | Zig:22   | Noticed Kiojas the pandemonium lord
137346 | Zig:22   | Noticed Fytwy the pandemonium lord
137346 | Zig:22   | Noticed Feori the pandemonium lord
137347 | Zig:22   | Noticed Avouck the pandemonium lord
137349 | Zig:22   | Noticed Cahat the pandemonium lord
137349 | Zig:22   | Noticed Vifouxt the pandemonium lord
137349 | Zig:22   | Noticed Haupt the pandemonium lord
137349 | Zig:22   | Noticed Deyt the pandemonium lord
137349 | Zig:22   | Noticed Onouw the pandemonium lord
137349 | Zig:22   | Noticed Laystreda the pandemonium lord
137349 | Zig:22   | Noticed Pehaw the pandemonium lord
137350 | Zig:22   | Noticed Hustra the pandemonium lord
137350 | Zig:22   | Noticed Yxkuasus the pandemonium lord
137350 | Zig:22   | Noticed Haumn the pandemonium lord
137350 | Zig:22   | Noticed Meom the pandemonium lord
137351 | Zig:22   | Killed Onouw the pandemonium lord
137351 | Zig:22   | Noticed Erchyse the pandemonium lord
137351 | Zig:22   | Noticed Ovaxe the pandemonium lord
137351 | Zig:22   | Noticed Miasteoc the pandemonium lord
137351 | Zig:22   | Noticed Giuhie the pandemonium lord
137351 | Zig:22   | Noticed Heguunawn the pandemonium lord
137351 | Zig:22   | Noticed Ogatif the pandemonium lord
137351 | Zig:22   | Noticed Afaly the pandemonium lord
137351 | Zig:22   | Noticed Riduahif the pandemonium lord
137352 | Zig:22   | Killed Vifouxt the pandemonium lord
137352 | Zig:22   | Killed Deyt the pandemonium lord
137352 | Zig:22   | Killed Heguunawn the pandemonium lord
137352 | Zig:22   | Killed Fytwy the pandemonium lord
137352 | Zig:22   | Noticed Tiotway the pandemonium lord
137352 | Zig:22   | Noticed Piacvaudgh the pandemonium lord
137353 | Zig:22   | Killed Haupt the pandemonium lord
137353 | Zig:22   | Killed Yxkuasus the pandemonium lord
137353 | Zig:22   | Killed Cahat the pandemonium lord
137353 | Zig:22   | Killed Hustra the pandemonium lord
137353 | Zig:22   | Killed Haumn the pandemonium lord
137353 | Zig:22   | Killed Piacvaudgh the pandemonium lord
137353 | Zig:22   | Killed Erchyse the pandemonium lord
137353 | Zig:22   | Noticed Juschuf the pandemonium lord
137353 | Zig:22   | Noticed Ficiaj the pandemonium lord
137353 | Zig:22   | Noticed Sut Noet the pandemonium lord
137353 | Zig:22   | Noticed Zuixzalutt the pandemonium lord
137353 | Zig:22   | Noticed Qef Kein the pandemonium lord
137353 | Zig:22   | Noticed Zias the pandemonium lord
137353 | Zig:22   | Noticed Yrchupiho the pandemonium lord
137354 | Zig:22   | Killed Laystreda the pandemonium lord
137354 | Zig:22   | Killed Tiotway the pandemonium lord
137354 | Zig:22   | Killed Zuixzalutt the pandemonium lord
137354 | Zig:22   | Noticed Bumnaxt the pandemonium lord
137354 | Zig:22   | Noticed Efoyshij the pandemonium lord
137354 | Zig:22   | Noticed Jewete the pandemonium lord
137355 | Zig:22   | Killed Avouck the pandemonium lord
137355 | Zig:22   | Killed Kiojas the pandemonium lord
137355 | Zig:22   | Killed Afaly the pandemonium lord
137355 | Zig:22   | Killed Ovaxe the pandemonium lord
137355 | Zig:22   | Killed Pehaw the pandemonium lord
137355 | Zig:22   | Killed Ficiaj the pandemonium lord
137355 | Zig:22   | Killed Riduahif the pandemonium lord
137355 | Zig:22   | Noticed Seava the pandemonium lord
137355 | Zig:22   | Noticed Kisuoll the pandemonium lord
137355 | Zig:22   | Noticed Ychehoz the pandemonium lord
137355 | Zig:22   | Noticed Nanat the pandemonium lord
137355 | Zig:22   | Noticed Pagol Qest the pandemonium lord
137355 | Zig:22   | Noticed Gaarolea the pandemonium lord
137356 | Zig:22   | Killed Meom the pandemonium lord
137356 | Zig:22   | Killed Bumnaxt the pandemonium lord
137356 | Zig:22   | Killed Qef Kein the pandemonium lord
137356 | Zig:22   | Killed Zias the pandemonium lord
137356 | Zig:22   | Noticed Bomaet the pandemonium lord
137356 | Zig:22   | Noticed Egew the pandemonium lord
137356 | Zig:22   | Killed Giuhie the pandemonium lord
137356 | Zig:22   | Noticed Suixed the pandemonium lord
137358 | Zig:22   | Noticed Toij the pandemonium lord
137358 | Zig:22   | Noticed Bidiga the pandemonium lord
137359 | Zig:22   | Noticed Noekueso the pandemonium lord
137359 | Zig:22   | Killed Juschuf the pandemonium lord
137359 | Zig:22   | Killed Gaarolea the pandemonium lord
137359 | Zig:22   | Killed Sut Noet the pandemonium lord
137359 | Zig:22   | Killed Feori the pandemonium lord
137359 | Zig:22   | Killed Suixed the pandemonium lord
137359 | Zig:22   | Killed Ogatif the pandemonium lord
137359 | Zig:22   | Noticed Hinajogg the pandemonium lord
137360 | Zig:22   | Killed Nanat the pandemonium lord
137360 | Zig:22   | Killed Efoyshij the pandemonium lord
137360 | Zig:22   | Killed Bidiga the pandemonium lord
137360 | Zig:22   | Killed Noekueso the pandemonium lord
137360 | Zig:22   | Killed Kisuoll the pandemonium lord
137360 | Zig:22   | Noticed Oppiy the pandemonium lord
137360 | Zig:22   | Noticed Pyf Qile the pandemonium lord
137361 | Zig:22   | Killed Jewete the pandemonium lord
137361 | Zig:22   | Killed Seava the pandemonium lord
137361 | Zig:22   | Killed Egew the pandemonium lord
137361 | Zig:22   | Killed Pagol Qest the pandemonium lord
137361 | Zig:22   | Noticed Vufifak the pandemonium lord
137361 | Zig:22   | Noticed Otzaxt the pandemonium lord
137362 | Zig:22   | Noticed Withrun the pandemonium lord
137362 | Zig:22   | Killed Yrchupiho the pandemonium lord
137362 | Zig:22   | Noticed Vyng the pandemonium lord
137366 | Zig:22   | Killed Miasteoc the pandemonium lord
137371 | Zig:22   | Killed Ychehoz the pandemonium lord
137374 | Zig:22   | Killed Toij the pandemonium lord
137376 | Zig:22   | Noticed Fikhawon the pandemonium lord
137377 | Zig:22   | Noticed Sallipho the pandemonium lord
137378 | Zig:22   | Killed Vufifak the pandemonium lord
137379 | Zig:22   | Killed Oppiy the pandemonium lord
137383 | Zig:22   | Killed Vyng the pandemonium lord
137384 | Zig:22   | Killed Fikhawon the pandemonium lord
137384 | Zig:22   | Noticed Lennaosm the pandemonium lord
137387 | Zig:22   | Noticed Okel the pandemonium lord
137389 | Zig:22   | Killed Otzaxt the pandemonium lord
137391 | Zig:22   | Killed Sallipho the pandemonium lord
137392 | Zig:22   | Noticed Rourr the pandemonium lord
137392 | Zig:22   | Killed Hinajogg the pandemonium lord
137392 | Zig:22   | Noticed Ruemichy the pandemonium lord
137393 | Zig:22   | Noticed Vuinier the pandemonium lord
137395 | Zig:22   | Killed Rourr the pandemonium lord
137395 | Zig:22   | Killed Lennaosm the pandemonium lord
137395 | Zig:22   | Killed Okel the pandemonium lord
137396 | Zig:22   | Killed Pyf Qile the pandemonium lord
137396 | Zig:22   | Noticed Nuizestre the pandemonium lord
137397 | Zig:22   | Killed Ruemichy the pandemonium lord
137398 | Zig:22   | Killed Bomaet the pandemonium lord
137398 | Zig:22   | Noticed Guzin the pandemonium lord
137398 | Zig:22   | Noticed Ilawypet the pandemonium lord
137399 | Zig:22   | Noticed Gyevasej the pandemonium lord
137402 | Zig:22   | Killed Vuinier the pandemonium lord
137407 | Zig:22   | Killed Withrun the pandemonium lord
137408 | Zig:22   | Killed Gyevasej the pandemonium lord
137408 | Zig:22   | Killed Ilawypet the pandemonium lord
137411 | Zig:22   | Killed Guzin the pandemonium lord
137414 | Zig:22   | Killed Nuizestre the pandemonium lord
137424 | Zig:22   | Found the +2 shield of Resistance {rF++ rC++ Will++}
137474 | Zig:22   | Identified the ring of Compassion {Wiz Dex+4}
137476 | Zig:22   | Identified the +5 whip "Pendulum" {flame, rF+}
137487 | Zig:22   | Identified the ring "Sucebbu" {rElec Will+ Str+2}
137489 | Zig:22   | Identified the +13 plate armour "Deiroh" {-Tele Str+4
                  | Dex+2}
137499 | Zig:22   | Identified the +6 sling of the Pyrrhic Victory {antimagic,
                  | Will+ SInv}
137506 | Zig:22   | Identified the ring "Camaso" {*Slow rPois rN++ AC+4 Str+2}
137512 | Zig:22   | Identified the +1 ring mail of a wizard's laboratory {rCorr
                  | SInv}
137513 | Zig:22   | Identified the +1 leather armour of the Lair of Beasts
                  | {Str+4}
137516 | Zig:22   | Identified the +8 plate armour of Light {rF+ MP+9 Int+3
                  | Slay+3}
137525 | Zig:22   | Identified the staff of poison "Nok Jair" {rElec rPois
                  | Int+4}
137533 | Zig:22   | Noticed Osmesore the pandemonium lord
137535 | Zig:23   | Entered Level 23 of a ziggurat
137543 | Zig:23   | Noticed Caf Azidd the pandemonium lord
137546 | Zig:23   | Noticed Qoriz the pandemonium lord
137546 | Zig:23   | Noticed Izaij the pandemonium lord
137547 | Zig:23   | Noticed Baschosaci the pandemonium lord
137547 | Zig:23   | Noticed Wouhaoga the pandemonium lord
137547 | Zig:23   | Noticed Awkeh the pandemonium lord
137547 | Zig:23   | Noticed Oliod the pandemonium lord
137547 | Zig:23   | Noticed Otwudoac the pandemonium lord
137548 | Zig:23   | Noticed Kaxorre the pandemonium lord
137548 | Zig:23   | Noticed Nayneud the pandemonium lord
137548 | Zig:23   | Noticed Ulouth the pandemonium lord
137548 | Zig:23   | Noticed Mumig the pandemonium lord
137548 | Zig:23   | Noticed Toeronn the pandemonium lord
137548 | Zig:23   | Noticed Ruxtoag the pandemonium lord
137548 | Zig:23   | Noticed Fawukky the pandemonium lord
137548 | Zig:23   | Noticed Doym the pandemonium lord
137548 | Zig:23   | Noticed Zosmaal the pandemonium lord
137548 | Zig:23   | Noticed Recuryhi the pandemonium lord
137548 | Zig:23   | Noticed Ecsuosh the pandemonium lord
137548 | Zig:23   | Noticed Deeh the pandemonium lord
137548 | Zig:23   | Noticed Bajegul the pandemonium lord
137548 | Zig:23   | Noticed Veawneff the pandemonium lord
137548 | Zig:23   | Noticed Kovunup the pandemonium lord
137548 | Zig:23   | Noticed Omoebruo the pandemonium lord
137548 | Zig:23   | Noticed Qossogun the pandemonium lord
137548 | Zig:23   | Noticed Xuakej the pandemonium lord
137548 | Zig:23   | a golden dragon changed into a juggernaut
137548 | Zig:23   | Noticed a juggernaut (shapeshifter)
137548 | Zig:23   | Noticed Hilowiju the pandemonium lord
137548 | Zig:23   | Noticed Rell the pandemonium lord
137549 | Zig:23   | Killed Bajegul the pandemonium lord
137549 | Zig:23   | Killed Otwudoac the pandemonium lord
137549 | Zig:23   | Killed Nayneud the pandemonium lord
137549 | Zig:23   | Noticed Badedghe the pandemonium lord
137550 | Zig:23   | Killed Baschosaci the pandemonium lord
137550 | Zig:23   | Killed Deeh the pandemonium lord
137550 | Zig:23   | Killed a juggernaut
137550 | Zig:23   | Killed Zosmaal the pandemonium lord
137550 | Zig:23   | Killed Qoriz the pandemonium lord
137550 | Zig:23   | Killed Ruxtoag the pandemonium lord
137550 | Zig:23   | Killed Qossogun the pandemonium lord
137550 | Zig:23   | Noticed Feaber the pandemonium lord
137550 | Zig:23   | Killed Caf Azidd the pandemonium lord
137550 | Zig:23   | Noticed Veppikhly the pandemonium lord
137551 | Zig:23   | Killed Oliod the pandemonium lord
137551 | Zig:23   | Killed Izaij the pandemonium lord
137551 | Zig:23   | Killed Kovunup the pandemonium lord
137551 | Zig:23   | Killed Xuakej the pandemonium lord
137551 | Zig:23   | Killed Ulouth the pandemonium lord
137551 | Zig:23   | Killed Omoebruo the pandemonium lord
137551 | Zig:23   | Killed Kaxorre the pandemonium lord
137551 | Zig:23   | Killed Rell the pandemonium lord
137551 | Zig:23   | Noticed Arhuc the pandemonium lord
137551 | Zig:23   | Noticed Qecsor the pandemonium lord
137551 | Zig:23   | Noticed Gaan Equg the pandemonium lord
137551 | Zig:23   | Noticed Bapto the pandemonium lord
137551 | Zig:23   | Noticed Gyts the pandemonium lord
137552 | Zig:23   | Killed Fawukky the pandemonium lord
137552 | Zig:23   | Killed Ecsuosh the pandemonium lord
137552 | Zig:23   | Killed Badedghe the pandemonium lord
137552 | Zig:23   | Noticed Qezamol the pandemonium lord
137553 | Zig:23   | Killed Gyts the pandemonium lord
137553 | Zig:23   | Noticed Xoukk the pandemonium lord
137553 | Zig:23   | Noticed Plog the pandemonium lord
137553 | Zig:23   | Noticed Jymoac the pandemonium lord
137553 | Zig:23   | Noticed Fypaass the pandemonium lord
137553 | Zig:23   | Noticed Far Ulor the pandemonium lord
137554 | Zig:23   | Killed Wouhaoga the pandemonium lord
137554 | Zig:23   | Killed Awkeh the pandemonium lord
137554 | Zig:23   | Killed Recuryhi the pandemonium lord
137554 | Zig:23   | Killed Mumig the pandemonium lord
137554 | Zig:23   | Noticed Istreik Jigo the pandemonium lord
137554 | Zig:23   | Noticed Hahysuma the pandemonium lord
137555 | Zig:23   | Noticed Taowioff the pandemonium lord
137555 | Zig:23   | Noticed Volibb the pandemonium lord
137555 | Zig:23   | Noticed Ukkabov the pandemonium lord
137555 | Zig:23   | Noticed Sijeb the pandemonium lord
137555 | Zig:23   | Noticed Luca Dyr the pandemonium lord
137555 | Zig:23   | Noticed Fosholaa the pandemonium lord
137555 | Zig:23   | Noticed Hukaeg the pandemonium lord
137556 | Zig:23   | Noticed Nedius the pandemonium lord
137556 | Zig:23   | Noticed Inid the pandemonium lord
137556 | Zig:23   | Noticed Puwoen the pandemonium lord
137556 | Zig:23   | Noticed Qeolec the pandemonium lord
137556 | Zig:23   | Noticed Ysathral the pandemonium lord
137556 | Zig:23   | Noticed Muanufec the pandemonium lord
137556 | Zig:23   | Noticed Ishriulo the pandemonium lord
137556 | Zig:23   | Noticed Qiph the pandemonium lord
137556 | Zig:23   | Noticed Wacoqut the pandemonium lord
137556 | Zig:23   | Found the +3 hat of Pondering {ponderous, Will+ MP+10
                  | Int+5}
137558 | Zig:23   | Noticed Yvvev the pandemonium lord
137558 | Zig:23   | Killed Gaan Equg the pandemonium lord
137558 | Zig:23   | Killed Far Ulor the pandemonium lord
137558 | Zig:23   | Killed Volibb the pandemonium lord
137558 | Zig:23   | Killed Fypaass the pandemonium lord
137558 | Zig:23   | Killed Ukkabov the pandemonium lord
137558 | Zig:23   | Killed Taowioff the pandemonium lord
137558 | Zig:23   | Killed Muanufec the pandemonium lord
137558 | Zig:23   | Killed Wacoqut the pandemonium lord
137558 | Zig:23   | Killed Plog the pandemonium lord
137558 | Zig:23   | Killed Sijeb the pandemonium lord
137558 | Zig:23   | Killed Qeolec the pandemonium lord
137559 | Zig:23   | Killed Yvvev the pandemonium lord
137559 | Zig:23   | Killed Doym the pandemonium lord
137559 | Zig:23   | Killed Inid the pandemonium lord
137559 | Zig:23   | Killed Luca Dyr the pandemonium lord
137559 | Zig:23   | Killed Hilowiju the pandemonium lord
137559 | Zig:23   | Killed Fosholaa the pandemonium lord
137559 | Zig:23   | Killed Qecsor the pandemonium lord
137560 | Zig:23   | Killed Veppikhly the pandemonium lord
137561 | Zig:23   | Killed Hahysuma the pandemonium lord
137561 | Zig:23   | Killed Xoukk the pandemonium lord
137561 | Zig:23   | Killed Toeronn the pandemonium lord
137561 | Zig:23   | Noticed Ehah the pandemonium lord
137562 | Zig:23   | Killed Puwoen the pandemonium lord
137562 | Zig:23   | Killed Ysathral the pandemonium lord
137563 | Zig:23   | Noticed Lipsixyf the pandemonium lord
137563 | Zig:23   | Noticed Gafirem the pandemonium lord
137564 | Zig:23   | Killed Feaber the pandemonium lord
137564 | Zig:23   | Killed Jymoac the pandemonium lord
137564 | Zig:23   | Killed Lipsixyf the pandemonium lord
137565 | Zig:23   | Killed Arhuc the pandemonium lord
137566 | Zig:23   | Killed Qezamol the pandemonium lord
137567 | Zig:23   | Killed Veawneff the pandemonium lord
137568 | Zig:23   | Killed Bapto the pandemonium lord
137568 | Zig:23   | Killed Ishriulo the pandemonium lord
137569 | Zig:23   | Killed Gafirem the pandemonium lord
137570 | Zig:23   | Killed Istreik Jigo the pandemonium lord
137571 | Zig:23   | Killed Hukaeg the pandemonium lord
137576 | Zig:23   | Killed Qiph the pandemonium lord
137576 | Zig:23   | Killed Nedius the pandemonium lord
137577 | Zig:23   | Killed Ehah the pandemonium lord
137664 | Zig:23   | Identified the +1 falchion of the Uplifting Scorpion
                  | {freeze, Dex+3}
137672 | Zig:23   | Identified the staff of cold "Juen" {Contam rElec rC+
                  | Int+2}
137673 | Zig:23   | Identified the +2 leather armour "Amumo" {Rampage rC+}
137675 | Zig:23   | Identified the ring of Iwaatz {Contam rF- rN++ Will+
                  | Stlth+}
137680 | Zig:23   | Identified the +3 sling of the Pyrrhic Victory {speed, rF+
                  | Int+3 Stlth+}
137691 | Zig:23   | Identified the +6 hand axe of Wub Aca {vamp, Contam Fly
                  | Int+4 Dex+3}
137692 | Zig:23   | Identified the +12 plate armour of Incorporation {Will++
                  | MP+9 SInv}
137707 | Zig:24   | Entered Level 24 of a ziggurat
137795 | Zig:24   | Found the +8 Wrath of Trog {antimagic, *Rage Rampage}
137808 | Zig:24   | Identified the ring "Wyprudow" {*Corrode rC+ Will+ Str+4
                  | Dex-4}
137812 | Zig:24   | Identified the +4 rapier of Theory {venom, *Slow rN+ Dex+3
                  | Stlth+}
137870 | Zig:24   | Noticed Cazoros the pandemonium lord
137873 | Zig:24   | Killed Cazoros the pandemonium lord
138043 | Zig:24   | Identified the staff of cold "Japsoar" {Contam rC+ rCorr
                  | Dex+3}
138061 | Zig:24   | Identified the +4 chain mail "Niwer" {Str+3}
138077 | Zig:24   | Identified the +0 robe of the Bagpipe {rPois rN+ Str+2}
138109 | Zig:24   | Identified the +5 halberd of Prescription {heavy, rF+ rCorr
                  | Dex+4}
138141 | Zig:24   | Identified the +0 pair of gloves "Xigaorphe" {rN+ Str+6}
138164 | Zig:24   | Identified the ring "Faba" {rElec rF+ rC+ Dex+3}
138200 | Zig:25   | Entered Level 25 of a ziggurat
138246 | Zig:25   | Identified the +3 whip "Eschoekh" {flame, rPois rC+++ Dex-4
                  | SInv}
138247 | Zig:25   | Identified the +0 buckler of the Grue {Str-5 Int+7}
138256 | Zig:25   | Identified the orb "Kaun" {*channel, Str+3}
138258 | Zig:25   | Identified the +9 halberd "Newtslayer" {freeze, rPois rF-
                  | rC+++ Str-4}
138263 | Zig:25   | Identified the +8 broad axe of Cyha {drain, rElec rN+++}
138264 | Zig:25   | Identified the +9 chain mail of Darkness {rC+}
138269 | Zig:25   | Identified the +7 great mace of Intimidation {flame, rPois
                  | rF+ Will+ Int-5}
138276 | Zig:25   | Identified the +5 hand axe "Zawnadymp" {pain, rN+ Will+
                  | Int+2}
138285 | Zig:26   | Entered Level 26 of a ziggurat
138290 | Zig:26   | Noticed Zaprarch the pandemonium lord
138293 | Zig:26   | Noticed Zadaqur the pandemonium lord
138295 | Zig:26   | Noticed Itime the pandemonium lord
138295 | Zig:26   | Noticed Plog the pandemonium lord
138295 | Zig:26   | Noticed Zexkor the pandemonium lord
138295 | Zig:26   | Noticed Coigg the pandemonium lord
138295 | Zig:26   | Noticed Funwub the pandemonium lord
138295 | Zig:26   | Noticed Raturch the pandemonium lord
138295 | Zig:26   | Noticed Vof Tiub the pandemonium lord
138295 | Zig:26   | Noticed Mebaasukk the pandemonium lord
138296 | Zig:26   | Noticed Zeoppium the pandemonium lord
138298 | Zig:26   | Killed Zadaqur the pandemonium lord
138298 | Zig:26   | Killed Funwub the pandemonium lord
138298 | Zig:26   | Killed Itime the pandemonium lord
138298 | Zig:26   | Killed Mebaasukk the pandemonium lord
138298 | Zig:26   | Noticed Igewar the pandemonium lord
138302 | Zig:26   | Killed Zaprarch the pandemonium lord
138307 | Zig:26   | Killed Plog the pandemonium lord
138309 | Zig:26   | Killed Coigg the pandemonium lord
138309 | Zig:26   | Noticed Jekej the pandemonium lord
138314 | Zig:26   | Killed Zexkor the pandemonium lord
138314 | Zig:26   | Noticed Hoitirisk the pandemonium lord
138315 | Zig:26   | Killed Vof Tiub the pandemonium lord
138316 | Zig:26   | Noticed Qopoov the pandemonium lord
138316 | Zig:26   | Noticed Hashreu the pandemonium lord
138316 | Zig:26   | Noticed Icesch the pandemonium lord
138317 | Zig:26   | Killed Zeoppium the pandemonium lord
138317 | Zig:26   | Noticed Xairiuk the pandemonium lord
138317 | Zig:26   | Noticed Xonoerch the pandemonium lord
138317 | Zig:26   | Noticed Xuykla the pandemonium lord
138320 | Zig:26   | Noticed Vonufoyk the pandemonium lord
138321 | Zig:26   | Killed Raturch the pandemonium lord
138324 | Zig:26   | Killed Qopoov the pandemonium lord
138324 | Zig:26   | Noticed Yfubymah the pandemonium lord
138324 | Zig:26   | Noticed Yziuggit the pandemonium lord
138324 | Zig:26   | Noticed Mejut the pandemonium lord
138325 | Zig:26   | Killed Igewar the pandemonium lord
138326 | Zig:26   | Killed Vonufoyk the pandemonium lord
138326 | Zig:26   | Killed Xonoerch the pandemonium lord
138326 | Zig:26   | Killed Jekej the pandemonium lord
138326 | Zig:26   | Killed Yziuggit the pandemonium lord
138326 | Zig:26   | Noticed Punes the pandemonium lord
138326 | Zig:26   | Noticed Bylyb the pandemonium lord
138331 | Zig:26   | Killed Yfubymah the pandemonium lord
138332 | Zig:26   | Killed Mejut the pandemonium lord
138335 | Zig:26   | Killed Xairiuk the pandemonium lord
138337 | Zig:26   | Killed Hoitirisk the pandemonium lord
138338 | Zig:26   | Noticed Boleoss the pandemonium lord
138340 | Zig:26   | Noticed Jaloal the pandemonium lord
138340 | Zig:26   | Noticed Xegosuv the pandemonium lord
138340 | Zig:26   | Noticed Aniopn the pandemonium lord
138340 | Zig:26   | Noticed Nauzaat the pandemonium lord
138340 | Zig:26   | Noticed Damea the pandemonium lord
138342 | Zig:26   | Killed Hashreu the pandemonium lord
138342 | Zig:26   | Killed Xegosuv the pandemonium lord
138343 | Zig:26   | Killed Punes the pandemonium lord
138344 | Zig:26   | Killed Nauzaat the pandemonium lord
138345 | Zig:26   | Noticed Buyruigent the pandemonium lord
138346 | Zig:26   | Killed Bylyb the pandemonium lord
138346 | Zig:26   | Noticed Xeun the pandemonium lord
138347 | Zig:26   | Noticed Tepapi the pandemonium lord
138347 | Zig:26   | Noticed Reaticla the pandemonium lord
138347 | Zig:26   | Noticed Jattatylo the pandemonium lord
138347 | Zig:26   | Noticed Meul Fita the pandemonium lord
138347 | Zig:26   | Noticed Sutsaw the pandemonium lord
138347 | Zig:26   | Noticed Nyeti the pandemonium lord
138347 | Zig:26   | Noticed Fyor the pandemonium lord
138347 | Zig:26   | Noticed Ywighua the pandemonium lord
138347 | Zig:26   | Noticed Megeh the pandemonium lord
138347 | Zig:26   | Noticed Eremyhai the pandemonium lord
138347 | Zig:26   | Noticed Soumiamu the pandemonium lord
138347 | Zig:26   | Noticed Tusoiv the pandemonium lord
138347 | Zig:26   | Noticed Duim the pandemonium lord
138347 | Zig:26   | Noticed Buwk the pandemonium lord
138348 | Zig:26   | Killed Aniopn the pandemonium lord
138348 | Zig:26   | Noticed Tuusuk the pandemonium lord
138348 | Zig:26   | Noticed Kucot the pandemonium lord
138348 | Zig:26   | Noticed Saredumn the pandemonium lord
138348 | Zig:26   | Noticed Bygeeteh the pandemonium lord
138348 | Zig:26   | Noticed Danwyal the pandemonium lord
138348 | Zig:26   | Noticed Husosur the pandemonium lord
138348 | Zig:26   | Noticed Ileg the pandemonium lord
138348 | Zig:26   | Noticed Otrov the pandemonium lord
138348 | Zig:26   | Noticed Ejyurr the pandemonium lord
138348 | Zig:26   | Noticed Fusch the pandemonium lord
138349 | Zig:26   | Killed Pecegoc the pandemonium lord
138349 | Zig:26   | Killed Buyruigent the pandemonium lord
138350 | Zig:26   | Noticed Tyil Estroi the pandemonium lord
138350 | Zig:26   | Noticed Xeavve the pandemonium lord
138350 | Zig:26   | Noticed Ahunoesacu the pandemonium lord
138350 | Zig:26   | Noticed Ogatojoc the pandemonium lord
138350 | Zig:26   | Noticed Kazxuw the pandemonium lord
138350 | Zig:26   | Noticed Jexozul the pandemonium lord
138350 | Zig:26   | Noticed Ykilievyusm the pandemonium lord
138350 | Zig:26   | Noticed Viju the pandemonium lord
138350 | Zig:26   | Noticed Yviocy the pandemonium lord
138350 | Zig:26   | Noticed Liyv Sekk the pandemonium lord
138350 | Zig:26   | Noticed Tiot the pandemonium lord
138350 | Zig:26   | Noticed Ceico the pandemonium lord
138351 | Zig:26   | Killed Fyor the pandemonium lord
138351 | Zig:26   | Killed Duim the pandemonium lord
138351 | Zig:26   | Killed Damea the pandemonium lord
138351 | Zig:26   | Killed Xeavve the pandemonium lord
138351 | Zig:26   | Killed Fusch the pandemonium lord
138351 | Zig:26   | Killed Ahunoesacu the pandemonium lord
138351 | Zig:26   | Killed Megeh the pandemonium lord
138351 | Zig:26   | Killed Tusoiv the pandemonium lord
138354 | Zig:26   | Killed Ejyurr the pandemonium lord
138354 | Zig:26   | Killed Eremyhai the pandemonium lord
138354 | Zig:26   | Killed Ogatojoc the pandemonium lord
138355 | Zig:26   | Killed Jattatylo the pandemonium lord
138355 | Zig:26   | Killed Tuusuk the pandemonium lord
138355 | Zig:26   | Killed Meul Fita the pandemonium lord
138355 | Zig:26   | Killed Ceico the pandemonium lord
138356 | Zig:26   | Killed Danwyal the pandemonium lord
138356 | Zig:26   | Killed Xeun the pandemonium lord
138357 | Zig:26   | Killed Tiot the pandemonium lord
138357 | Zig:26   | Killed Viju the pandemonium lord
138358 | Zig:26   | Noticed Fahits the pandemonium lord
138358 | Zig:26   | Killed Otrov the pandemonium lord
138358 | Zig:26   | Killed Yviocy the pandemonium lord
138358 | Zig:26   | Killed Bygeeteh the pandemonium lord
138359 | Zig:26   | Killed Husosur the pandemonium lord
138359 | Zig:26   | Killed Jexozul the pandemonium lord
138359 | Zig:26   | Killed Boleoss the pandemonium lord
138359 | Zig:26   | Killed Ywighua the pandemonium lord
138359 | Zig:26   | Killed Fahits the pandemonium lord
138359 | Zig:26   | Killed Sutsaw the pandemonium lord
138359 | Zig:26   | Killed Ykilievyusm the pandemonium lord
138360 | Zig:26   | Killed Nyeti the pandemonium lord
138364 | Zig:26   | Killed Reaticla the pandemonium lord
138364 | Zig:26   | Killed Soumiamu the pandemonium lord
138364 | Zig:26   | Killed Tyil Estroi the pandemonium lord
138364 | Zig:26   | Killed Kucot the pandemonium lord
138369 | Zig:26   | Killed Kazxuw the pandemonium lord
138369 | Zig:26   | Killed Saredumn the pandemonium lord
138369 | Zig:26   | Killed Liyv Sekk the pandemonium lord
138371 | Zig:26   | Killed Ileg the pandemonium lord
138375 | Zig:26   | Killed Icesch the pandemonium lord
138375 | Zig:26   | Killed Tepapi the pandemonium lord
138378 | Zig:26   | Killed Xuykla the pandemonium lord
138383 | Zig:26   | Killed Buwk the pandemonium lord
138387 | Zig:26   | Killed Jaloal the pandemonium lord
138414 | Zig:26   | Noticed Itiasyulesh the pandemonium lord
138418 | Zig:26   | Killed Itiasyulesh the pandemonium lord
138437 | Zig:26   | Identified the +8 giant club "Beastbane" {flame, rPois rF+
                  | Str+3}
138443 | Zig:26   | Identified the staff of poison "Noong" {rPois rC++ Dex+5}
138478 | Zig:26   | Identified the amulet of Itoggithra {Reflect rC+ SH+5}
138493 | Zig:27   | Entered Level 27 of a ziggurat
138516 | Zig:27   | Noticed Vaej Yli the pandemonium lord
138522 | Zig:27   | Noticed Idumu the pandemonium lord
138526 | Zig:27   | Killed Vaej Yli the pandemonium lord
138534 | Zig:27   | Killed Idumu the pandemonium lord
138539 | Zig:27   | Found the +2 Maxwell's thermic engine {flame, freeze, rev}
138553 | Zig:27   | Identified the +8 spear "Pucehikh" {holy, Str-5 Dex+5
                  | Stlth+}
138579 | Zig:27   | Identified the +1 plate armour of Rocil {*Corrode +Inv
                  | rElec Dex+7}
138592 | Zig:27   | Identified the ring "Siteugul" {rF+ Str+4 Int+3}
138603 | Zig:27   | Identified the +3 helmet "Wakk" {Rampage Will++ Regen+
                  | Int-5}
138901 | D:14     | Noticed Xesseneu the pandemonium lord
138905 | D:14     | Killed Xesseneu the pandemonium lord
139134 | D:$      | Escaped with the Orb!

Illustrated notes

Levels and vault maps discovered:
D:1:      roderic_octagonal_star, layout_loops_cross,
          hellmonk_ecumenical_altar_inner_sanctum
D:2:      layout_loops_corners, serial_bayou, serial_bayou_shore_a,
          serial_bayou_lake_a, serial_bayou_pond_e, serial_bayou_ford_a,
          basic_altar, minmay_close_crescents, uniq_sigmund
D:3:      layout_loops_ring, uniq_robin
D:4:      layout_loops_ring, okawaru_ov_weapons_minmay,
          minmay_fractal_squares_diagonal_5, uniq_crazy_yiuf_cottage, uniq_ijyb,
          uniq_natasha
D:5:      layout_basic, serial_shops, shop_statue, uniq_menkaure
D:6:      layout_basic, minmay_temple_entry_large_hall, serial_shops, shop,
          nrook_mini_backslash, corner_web_ring
D:7:      layout_basic, uniq_duvessa
D:8:      layout_basic, nicolae_ru_great_annihilating_truth
D:9:      layout_long_grid, mainiacjoe_overflow_catch_the_wave,
          due_lair_maze_entry_diamond, orc_0_dummy
D:10:     layout_rooms, uniq_josephine
D:11:     layout_grid_maze, minivault_16, uniq_urug
D:12:     layout_rooms, uniq_azrael
D:13:     layout_rooms, maelrawn_ghost_gauntlet_escape, amethyst_killhole,
          minmay_misc_feat_columns, kennysheep_generic_room_14, uniq_nessos
D:14:     layout_big_octagon, david_vaults_1, vehumet_crystals, uniq_jorgrun
D:15:     gammafunk_enter_depths_forms, layout_rooms, uniq_roxanne
Temple:   hc_temple_tempest_star
Lair:1:   layout_roguey [special_room_bee], special_room,
          infiniplex_staircase_pool, uniq_nergalle, uniq_gastronok
Lair:2:   lemuel_reptile_caves, layout_gridlike, swamp_mist_pool,
          nicolae_snake_entry_warm_welcome, grunt_megastairs_4
Lair:3:   layout_cave_pods
Lair:4:   layout_roguey, slime_entry_1, gauntlet_entry_generic, basic_altar,
          grunt_megastairs_1
Lair:5:   evilmike_catoblepas_cave, layout_cave_pods, ebering_ghost_xom
Swamp:1:  layout_falls_marsh, evilmike_swamp_ruin_house_5
Swamp:2:  layout_basic_swamp, serial_swamp_ruin, evilmike_swamp_ruin_house_6,
          evilmike_swamp_ruin_house_1, hangedman_swamp_ruin_hall, uniq_frances
Swamp:3:  layout_basic_swamp, evilmike_swamp_ruin_rubble_2, uniq_donald
Swamp:4:  swamp_alternative, layout_basic_swamp, swamp_pool5, uniq_kirke
Snake:1:  layout_rooms, gammafunk_ghost_arena, drop_trap
Snake:2:  layout_misc_corridors, ebering_ghost_xom, lemuel_fruit_tree
Snake:3:  layout_basic, drop_trap, nicolae_shop_sticking_my_neck_out,
          grunt_megastairs_2, serial_bayou_shore_b, uniq_saint_roka
Snake:4:  johnstein_snake_rune_scales, layout_misc_corridors, minmay_shop_star
Slime:1:  layout_caves, basic_altar
Slime:2:  layout_caves
Slime:3:  layout_caves
Slime:4:  layout_caves
Slime:5
Orc:1:    layout_caves
Orc:2:    grunt_orc_cross, layout_caves, serial_shops, shop
Elf:1:    eino_elf_arrival_the_gate, layout_loops_corners, serial_shops,
          nicolae_lakefront_shop, minmay_elf_necromancy, nrook_loot_triangle,
          st_stairs_5, hangedman_elven_pyramids
Elf:2:    elven_hall_of_blades_hangedman_original
          [nicolae_blade_entry_diamond_columns], layout_loops_corners,
          serial_shops, shop, nicolae_shop_bloodbath_and_beyond,
          nicolae_shop_hallway_stairs, shop, shop, st_stairs_9
Elf:3:    elf_hall, layout_geoelf_castle, basic_altar, elf_orc_summit_meeting
Vaults:1: hangedman_vaults_trim, nicolae_vaults_puzzle_piece, v_misc_1,
          nicolae_vaults_puzzle_piece, v_misc_14, nicolae_vaults_ninety_degrees,
          ontoclasm_vaults_ligature, nicolae_vaults_statue_guard,
          grunt_vaults_hallway_long, v_misc_15, vaults_dpeg_emergency_exit,
          nicolae_vaults_theta, vaults_room_fours,
          nicolae_vaults_ring_of_whatevers, layout_vaults_ring
Vaults:2: v_misc_8, nicolae_vaults_network_star, nicolae_vaults_specimen_jars,
          minmay_crypt_entry_simple_corners, nicolae_vaults_shelves_hall,
          dpeg_vaults_monster_box, nicolae_vaults_rhombus_6,
          layout_vaults_quadrants, serial_shops, bzr_entry_gold
Vaults:3: ontoclasm_vaults_fault, vaults_room_fours, grunt_vaults_hallway_long,
          ontoclasm_vaults_misaligned, st_smaller_cells, nicolae_vaults_theta,
          ontoclasm_vaults_loading_screen, hangedman_vaults_trim,
          ontoclasm_vaults_idyll, nicolae_vaults_alarming, vaults_dpeg_ring,
          layout_vaults_chaotic_city
Vaults:4: vaults_mumra_lcd, vaults_dpeg_hooks, serial_ice_h, v_alt_pattern_3,
          vaults_dpeg_diagonal, ontoclasm_vaults_loading_screen,
          ontoclasm_vaults_gateway, vaults_room_door_hall, st_octagons_2,
          vaults_mumra_minichess, nicolae_vaults_diagonal_hallway_9,
          layout_vaults_omnicross, serial_shops, nicolae_shop_waterfront
Vaults:5
Crypt:1:  layout_gridlike, grunt_megastairs_5, grunt_crypt_arrival_split
Crypt:2:  layout_rooms, roderic_lattice_octagonal_star
Crypt:3:  due_elkab, layout_chaotic_city, uniq_sojobo, uniq_margery
Tomb:1
Tomb:2
Tomb:3
Depths:1: layout_roguey [special_room_magic_class], grunt_mini_vestibule,
          hex_tiny, worldfamousw_hep_ancestral_shrine
Depths:2: minmay_crystal_thing, layout_cave_pools, nicolae_ashenzari_panopticon,
          pan_entry, pf_vacation_house_of_asmodeus, serial_shops,
          bzr_entry_safe, minmay_misc_feat_rugged
Depths:3: minmay_the_grid_octo_tiled_octocenter [minmay_the_grid_octo_checkered,
          minmay_the_grid_octo_horde, minmay_the_grid_octo_checkerflower,
          minmay_the_grid_octo_fan_narrow,
          minmay_the_grid_octo_prize_single_spiral,
          minmay_the_grid_square_5x5_meh, minmay_the_grid_square_5x5_shrine1,
          minmay_the_grid_square_5x5_trominoes,
          minmay_the_grid_square_5x5_three_walls], layout_cave_shapes,
          enter_ziggurat_f, grunt_hell_entry_dis_grunt, minmay_misc_feat_room,
          abyss_entry, nicolae_yredelemnul_corpse_copse,
          infiniplex_staircase_zigzag_4
Depths:4: grunt_zot_entry_funnels, layout_basic, pf_hell_entry_tar_river,
          skrybe_limestone_x, st_stairs_9
Hell
Dis:1:    layout_gridville
Dis:2:    layout_jigsaw
Dis:3:    layout_jigsaw
Dis:4:    layout_gridville
Dis:5:    layout_overlapping_boxes, minmay_strange_pillars,
          nicolae_hells_seeping_fissure
Dis:6:    layout_overlapping_boxes, nicolae_dis_metal_dragon_surprise
Dis:7:    dis_grunt_layers
Geh:1:    layout_gehenna_lava_caves
Geh:2:    layout_gehenna_lava_caves
Geh:3:    layout_gehenna_pools_triple
Geh:4:    layout_gehenna_pools_triple, hangedman_elemental_grid_stream
Geh:5:    layout_gehenna_pools_box
Geh:6:    layout_gehenna_pools_triple, evilmike_ambush
          [evilmike_ambush_outer_doors, evilmike_ambush_inner_basic]
Geh:7:    geh_grunt
Coc:1:    layout_cocytus_water_paths
Coc:2:    layout_cocytus_delve
Coc:3:    layout_cocytus_water_paths
Coc:4:    layout_cocytus_water_paths
Coc:5:    layout_cocytus_water_paths
Coc:6:    layout_cocytus_water_paths
Coc:7:    coc_dpeg
Tar:1:    layout_honeycomb
Tar:2:    layout_grid_maze
Tar:3:    layout_honeycomb, nicolae_tar_cuneiform_bread
Tar:4:    layout_grid_maze
Tar:5:    layout_honeycomb, nicolae_tar_grid_combs
Tar:6:    layout_cathedral_of_symmetry
Tar:7:    tar_grunt_cathedral
Zot:1:    layout_gridlike, kennysheep_underground_church, uniq_grunn
Zot:2:    layout_twisted_circle
Zot:3:    kennysheep_blocky_hall, layout_misc_corridors
Zot:4:    layout_onion_interference, hangedman_hellfire_club, uniq_vv
Zot:5:    layout_onion

Skill      XL: |  1  2  3  4  5  6  7  8  9 10 11 12 13 14 15 16 17 18 19 20 21 22 23 24 25 26 27 |
---------------+----------------------------------------------------------------------------------+-----
Stealth        | 2 3 27 | 27.0
Dodging        | 2 4 5 6 7 8 9 27 | 27.0
Fighting       | 1 2 3 4 5 6 7 8 9 11 12 13 14 16 17 18 19 20 27 | 27.0
Necromancy     | 5 6 8 27 | 27.0
Spellcasting   | 3 4 5 6 7 8 9 10 11 12 13 14 15 16 17 27 | 27.0
Conjurations   | 2 3 5 6 7 9 10 12 14 15 17 18 19 20 21 27 | 27.0
Earth Magic    | 1 3 5 6 7 8 9 11 12 13 14 16 17 18 19 20 22 23 25 27 | 27.0
Armour         | 1 3 4 5 6 7 8 9 10 11 12 13 14 27 | 27.0
Air Magic      | 2 3 4 27 | 27.0
Poison Magic   | 2 3 4 5 27 | 27.0
Shields        | 5 27 | 27.0
Translocations | 3 4 27 | 27.0
Polearms       | 2 3 5 7 27 | 27.0
Summonings     | 5 9 11 12 14 15 27 | 27.0
Evocations     | 1 5 27 | 27.0
Throwing       | 1 27 | 27.0
Axes           | 27 | 27.0
Transmutations | 27 | 27.0
Fire Magic     | 27 | 27.0
Ice Magic      | 27 | 27.0
Staves         | 27 | 27.0
Short Blades   | 27 | 27.0
Long Blades    | 27 | 27.0
Ranged Weapons | 27 | 27.0
Hexes          | 27 | 27.0
Maces & Flails | 27 | 27.0
Unarmed Combat | 27 | 27.0
Invocations    | 27 | 27.0

Action                     |  1- 3 |  4- 6 |  7- 9 | 10-12 | 13-15 | 16-18 | 19-21 | 22-24 | 25-27 || total
---------------------------+-------+-------+-------+-------+-------+-------+-------+-------+-------++-------
  Melee: Dagger            |    27 |    25 |       |    97 |    75 |    33 |   146 |    43 |    77 ||   523
         Sling             |       |       |     4 |       |       |       |       |       |       ||     4
         Punch             |       |       |       |     4 |       |       |       |       |       ||     4
         Demon trident     |       |       |       |       |       |       |       |       |    22 ||    22
         Staff             |       |       |       |       |       |       |       |       |    52 ||    52
         Broad axe         |       |       |       |       |       |       |       |       |    15 ||    15
         Headbutt          |       |       |       |       |       |       |       |       |    10 ||    10
   Fire: Sling             |       |     8 |   158 |   216 |   533 |   443 |    70 |       |       ||  1428
  Throw: Throwing net      |       |       |     1 |       |       |       |       |       |       ||     1
         Dart              |       |       |     1 |     8 |     9 |    36 |     7 |       |     4 ||    65
         Javelin           |       |       |       |       |     2 |       |       |       |    29 ||    31
   Cast: Necrotise         |    77 |    77 |    10 |     2 |       |     1 |       |       |       ||   167
         Stone Arrow       |       |       |    17 |   247 |   209 |    74 |    21 |    50 |     4 ||   622
         Mephitic Cloud    |       |       |       |    45 |    64 |    82 |    56 |     3 |     1 ||   251
         Poisonous Vapours |       |       |       |    34 |    15 |       |     1 |       |       ||    50
         Iron Shot         |       |       |       |       |   270 |   690 |   655 |   244 |  1570 ||  3429
         Blink             |       |       |       |       |       |     6 |     6 |     4 |    27 ||    43
         Borgnjor's Vile C |       |       |       |       |       |       |   212 |   313 |   538 ||  1063
         Spellforged Servi |       |       |       |       |       |       |     2 |   127 |   379 ||   508
         Lehudib's Crystal |       |       |       |       |       |       |       |    54 |   788 ||   842
         Passage of Golubr |       |       |       |       |       |       |       |     2 |   142 ||   144
         Shatter           |       |       |       |       |       |       |       |       |   608 ||   608
         Ignition          |       |       |       |       |       |       |       |       |   499 ||   499
         Necromutation     |       |       |       |       |       |       |       |       |   459 ||   459
         Infestation       |       |       |       |       |       |       |       |       |   195 ||   195
         Polar Vortex      |       |       |       |       |       |       |       |       |    13 ||    13
         Fulminant Prism   |       |       |       |       |       |       |       |       |     9 ||     9
 Invoke: Potion Petition   |       |       |       |     1 |     7 |     4 |     1 |     6 |   259 ||   278
         Call Merchant     |       |       |       |       |     2 |     1 |       |     2 |       ||     5
         Bribe Branch      |       |       |       |       |       |       |       |       |     2 ||     2
Ability: Evoke Blink       |       |       |       |       |       |       |       |       |    28 ||    28
         End Transformatio |       |       |       |       |       |       |       |       |    11 ||    11
  Evoke: Wand              |       |     9 |     1 |     5 |    22 |     7 |     7 |     3 |    15 ||    69
         Tin of tremorston |       |       |       |     2 |     1 |     4 |     5 |     2 |       ||    14
         Phial of floods   |       |       |       |     1 |     3 |     3 |     3 |     1 |     3 ||    14
         Lightning rod     |       |       |       |       |       |       |     2 |     5 |     4 ||    11
         Box of beasts     |       |       |       |       |       |       |     1 |     2 |    13 ||    16
         Condenser vane    |       |       |       |       |       |       |       |     5 |    27 ||    32
         Phantom mirror    |       |       |       |       |       |       |       |     1 |    25 ||    26
         Figurine of a zig |       |       |       |       |       |       |       |       |     6 ||     6
    Use: Scroll            |       |     7 |     3 |     8 |    13 |     7 |     4 |    15 |    72 ||   129
         Potion            |       |     1 |       |     2 |     7 |     2 |       |     7 |   115 ||   134
   Stab: Confused          |       |       |       |    19 |     7 |       |     7 |       |       ||    33
         Distracted        |       |       |       |     1 |     1 |       |     1 |     2 |     5 ||    10
         Invisible         |       |       |       |       |       |       |     2 |       |     1 ||     3
 Armour: Robe              |     1 |       |       |       |       |       |       |       |       ||     1
         Leather armour    |     6 |    10 |    32 |    45 |   105 |     2 |       |       |       ||   200
         Skin              |       |       |       |       |     1 |       |       |       |     1 ||     2
         Ring mail         |       |       |       |       |       |   163 |   161 |     9 |       ||   333
         Chain mail        |       |       |       |       |       |       |       |   114 |    44 ||   158
         Crystal plate arm |       |       |       |       |       |       |       |       |  1319 ||  1319
  Dodge: Dodged            |     9 |    12 |    50 |   126 |   310 |   261 |   291 |   146 |   748 ||  1953
  Block: Buckler           |       |       |       |       |       |   121 |   113 |    66 |   409 ||   709
         Reflection        |       |       |       |       |       |       |       |       |    82 ||    82
         Kite shield       |       |       |       |       |       |       |       |       |   564 ||   564
         Tower shield      |       |       |       |       |       |       |       |       |   339 ||   339

Table legend: (Time is in decaauts)
 A = Elapsed time spent in this place.
 B = Non-inter-level travel time spent in this place.
 C = Inter-level travel time spent in this place.
 D = Time resting spent in this place.
 E = Time spent auto-exploring this place.
 F = Levels seen in this place.
 G = Mean time per level.
                   A        B        C        D        E       F      G
               +--------+--------+--------+--------+--------+-----+--------+
         Total | 138605 | 130253 |   8352 |  10377 |  62433 | 304 |  455.9 |
       Dungeon |  17966 |  15692 |   2274 |    884 |  10667 |  15 | 1197.7 |
        Temple |    161 |    149 |     12 |     23 |    106 |   1 |  161.0 |
          Lair |  10968 |   9587 |   1381 |   1893 |   5024 |   5 | 2193.6 |
         Swamp |   5032 |   4876 |    156 |   1277 |   2279 |   4 | 1258.0 |
     Snake Pit |   9961 |   9322 |    639 |   2926 |   2893 |   4 | 2490.2 |
    Slime Pits |   2991 |   2741 |    250 |     37 |   1895 |   5 |  598.2 |
  Orcish Mines |   2861 |   2603 |    258 |    332 |   1061 |   2 | 1430.5 |
   Elven Halls |   5212 |   4906 |    306 |    383 |   2803 |   3 | 1737.3 |
        Vaults |   9334 |   8562 |    772 |    728 |   4054 |   5 | 1866.8 |
         Crypt |   3507 |   3124 |    383 |     10 |   1416 |   3 | 1169.0 |
          Tomb |   2341 |   2183 |    158 |      3 |    673 |   3 |  780.3 |
        Depths |   7321 |   6130 |   1191 |    868 |   3217 |   4 | 1830.2 |
          Hell |   1141 |   1102 |     39 |     19 |    396 |   1 | 1141.0 |
           Dis |   1506 |   1481 |     25 |     17 |    144 |   7 |  215.1 |
       Gehenna |   1443 |   1371 |     72 |      6 |      1 |   7 |  206.1 |
       Cocytus |    442 |    442 |      0 |      0 |    121 |   7 |   63.1 |
      Tartarus |   1268 |   1268 |      0 |      0 |     51 |   7 |  181.1 |
           Zot |   4431 |   4002 |    429 |     98 |   2722 |   5 |  886.2 |
         Abyss |    277 |    277 |      0 |      4 |      0 |   3 |   92.3 |
   Pandemonium |  11290 |  11290 |      0 |    324 |   2723 |  21 |  537.6 |
      Ziggurat |  38397 |  38397 |      0 |    289 |  20180 | 189 |  203.2 |
        Bazaar |    127 |    127 |      0 |      0 |      4 |   2 |   63.5 |
      Gauntlet |    620 |    620 |      0 |    251 |      0 |   1 |  620.0 |
               +--------+--------+--------+--------+--------+-----+--------+

Top non-repeatable levels by time:
 Snake:2: 2780 daAuts
  Lair:5: 2738 daAuts
 Snake:4: 2715 daAuts
  Zig:24: 2689 daAuts
 Snake:3: 2602 daAuts
  Zig:27: 2543 daAuts
Vaults:2: 2466 daAuts
  Zig:25: 2421 daAuts
  Zig:26: 2406 daAuts
  Lair:2: 2392 daAuts
  Zig:20: 2369 daAuts
Depths:1: 2228 daAuts
  Zig:21: 2146 daAuts
  Lair:1: 2138 daAuts
Vaults:1: 2133 daAuts
